Workbook
Name LoadMethod: Ref!$C$2:$C$3
Name Scope: Ref!$B$2:$B$3
Name Sites: Sites!$A$3:$A$38
Name YesNo: Ref!$A$2:$A$3

Sheet Data Owners
A1: Assignments | F1: Exceptions
A2: Functional Area | B2: Site | C2: Data Owner | D2: Data Group | F2: Functional Area | G2: Form Name | H2: Data Owner
A3: ACC | B3: KIN1 | C3: John Bohrman | D3: John Bohrman, Melissa Siress | F3: Accounting | G3: Accounting Periods | H3: SL9 Data
A4: AM | B4: KIN1 | C4: Julie Ramirez | D4: Julie Ramirez; Jackie Soechting; Jennifer Grant | F4: Accounting | G4: Chart of Accounts | H4: SL9 Data
A5: ENG | B5: KIN1 | C5: Jeff Gill | D5: Jeff Gill; Joe Foley; Brian Hutchins | F5: Accounting | G5: Unit Code 1 | H5: SL9 Data
A6: FS | B6: KIN1 | C6: Julie Ramirez | D6: Julie Ramirez; Jackie Soechting; Jennifer Grant | F6: Accounting | G6: Unit Code 2 | H6: SL9 Data
A7: GEN | B7: KIN1 | C7: All | D7: All | F7: Accounting | G7: Unit Code 3 | H7: SL9 Data
A8: HR | B8: KIN1 | C8: Melinda Beuf | D8: Melinda Beuf, Jeff Melvin | F8: Accounting | G8: Unit Code 4 | H8: SL9 Data
A9: INV | B9: KIN1 | C9: Brian Hutchins | D9: Joe Foley; Brian Hutchins; Jeff Gill; Julie Ramirez | F9: Accounting | G9: Copy Unit Codes to Accounts | H9: SL9 Data
A10: PRJ | B10: KIN1 | C10: Jackie Soechting | D10: Julie Ramirez; Jackie Soechting; Jennifer Grant; Jeff Melvin; Jeff Gill | F10: Accounting | G10: Chart of Account Allocations | H10: SL9 Data
A11: QC | B11: KIN1 | C11: Brian Hutchins | D11: Joe Foley; Brian Hutchins; Jeff Gill; Julie Ramirez
A12: PP | B12: KIN1 | C12: Jeff Melvin | D12: Jeff Melvin; Jessie Berner; Jeff Gill; Brian Hutchins
A13: IT | B13: KIN1 | C13: Peter Kirker | D13: Peter Kirker
A14: PUR | B14: KIN1 | C14: Joe Foley | D14: Joe Foley; Brian Hutchins
A15: SYS | B15: KIN1 | C15: Ray Sroberts | D15: Ray Sroberts
A16: ACC | B16: SNT1 | C16: Bruno Cauwe | D16: Bruno Cauwe, Alec Lamon, Piet Steyaert
A17: AM | B17: SNT1 | C17: Ronald De Saeger | D17: Ronald De Saeger, Johan Van Riet
A18: ENG | B18: SNT1 | C18: Hans De Cock | D18: Hans De Cock, Marc Janssens, Luc Meersman
A19: FS | B19: SNT1 | C19: Jan Pauwels | D19: Jan Pauwels, Vicky Brokken
A20: GEN | B20: SNT1 | C20: All | D20: All
A21: HR | B21: SNT1 | C21: Marc Janssens | D21: Marc Janssens
A22: INV | B22: SNT1 | C22: Luc Meersman | D22: Ronald De Saeger, Johan Van Riet, Igor Convens, Hans De Cock, Jan Vangansbeke, Bruno Cauwe, Marc Janssens, Luc Meersman
... A27: PUR | B27: SNT1 | C27: Igor Convens | D27: Igor Convens, Jana Van Den Eynden

Sheet Cheats
A1: Rates | B1: Employees | C1: Mfg Rates
B2: Departments | C2: Fixed and Variable OH Rates by Department
B3: Project Cost Codes | C3: Default Cost Rate and Default Budget Rate
B4: Work Codes | C4: Cost and Rate (price)
B5: Product Codes | C5: Material Fixed OH and Material Variable OH and Overhead Rate
B6: Partners | C6: Labor Cost
B7: Work Centers | C7: Setup Rate and Run Rate
B8: Change Cost Rates (Utility) | C8: Update current and open jobs
A10: Work Center | B10: Resource
B11: Resource Group
B12: Work Center
A14: Department | B14: Unit Code 1
B15: Copy UC to Accounts
B16: Department
A18: AR Advantage | B18: No Setup
A20: AP Advantage | B20: Sites/Entities | C20: Add PNC Company ID and UC4
A22: WF T&E | B22: No Setup
A24: WF ISO | B24: L2-Bank Reconciliations | C24: Add Identification No
B25: L5-Bank File Format
B26: L5-Bank Code Bank File Format
B27: L3-Accounts Payable Parameters
A29: Ceridian | B29: No Setup
A31: Blackline | B31: No Setup
A33: Anaplan | B33: L3-JBT Parameters | C33: Update Anaplan Tab
A35: HFM | B35: L3-JBT Parameters | C35: Update Hyperion Tab
A37: Taxware | B37: L2-Tax Jurisdiction | C37: Setup in Seed
B38: L2-Process Indicator IDs
B39: L2-Process Indicator Types
B40: L2-Process Indicator Matrix
B41: L3-General Parameters | C41: Check "Use Tax Jurisdiction" on General Tab
B42: L2-Tax Codes | C42: Add Tax Jurisdiction "US" and Process Indicator Type "GOODS"
B43: L3-Service Parameters | C43: Add Default Process Indicator Type
B44: Tax Interface Parameters | C44: Handled by Ray

Sheet Sites
A1: Go To Index
A2: Site | B2: UC4 | C2: Default Warehouse | D2: Site Description | E2: Hyperion Entity | F2: Reports To
A3: ALL
A4: LCOM | B4: ALL | D4: LCOM
A5: BAN1 | B5: FC | C5: BAN1 | D5: Thailand (THB) | E5: 520 | F5: THB
A6: JBT-521 | B6: CO | C6: MAIN | D6: Thailand FAI (THB) | E6: 521 | F6: THB
A7: KLU1 | B7: FC | C7: KLU1 | D7: Malaysia (MYR) | F7: MYR
A8: SIN1 | B8: FC | C8: SIN1 | D8: Singapore (USD) | F8: LFOR
A9: HON1 | B9: FC | C9: HON1 | D9: Hong Kong (USD) | F9: LFOR
A10: JBT-541 | B10: FC | C10: MAIN | D10: Spain Holding BV Ledger | E10: 541 | F10: LFOR
A11: JBT-546 | B11: GS | C11: MAIN | D11: Spain Holding BV Ledger | E11: 546 | F11: LFOR
A12: JBT-551 | B12: EX | C12: MAIN | D12: Spain Holding BV Ledger | E12: 551 | F12: LFOR
A13: JBT-556 | B13: JW | C13: MAIN | D13: Spain Holding BV Ledger | E13: 556 | F13: LFOR
A14: AUK1 | B14: CO | C14: AUK1 | D14: New Zealand (NZD) | F14: NZD
A15: BRI1 | B15: CO | C15: BRI1 | D15: Australia (AUD) | F15: AUD
A16: 1JBT | B16: CO | C16: 1JBT | D16: 1JBT | F16: LCOM
A17: ALP1 | B17: FC | C17: ALP1 | D17: Alpharetta Site | E17: 127 | F17: LCOM
A18: CHA1 | B18: AG | C18: CHA1 | D18: CHA1 | E18: 120 | F18: LCOM
A19: CORP | B19: CO | C19: CORP | D19: CORP | E19: 900 | F19: LCOM
A20: FHQ1 | B20: PH | C20: FHQ1 | D20: FHQ1 | E20: 133 | F20: LCOM
A21: KIN1 | B21: FC | C21: KIN1 | D21: KIN1 | E21: 140 | F21: LCOM
A22: SAN1 | B22: FC | C22: SAN1 | D22: SAN1 | E22: 135 | F22: LCOM
A23: LDOM | B23: ALL | D23: LCOM
A24: JBT-145 | B24: CO | C24: MAIN | D24: JBT Equipment Finance LLC | E24: 145 | F24: LDOM
A25: LFOR | B25: ALL | D25: LCOM
A26: JBT-450 | B26: CO | C26: MAIN | D26: Corporate European Finance Ledger | E26: 450 | F26: LFOR
A27: JBT-451 | B27: CO | C27: MAIN | D27: South Africa Holding BV | E27: 451 | F27: LFOR
A28: JBT-452 | B28: CO | C28: MAIN | D28: Spain Holding BV Ledger | E28: 452 | F28: LFOR
A29: KUN1 | B29: FC | C29: KUN1 | D29: Kunshan | E29: 545 | F29: CNY
A30: SNT1 | B30: CN | C30: SNT1 | D30: SNT1 | E30: 415

Sheet Ref
A1: Yes/No | B1: Scope | C1: Load Method | F1: End User Type Look Up | I1: Entity | J1: UC4 | L1: Vend Cat Code | M1: UC4 Desc
A2: Yes | B2: Global | C2: Manual | F2: Letters | G2: Words | I2: 125 | J2: CN
A3: No | B3: Site | C3: SQL | F3: AM | G3: AM Product | I3: 130 | J3: EA
F4: AMOT | G4: AM Product Over Time | I4: 134 | J4: EA
F5: EQ | G5: Equipment | I5: 135 | J5: FC
F6: EQOT | G6: Equipment Over Time | I6: 160 | J6: AV
F7: IN | G7: Install | I7: 400 | J7: FC
F8: LS | G8: Lease | I8: 415 | J8: CN
F9: RB | G9: AM Rebuild | I9: 420 | J9: EA
F10: SC | G10: AM Service/Svc Cont | I10: 438 | J10: BB
F11: A | G11: AM Product | I11: 455 | J11: CN
F12: E | G12: Equipment | I12: 480 | J12: PL
F13: I | G13: Install | I13: 520 | J13: FC | L13: F | M13: FC
F14: L | G14: Lease | I14: 520 | J14: CN | L14: C | M14: CN
F15: R | G15: AM Rebuild | I15: 521 | J15: FC
F16: S | G16: AM Service | I16: 545 | J16: FC
F17: WAR | G17: Warranty | I17: 490 | J17: CN
I18: 500 | J18: FC
I19: 525 | J19: FC

Sheet Index
AF1: Y: Changes needed once new site is in Seed G: Script run to update multiple fields
A2: Link | B2: Level | C2: Seq | D2: Area | E2: Form Name | F2: Update When | G2: Module | H2: Seed | I2: Scope Level | J2: Loading Method | K2: Data Owner | L2: Prod: Completed | M2: Seed: Completed | N2: Test: Completed | O2: Notes | P2: Prod: 1JBTCOA | Q2: Prod: LCOM | R2: Prod: LDOM | S2: Prod: LFOR | T2: Prod: 1JBT | U2: Prod: ALP1 | V2: Prod: CHA1 | W2: Prod: CORP | X2: Prod: FHQ1 | Y2: Prod: JBT-145 | Z2: Prod: JBT-450 | AA2: Prod: JBT-451 | AB2: Prod: JBT-452 | AC2: Prod: KIN1 | AD2: Prod: SAN1 | AE2: Seed: sLCOM | AF2: Seed_TEMPLATE | AG2: Seed_RUS1 | AH2: Seed: Seed_LFOR | AI2: Seed: Seed_SIN1 | AJ2: Seed: Seed_KOR1 | AK2: Seed: Seed_THB | AL2: Seed: Seed_BKK1 | AM2: Seed: Seed_THQ1 | AN2: Seed: Seed_IDR | AO2: Seed: Seed_IDN1 | AP2: Seed: Seed_PHP | AQ2: Seed: Seed_PHL1 | AR2: Seed: Seed_HON1 | AS2: Seed: Seed_JBT-541 | AT2: Seed: Seed_JBT-546 | AU2: Seed: Seed_JBT-551 | AV2: Seed: Seed_JBT-556 | AW2: Seed: Seed_MYR | AX2: Seed: Seed_KLU1 | AY2: Seed: Seed_JPY | AZ2: Seed: Seed_TOK1 | BA2: Seed: Seed_AUD | BB2: Seed: Seed_BRI1 | BC2: Seed: Seed_NZD | BD2: Seed: Seed_AUK1 | BE2: Seed: Seed_CNY | BF2: Seed: Seed_KUN1 | BG2: Test: PilotA_1JBT | BH2: Test: PilotA_BAN1 | BI2: Test: PilotA_HON1 | BJ2: Test: PilotA_SIN1 | BK2: Test: PilotA_KLU1 | BL2: Test: PilotA_JBT-521 | BM2: Test: PilotC_1JBT | BN2: Test: PilotC_BKK1 | BO2: Test: PilotC_THQ1 | BP2: Test: PilotC_SIN1
A3: =LEFT(Table1[[#This Row],[Level]],2)&"-"&Table1[[#This Row],[Seq]] -> L1-1 | B3: L1-COA | C3: =IFERROR(IF(AND(Table1[[#This Row],[Level]]=B2,Table1[[#This Row],[Form Name]]=E2),C2,IF(Table1[[#This Row],[Level]]=B2,C2+1,1)),1) -> 1 | D3: ACC | E3: Accounting Periods | F3: Seed | G3: GL | H3: Yes | I3: Global | J3: Manual | K3: =IFERROR(VLOOKUP(E3,'Data Owners'!G:H,2,0),VLOOKUP(D3,'Data Owners'!A:D,3,0)) -> SL9 Data | L3: =IF(OR(P3="",Q3="",R3="",S3="",T3="",U3="",V3="",W3="",X3="",Y3="",Z3="",AA3="",AB3="",AC3="",AD3=""),"",IF(AND(P3="N/A",Q3="N/A",R3="N/A",S3="N/A",T3="N/A",U3="N/A",V3="N/A",W3="N/A",X3="N/A",Y3="N/A",Z3="N/A",AA3="N/A",AB3="N/A",AC3="N/A",AD3="N/A"),"N/A",IF(MAX(P3:AD3)=0,"",MAX(P3:AD3)))) -> 43241 | M3: =IF(OR(AE3="Need Info",AF3="Need Info",AG3="Need Info",AH3="Need Info",AI3="Need Info",AJ3="Need Info",AK3="Need Info",AL3="Need Info",AM3="Need Info",AN3="Need Info",AO3="Need Info",AP3="Need Info",AQ3="Need Info"),"Need Info",IF(OR(AE3="",AF3="",AG3="",AH3="",AI3="",AJ3="",AK3="",AL3="",AM3="",AN3="",AO3="",AP3="",AQ3=""),"",IF(AND(AE3="N/A",AF3="N/A",AG3="N/A",AH3="N/A",AI3="N/A",AJ3="N/A",AK3="N/A",AL3="N/A",AM3="N/A",AN3="N/A",AO3="N/A",AP3="N/A",AQ3="N/A"),"N/A",IF(MAX(AE3:AQ3)=0,"",MAX(AE3:AQ3))))) -> 43532 | P3: N/A | Q3: 43104 | R3: 43241 | S3: 43241 | T3: 43104 | U3: 43104 | V3: 43144 | W3: 43104 | X3: 43104 | Y3: 43241 | Z3: 43172 | AA3: 43172 | AB3: 43172 | AC3: 43104 | AD3: 43104 | AE3: N/A | AF3: 43532 | AG3: 43532 | AH3: 43402 | AI3: 43402 | AJ3: 43402 | AK3: 43402 | AL3: 43402 | AM3: 43402 | AN3: 43402 | AO3: 43402 | AP3: 43402 | AQ3: 43402 | AR3: 43402 | AS3: 43402 | AT3: 43402 | AU3: 43402 | AV3: 43402 | AW3: 43402 | AX3: 43402 | AY3: 43402 | AZ3: 43402 | BA3: 43402 | BB3: 43402 | BC3: 43402 | BD3: 43402 | BE3: 43144 | BF3: 43144 | BG3: 43104 | BH3: 43402 | BI3: 43402 | BJ3: 43402 | BK3: 43402 | BL3: 43402 | BN3: =Table1[[#This Row],[Seed: Seed_BKK1]] -> 43402 | BO3: =Table1[[#This Row],[Seed: Seed_THQ1]] -> 43402 | BP3: =Table1[[#This Row],[Seed: Seed_SIN1]] -> 43402
A4: =LEFT(Table1[[#This Row],[Level]],2)&"-"&Table1[[#This Row],[Seq]] -> L1-2 | B4: L1-COA | C4: =IFERROR(IF(AND(Table1[[#This Row],[Level]]=B3,Table1[[#This Row],[Form Name]]=E3),C3,IF(Table1[[#This Row],[Level]]=B3,C3+1,1)),1) -> 2 | D4: ACC | E4: Chart of Accounts | F4: Seed | G4: GL | H4: Yes | I4: Global | J4: Manual | K4: =IFERROR(VLOOKUP(E4,'Data Owners'!G:H,2,0),VLOOKUP(D4,'Data Owners'!A:D,3,0)) -> SL9 Data | L4: =IF(OR(P4="",Q4="",R4="",S4="",T4="",U4="",V4="",W4="",X4="",Y4="",Z4="",AA4="",AB4="",AC4="",AD4=""),"",IF(AND(P4="N/A",Q4="N/A",R4="N/A",S4="N/A",T4="N/A",U4="N/A",V4="N/A",W4="N/A",X4="N/A",Y4="N/A",Z4="N/A",AA4="N/A",AB4="N/A",AC4="N/A",AD4="N/A"),"N/A",IF(MAX(P4:AD4)=0,"",MAX(P4:AD4)))) -> 43308 | M4: =IF(OR(AE4="Need Info",AF4="Need Info",AG4="Need Info",AH4="Need Info",AI4="Need Info",AJ4="Need Info",AK4="Need Info",AL4="Need Info",AM4="Need Info",AN4="Need Info",AO4="Need Info",AP4="Need Info",AQ4="Need Info"),"Need Info",IF(OR(AE4="",AF4="",AG4="",AH4="",AI4="",AJ4="",AK4="",AL4="",AM4="",AN4="",AO4="",AP4="",AQ4=""),"",IF(AND(AE4="N/A",AF4="N/A",AG4="N/A",AH4="N/A",AI4="N/A",AJ4="N/A",AK4="N/A",AL4="N/A",AM4="N/A",AN4="N/A",AO4="N/A",AP4="N/A",AQ4="N/A"),"N/A",IF(MAX(AE4:AQ4)=0,"",MAX(AE4:AQ4))))) | O4: See "Additional Info" Hyperlink | P4: 43308 | Q4: 43308 | R4: 43308 | S4: 43308 | T4: 43308 | U4: 43308 | V4: 43308 | W4: 43308 | X4: 43308 | Y4: 43308 | Z4: 43308 | AA4: 43308 | AB4: 43308 | AC4: 43308 | AD4: 43308 | AE4: N/A | AF4: 43467 | AG4: 43467 | AR4: 43467 | AS4: 43467 | AT4: 43467 | AU4: 43467 | AV4: 43467 | AW4: 43467 | AX4: 43467 | AY4: 43402 | AZ4: 43402 | BA4: 43402 | BB4: 43402 | BC4: 43402 | BD4: 43402 | BE4: 43283 | BF4: 43283 | BG4: 43308 | BH4: 43402 | BI4: 43402 | BJ4: 43402 | BK4: 43402 | BL4: 43402 | BM4: N/A | BN4: =Table1[[#This Row],[Seed: Seed_BKK1]] -> 0 | BO4: =Table1[[#This Row],[Seed: Seed_THQ1]] -> 0 | BP4: =Table1[[#This Row],[Seed: Seed_SIN1]] -> 0
A5: =LEFT(Table1[[#This Row],[Level]],2)&"-"&Table1[[#This Row],[Seq]] -> L1-3 | B5: L1-COA | C5: =IFERROR(IF(AND(Table1[[#This Row],[Level]]=B4,Table1[[#This Row],[Form Name]]=E4),C4,IF(Table1[[#This Row],[Level]]=B4,C4+1,1)),1) -> 3 | D5: ACC | E5: Unit Code 1 | F5: After Seed | G5: GL | H5: Yes | I5: Global | J5: Manual | K5: =IFERROR(VLOOKUP(E5,'Data Owners'!G:H,2,0),VLOOKUP(D5,'Data Owners'!A:D,3,0)) -> SL9 Data | L5: =IF(OR(P5="",Q5="",R5="",S5="",T5="",U5="",V5="",W5="",X5="",Y5="",Z5="",AA5="",AB5="",AC5="",AD5=""),"",IF(AND(P5="N/A",Q5="N/A",R5="N/A",S5="N/A",T5="N/A",U5="N/A",V5="N/A",W5="N/A",X5="N/A",Y5="N/A",Z5="N/A",AA5="N/A",AB5="N/A",AC5="N/A",AD5="N/A"),"N/A",IF(MAX(P5:AD5)=0,"",MAX(P5:AD5)))) -> 43446 | M5: =IF(OR(AE5="Need Info",AF5="Need Info",AG5="Need Info",AH5="Need Info",AI5="Need Info",AJ5="Need Info",AK5="Need Info",AL5="Need Info",AM5="Need Info",AN5="Need Info",AO5="Need Info",AP5="Need Info",AQ5="Need Info"),"Need Info",IF(OR(AE5="",AF5="",AG5="",AH5="",AI5="",AJ5="",AK5="",AL5="",AM5="",AN5="",AO5="",AP5="",AQ5=""),"",IF(AND(AE5="N/A",AF5="N/A",AG5="N/A",AH5="N/A",AI5="N/A",AJ5="N/A",AK5="N/A",AL5="N/A",AM5="N/A",AN5="N/A",AO5="N/A",AP5="N/A",AQ5="N/A"),"N/A",IF(MAX(AE5:AQ5)=0,"",MAX(AE5:AQ5))))) | O5: Add new UC1 to LCOM, 1JBT, CORP | P5: 43402 | Q5: 43402 | R5: 43308 | S5: 43308 | T5: 43308 | U5: 43308 | V5: 43446 | W5: 43402 | X5: 43308 | Y5: 43308 | Z5: 43308 | AA5: 43308 | AB5: 43308 | AC5: 43308 | AD5: 43308 | AE5: N/A | AF5: 43467 | AG5: 43467 | AR5: Inactive | AS5: Inactive | AT5: Inactive | AU5: Inactive | AV5: Inactive | AW5: Inactive | AX5: Inactive | AY5: Inactive | AZ5: Inactive | BA5: Inactive | BB5: Inactive | BC5: Inactive | BD5: Inactive | BG5: 43308 | BH5: 43420 | BI5: 43420 | BJ5: 43420 | BK5: 43420 | BL5: 43420 | BM5: N/A | BN5: 43480 | BO5: 43480 | BP5: 43480
A6: =LEFT(Table1[[#This Row],[Level]],2)&"-"&Table1[[#This Row],[Seq]] -> L1-4 | B6: L1-COA | C6: =IFERROR(IF(AND(Table1[[#This Row],[Level]]=B5,Table1[[#This Row],[Form Name]]=E5),C5,IF(Table1[[#This Row],[Level]]=B5,C5+1,1)),1) -> 4 | D6: ACC | E6: Unit Code 2 | F6: After Seed | G6: GL | H6: Yes | I6: Global | J6: Manual | K6: =IFERROR(VLOOKUP(E6,'Data Owners'!G:H,2,0),VLOOKUP(D6,'Data Owners'!A:D,3,0)) -> SL9 Data | L6: =IF(OR(P6="",Q6="",R6="",S6="",T6="",U6="",V6="",W6="",X6="",Y6="",Z6="",AA6="",AB6="",AC6="",AD6=""),"",IF(AND(P6="N/A",Q6="N/A",R6="N/A",S6="N/A",T6="N/A",U6="N/A",V6="N/A",W6="N/A",X6="N/A",Y6="N/A",Z6="N/A",AA6="N/A",AB6="N/A",AC6="N/A",AD6="N/A"),"N/A",IF(MAX(P6:AD6)=0,"",MAX(P6:AD6)))) -> 43301 | M6: =IF(OR(AE6="Need Info",AF6="Need Info",AG6="Need Info",AH6="Need Info",AI6="Need Info",AJ6="Need Info",AK6="Need Info",AL6="Need Info",AM6="Need Info",AN6="Need Info",AO6="Need Info",AP6="Need Info",AQ6="Need Info"),"Need Info",IF(OR(AE6="",AF6="",AG6="",AH6="",AI6="",AJ6="",AK6="",AL6="",AM6="",AN6="",AO6="",AP6="",AQ6=""),"",IF(AND(AE6="N/A",AF6="N/A",AG6="N/A",AH6="N/A",AI6="N/A",AJ6="N/A",AK6="N/A",AL6="N/A",AM6="N/A",AN6="N/A",AO6="N/A",AP6="N/A",AQ6="N/A"),"N/A",IF(MAX(AE6:AQ6)=0,"",MAX(AE6:AQ6))))) | O6: Add new UC2 to LCOM, 1JBT, CORP | P6: 43301 | Q6: 43301 | R6: 43253 | S6: 43253 | T6: 43301 | U6: 43253 | V6: 43214 | W6: 43253 | X6: 43300 | Y6: 43253 | Z6: 43253 | AA6: 43253 | AB6: 43253 | AC6: 43253 | AD6: 43253 | AE6: N/A | AF6: 43165 | AG6: 43165 | AR6: Inactive | AS6: Inactive | AT6: Inactive | AU6: Inactive | AV6: Inactive | AW6: Inactive | AX6: Inactive | AY6: Inactive | AZ6: Inactive | BA6: Inactive | BB6: Inactive | BC6: Inactive | BD6: Inactive | BG6: 43301 | BH6: 43412 | BI6: 43412 | BJ6: 43412 | BK6: 43412 | BL6: 43412 | BM6: 43480 | BN6: 43480 | BO6: 43480 | BP6: 43480
A7: =LEFT(Table1[[#This Row],[Level]],2)&"-"&Table1[[#This Row],[Seq]] -> L1-5 | B7: L1-COA | C7: =IFERROR(IF(AND(Table1[[#This Row],[Level]]=B6,Table1[[#This Row],[Form Name]]=E6),C6,IF(Table1[[#This Row],[Level]]=B6,C6+1,1)),1) -> 5 | D7: ACC | E7: Unit Code 3 | F7: After Seed | G7: GL | H7: Yes | I7: Global | J7: Manual | K7: =IFERROR(VLOOKUP(E7,'Data Owners'!G:H,2,0),VLOOKUP(D7,'Data Owners'!A:D,3,0)) -> SL9 Data | L7: =IF(OR(P7="",Q7="",R7="",S7="",T7="",U7="",V7="",W7="",X7="",Y7="",Z7="",AA7="",AB7="",AC7="",AD7=""),"",IF(AND(P7="N/A",Q7="N/A",R7="N/A",S7="N/A",T7="N/A",U7="N/A",V7="N/A",W7="N/A",X7="N/A",Y7="N/A",Z7="N/A",AA7="N/A",AB7="N/A",AC7="N/A",AD7="N/A"),"N/A",IF(MAX(P7:AD7)=0,"",MAX(P7:AD7)))) -> 43301 | M7: =IF(OR(AE7="Need Info",AF7="Need Info",AG7="Need Info",AH7="Need Info",AI7="Need Info",AJ7="Need Info",AK7="Need Info",AL7="Need Info",AM7="Need Info",AN7="Need Info",AO7="Need Info",AP7="Need Info",AQ7="Need Info"),"Need Info",IF(OR(AE7="",AF7="",AG7="",AH7="",AI7="",AJ7="",AK7="",AL7="",AM7="",AN7="",AO7="",AP7="",AQ7=""),"",IF(AND(AE7="N/A",AF7="N/A",AG7="N/A",AH7="N/A",AI7="N/A",AJ7="N/A",AK7="N/A",AL7="N/A",AM7="N/A",AN7="N/A",AO7="N/A",AP7="N/A",AQ7="N/A"),"N/A",IF(MAX(AE7:AQ7)=0,"",MAX(AE7:AQ7))))) | P7: 43301 | Q7: 43253 | R7: 43253 | S7: 43253 | T7: 43253 | U7: 43253 | V7: 43174 | W7: 43253 | X7: 43253 | Y7: 43253 | Z7: 43253 | AA7: 43253 | AB7: 43253 | AC7: 43253 | AD7: 43253 | AE7: N/A | AF7: N/A | AG7: N/A | AR7: Inactive | AS7: Inactive | AT7: Inactive | AU7: Inactive | AV7: Inactive | AW7: Inactive | AX7: Inactive | AY7: Inactive | AZ7: Inactive | BA7: Inactive | BB7: Inactive | BC7: Inactive | BD7: Inactive | BG7: 43253 | BH7: 43403 | BI7: 43403 | BJ7: 43403 | BK7: 43403 | BL7: 43403 | BM7: N/A | BN7: 43510 | BO7: 43510 | BP7: 43479
A8: =LEFT(Table1[[#This Row],[Level]],2)&"-"&Table1[[#This Row],[Seq]] -> L1-6 | B8: L1-COA | C8: =IFERROR(IF(AND(Table1[[#This Row],[Level]]=B7,Table1[[#This Row],[Form Name]]=E7),C7,IF(Table1[[#This Row],[Level]]=B7,C7+1,1)),1) -> 6 | D8: ACC | E8: Unit Code 4 | F8: After Seed | G8: GL | H8: Yes | I8: Global | J8: Manual | K8: =IFERROR(VLOOKUP(E8,'Data Owners'!G:H,2,0),VLOOKUP(D8,'Data Owners'!A:D,3,0)) -> SL9 Data | L8: =IF(OR(P8="",Q8="",R8="",S8="",T8="",U8="",V8="",W8="",X8="",Y8="",Z8="",AA8="",AB8="",AC8="",AD8=""),"",IF(AND(P8="N/A",Q8="N/A",R8="N/A",S8="N/A",T8="N/A",U8="N/A",V8="N/A",W8="N/A",X8="N/A",Y8="N/A",Z8="N/A",AA8="N/A",AB8="N/A",AC8="N/A",AD8="N/A"),"N/A",IF(MAX(P8:AD8)=0,"",MAX(P8:AD8)))) -> 43301 | M8: =IF(OR(AE8="Need Info",AF8="Need Info",AG8="Need Info",AH8="Need Info",AI8="Need Info",AJ8="Need Info",AK8="Need Info",AL8="Need Info",AM8="Need Info",AN8="Need Info",AO8="Need Info",AP8="Need Info",AQ8="Need Info"),"Need Info",IF(OR(AE8="",AF8="",AG8="",AH8="",AI8="",AJ8="",AK8="",AL8="",AM8="",AN8="",AO8="",AP8="",AQ8=""),"",IF(AND(AE8="N/A",AF8="N/A",AG8="N/A",AH8="N/A",AI8="N/A",AJ8="N/A",AK8="N/A",AL8="N/A",AM8="N/A",AN8="N/A",AO8="N/A",AP8="N/A",AQ8="N/A"),"N/A",IF(MAX(AE8:AQ8)=0,"",MAX(AE8:AQ8))))) | P8: 43301 | Q8: 43253 | R8: 43253 | S8: 43253 | T8: 43253 | U8: 43253 | V8: 43173 | W8: 43253 | X8: 43253 | Y8: 43253 | Z8: 43253 | AA8: 43253 | AB8: 43253 | AC8: 43253 | AD8: 43253 | AE8: N/A | AF8: 43165 | AG8: 43165 | AR8: Inactive | AS8: 43403 | AT8: 43403 | AU8: 43403 | AV8: 43403 | AW8: Need Info | AX8: Need Info | AY8: Inactive | AZ8: Inactive | BA8: Inactive | BB8: Inactive | BC8: Inactive | BD8: Inactive | BE8: 43283 | BF8: 43283 | BG8: 43253 | BH8: 43412 | BI8: 43412 | BJ8: 43412 | BK8: 43412 | BL8: 43412 | BM8: 43480 | BN8: 43479 | BO8: 43479 | BP8: 43479
A9: =LEFT(Table1[[#This Row],[Level]],2)&"-"&Table1[[#This Row],[Seq]] -> L1-7 | B9: L1-COA | C9: =IFERROR(IF(AND(Table1[[#This Row],[Level]]=B8,Table1[[#This Row],[Form Name]]=E8),C8,IF(Table1[[#This Row],[Level]]=B8,C8+1,1)),1) -> 7 | D9: ACC | E9: Copy Unit Codes to Accounts | F9: After Seed | G9: GL | H9: Yes | I9: Global | J9: Manual | K9: =IFERROR(VLOOKUP(E9,'Data Owners'!G:H,2,0),VLOOKUP(D9,'Data Owners'!A:D,3,0)) -> SL9 Data | L9: =IF(OR(P9="",Q9="",R9="",S9="",T9="",U9="",V9="",W9="",X9="",Y9="",Z9="",AA9="",AB9="",AC9="",AD9=""),"",IF(AND(P9="N/A",Q9="N/A",R9="N/A",S9="N/A",T9="N/A",U9="N/A",V9="N/A",W9="N/A",X9="N/A",Y9="N/A",Z9="N/A",AA9="N/A",AB9="N/A",AC9="N/A",AD9="N/A"),"N/A",IF(MAX(P9:AD9)=0,"",MAX(P9:AD9)))) -> 43446 | M9: =IF(OR(AE9="Need Info",AF9="Need Info",AG9="Need Info",AH9="Need Info",AI9="Need Info",AJ9="Need Info",AK9="Need Info",AL9="Need Info",AM9="Need Info",AN9="Need Info",AO9="Need Info",AP9="Need Info",AQ9="Need Info"),"Need Info",IF(OR(AE9="",AF9="",AG9="",AH9="",AI9="",AJ9="",AK9="",AL9="",AM9="",AN9="",AO9="",AP9="",AQ9=""),"",IF(AND(AE9="N/A",AF9="N/A",AG9="N/A",AH9="N/A",AI9="N/A",AJ9="N/A",AK9="N/A",AL9="N/A",AM9="N/A",AN9="N/A",AO9="N/A",AP9="N/A",AQ9="N/A"),"N/A",IF(MAX(AE9:AQ9)=0,"",MAX(AE9:AQ9))))) | O9: Add new UCs to LCOM, 1JBT, CORP | P9: 43402 | Q9: 43402 | R9: 43402 | S9: 43402 | T9: 43402 | U9: 43402 | V9: 43446 | W9: 43402 | X9: 43402 | Y9: 43402 | Z9: 43402 | AA9: 43402 | AB9: 43402 | AC9: 43402 | AD9: 43402 | AE9: N/A | AF9: 43467 | AG9: 43467 | AR9: Inactive | AS9: Inactive | AT9: Inactive | AU9: Inactive | AV9: Inactive | AW9: Inactive | AX9: Inactive | AY9: Inactive | AZ9: Inactive | BA9: Inactive | BB9: Inactive | BC9: Inactive | BD9: Inactive | BG9: 43402 | BH9: 43420 | BI9: 43420 | BJ9: 43420 | BK9: 43420 | BL9: 43420 | BM9: 43480 | BN9: 43479 | BO9: 43479 | BP9: 43479
A10: =LEFT(Table1[[#This Row],[Level]],2)&"-"&Table1[[#This Row],[Seq]] -> L1-8 | B10: L1-COA | C10: =IFERROR(IF(AND(Table1[[#This Row],[Level]]=B9,Table1[[#This Row],[Form Name]]=E9),C9,IF(Table1[[#This Row],[Level]]=B9,C9+1,1)),1) -> 8 | D10: ACC | E10: Chart of Account Allocations | F10: Seed | G10: GL | H10: Yes | I10: Site | J10: Manual | K10: =IFERROR(VLOOKUP(E10,'Data Owners'!G:H,2,0),VLOOKUP(D10,'Data Owners'!A:D,3,0)) -> SL9 Data | L10: =IF(OR(P10="",Q10="",R10="",S10="",T10="",U10="",V10="",W10="",X10="",Y10="",Z10="",AA10="",AB10="",AC10="",AD10=""),"",IF(AND(P10="N/A",Q10="N/A",R10="N/A",S10="N/A",T10="N/A",U10="N/A",V10="N/A",W10="N/A",X10="N/A",Y10="N/A",Z10="N/A",AA10="N/A",AB10="N/A",AC10="N/A",AD10="N/A"),"N/A",IF(MAX(P10:AD10)=0,"",MAX(P10:AD10)))) -> N/A | M10: =IF(OR(AE10="Need Info",AF10="Need Info",AG10="Need Info",AH10="Need Info",AI10="Need Info",AJ10="Need Info",AK10="Need Info",AL10="Need Info",AM10="Need Info",AN10="Need Info",AO10="Need Info",AP10="Need Info",AQ10="Need Info"),"Need Info",IF(OR(AE10="",AF10="",AG10="",AH10="",AI10="",AJ10="",AK10="",AL10="",AM10="",AN10="",AO10="",AP10="",AQ10=""),"",IF(AND(AE10="N/A",AF10="N/A",AG10="N/A",AH10="N/A",AI10="N/A",AJ10="N/A",AK10="N/A",AL10="N/A",AM10="N/A",AN10="N/A",AO10="N/A",AP10="N/A",AQ10="N/A"),"N/A",IF(MAX(AE10:AQ10)=0,"",MAX(AE10:AQ10))))) -> N/A | P10: N/A | Q10: N/A | R10: N/A | S10: N/A | T10: N/A | U10: N/A | V10: N/A | W10: N/A | X10: N/A | Y10: N/A | Z10: N/A | AA10: N/A | AB10: N/A | AC10: N/A | AD10: N/A | AE10: N/A | AF10: N/A | AG10: N/A | AH10: N/A | AI10: N/A | AJ10: N/A | AK10: N/A | AL10: N/A | AM10: N/A | AN10: N/A | AO10: N/A | AP10: N/A | AQ10: N/A | AR10: N/A | AS10: N/A | AT10: N/A | AU10: N/A | AV10: N/A | AW10: N/A | AX10: N/A | AY10: Inactive | AZ10: Inactive | BA10: Inactive | BB10: Inactive | BC10: Inactive | BD10: Inactive | BE10: N/A | BF10: N/A | BG10: N/A | BH10: N/A | BI10: N/A | BJ10: N/A | BK10: N/A | BL10: N/A | BM10: N/A | BN10: Need Info | BO10: Need Info | BP10: Need Info
A11: =LEFT(Table1[[#This Row],[Level]],2)&"-"&Table1[[#This Row],[Seq]] -> L2-1 | B11: L2-Code | C11: =IFERROR(IF(AND(Table1[[#This Row],[Level]]=B10,Table1[[#This Row],[Form Name]]=E10),C10,IF(Table1[[#This Row],[Level]]=B10,C10+1,1)),1) -> 1 | D11: GEN | E11: Billing Terms | F11: Seed | H11: Yes | I11: Global | J11: Manual | K11: =IFERROR(VLOOKUP(E11,'Data Owners'!G:H,2,0),VLOOKUP(D11,'Data Owners'!A:D,3,0)) -> All | L11: =IF(OR(P11="",Q11="",R11="",S11="",T11="",U11="",V11="",W11="",X11="",Y11="",Z11="",AA11="",AB11="",AC11="",AD11=""),"",IF(AND(P11="N/A",Q11="N/A",R11="N/A",S11="N/A",T11="N/A",U11="N/A",V11="N/A",W11="N/A",X11="N/A",Y11="N/A",Z11="N/A",AA11="N/A",AB11="N/A",AC11="N/A",AD11="N/A"),"N/A",IF(MAX(P11:AD11)=0,"",MAX(P11:AD11)))) -> 43536 | M11: =IF(OR(AE11="Need Info",AF11="Need Info",AG11="Need Info",AH11="Need Info",AI11="Need Info",AJ11="Need Info",AK11="Need Info",AL11="Need Info",AM11="Need Info",AN11="Need Info",AO11="Need Info",AP11="Need Info",AQ11="Need Info"),"Need Info",IF(OR(AE11="",AF11="",AG11="",AH11="",AI11="",AJ11="",AK11="",AL11="",AM11="",AN11="",AO11="",AP11="",AQ11=""),"",IF(AND(AE11="N/A",AF11="N/A",AG11="N/A",AH11="N/A",AI11="N/A",AJ11="N/A",AK11="N/A",AL11="N/A",AM11="N/A",AN11="N/A",AO11="N/A",AP11="N/A",AQ11="N/A"),"N/A",IF(MAX(AE11:AQ11)=0,"",MAX(AE11:AQ11))))) | O11: Add new to 1JBT, CORP | P11: N/A | Q11: N/A | R11: N/A | S11: N/A | T11: 43536 | U11: 43536 | V11: 43536 | W11: 43536 | X11: 43536 | Y11: 43536 | Z11: 43536 | AA11: 43536 | AB11: 43536 | AC11: 43536 | AD11: 43536 | AE11: N/A | AH11: N/A | AK11: N/A | AN11: N/A | AP11: N/A | AW11: N/A | AY11: Inactive | BA11: Inactive | BC11: Inactive | BE11: N/A | BG11: 43409 | BH11: 43409 | BI11: 43409 | BJ11: 43409 | BK11: 43409 | BL11: 43409 | BN11: =Table1[[#This Row],[Seed: Seed_BKK1]] -> 0 | BO11: =Table1[[#This Row],[Seed: Seed_THQ1]] -> 0 | BP11: =Table1[[#This Row],[Seed: Seed_SIN1]] -> 0
A12: =LEFT(Table1[[#This Row],[Level]],2)&"-"&Table1[[#This Row],[Seq]] -> L2-2 | B12: L2-Code | C12: =IFERROR(IF(AND(Table1[[#This Row],[Level]]=B11,Table1[[#This Row],[Form Name]]=E11),C11,IF(Table1[[#This Row],[Level]]=B11,C11+1,1)),1) -> 2 | D12: GEN | E12: Countries | F12: Seed | H12: Yes | I12: Global | J12: Manual | K12: =IFERROR(VLOOKUP(E12,'Data Owners'!G:H,2,0),VLOOKUP(D12,'Data Owners'!A:D,3,0)) -> All | L12: =IF(OR(P12="",Q12="",R12="",S12="",T12="",U12="",V12="",W12="",X12="",Y12="",Z12="",AA12="",AB12="",AC12="",AD12=""),"",IF(AND(P12="N/A",Q12="N/A",R12="N/A",S12="N/A",T12="N/A",U12="N/A",V12="N/A",W12="N/A",X12="N/A",Y12="N/A",Z12="N/A",AA12="N/A",AB12="N/A",AC12="N/A",AD12="N/A"),"N/A",IF(MAX(P12:AD12)=0,"",MAX(P12:AD12)))) -> 43525 | M12: =IF(OR(AE12="Need Info",AF12="Need Info",AG12="Need Info",AH12="Need Info",AI12="Need Info",AJ12="Need Info",AK12="Need Info",AL12="Need Info",AM12="Need Info",AN12="Need Info",AO12="Need Info",AP12="Need Info",AQ12="Need Info"),"Need Info",IF(OR(AE12="",AF12="",AG12="",AH12="",AI12="",AJ12="",AK12="",AL12="",AM12="",AN12="",AO12="",AP12="",AQ12=""),"",IF(AND(AE12="N/A",AF12="N/A",AG12="N/A",AH12="N/A",AI12="N/A",AJ12="N/A",AK12="N/A",AL12="N/A",AM12="N/A",AN12="N/A",AO12="N/A",AP12="N/A",AQ12="N/A"),"N/A",IF(MAX(AE12:AQ12)=0,"",MAX(AE12:AQ12))))) -> 43402 | P12: 43525 | Q12: 43104 | R12: 43172 | S12: 43172 | T12: 43104 | U12: 43104 | V12: 43165 | W12: 43104 | X12: 43104 | Y12: 43172 | Z12: 43172 | AA12: 43172 | AB12: 43172 | AC12: 43104 | AD12: 43104 | AE12: N/A | AF12: 43402 | AG12: 43402 | AH12: 43402 | AI12: 43402 | AJ12: 43402 | AK12: 43402 | AL12: 43402 | AM12: 43402 | AN12: 43402 | AO12: 43402 | AP12: 43402 | AQ12: 43402 | AR12: 43402 | AS12: 43402 | AT12: 43402 | AU12: 43402 | AV12: 43402 | AW12: 43402 | AX12: 43402 | AY12: 43402 | AZ12: 43402 | BA12: 43402 | BB12: 43402 | BC12: 43402 | BD12: 43402 | BE12: 43283 | BF12: 43165 | BG12: 43104 | BH12: 43402 | BI12: 43402 | BJ12: 43402 | BK12: 43402 | BL12: 43402 | BN12: =Table1[[#This Row],[Seed: Seed_BKK1]] -> 43402 | BO12: =Table1[[#This Row],[Seed: Seed_THQ1]] -> 43402 | BP12: =Table1[[#This Row],[Seed: Seed_SIN1]] -> 43402
A13: =LEFT(Table1[[#This Row],[Level]],2)&"-"&Table1[[#This Row],[Seq]] -> L2-3 | B13: L2-Code | C13: =IFERROR(IF(AND(Table1[[#This Row],[Level]]=B12,Table1[[#This Row],[Form Name]]=E12),C12,IF(Table1[[#This Row],[Level]]=B12,C12+1,1)),1) -> 3 | D13: GEN | E13: Delivery Terms | F13: Seed | H13: Yes | I13: Global | J13: Manual | K13: =IFERROR(VLOOKUP(E13,'Data Owners'!G:H,2,0),VLOOKUP(D13,'Data Owners'!A:D,3,0)) -> All | L13: =IF(OR(P13="",Q13="",R13="",S13="",T13="",U13="",V13="",W13="",X13="",Y13="",Z13="",AA13="",AB13="",AC13="",AD13=""),"",IF(AND(P13="N/A",Q13="N/A",R13="N/A",S13="N/A",T13="N/A",U13="N/A",V13="N/A",W13="N/A",X13="N/A",Y13="N/A",Z13="N/A",AA13="N/A",AB13="N/A",AC13="N/A",AD13="N/A"),"N/A",IF(MAX(P13:AD13)=0,"",MAX(P13:AD13)))) -> 43172 | M13: =IF(OR(AE13="Need Info",AF13="Need Info",AG13="Need Info",AH13="Need Info",AI13="Need Info",AJ13="Need Info",AK13="Need Info",AL13="Need Info",AM13="Need Info",AN13="Need Info",AO13="Need Info",AP13="Need Info",AQ13="Need Info"),"Need Info",IF(OR(AE13="",AF13="",AG13="",AH13="",AI13="",AJ13="",AK13="",AL13="",AM13="",AN13="",AO13="",AP13="",AQ13=""),"",IF(AND(AE13="N/A",AF13="N/A",AG13="N/A",AH13="N/A",AI13="N/A",AJ13="N/A",AK13="N/A",AL13="N/A",AM13="N/A",AN13="N/A",AO13="N/A",AP13="N/A",AQ13="N/A"),"N/A",IF(MAX(AE13:AQ13)=0,"",MAX(AE13:AQ13))))) -> 43403 | P13: N/A | Q13: N/A | R13: N/A | S13: N/A | T13: 43105 | U13: 43105 | V13: 43165 | W13: 43105 | X13: 43105 | Y13: 43172 | Z13: 43172 | AA13: 43172 | AB13: 43172 | AC13: 43105 | AD13: 43105 | AE13: N/A | AF13: 43165 | AG13: 43165 | AH13: N/A | AI13: 43403 | AJ13: 43403 | AK13: N/A | AL13: 43403 | AM13: 43403 | AN13: N/A | AO13: 43403 | AP13: N/A | AQ13: 43403 | AR13: 43403 | AS13: 43403 | AT13: 43403 | AU13: 43403 | AV13: 43403 | AW13: N/A | AX13: 43403 | AY13: Inactive | AZ13: 43403 | BA13: Inactive | BB13: 43403 | BC13: Inactive | BD13: 43403 | BE13: N/A | BF13: 43165 | BG13: 43105 | BH13: 43403 | BI13: 43403 | BJ13: 43403 | BK13: 43403 | BL13: 43403 | BN13: =Table1[[#This Row],[Seed: Seed_BKK1]] -> 43403 | BO13: =Table1[[#This Row],[Seed: Seed_THQ1]] -> 43403 | BP13: =Table1[[#This Row],[Seed: Seed_SIN1]] -> 43403
A14: =LEFT(Table1[[#This Row],[Level]],2)&"-"&Table1[[#This Row],[Seq]] -> L2-4 | B14: L2-Code | C14: =IFERROR(IF(AND(Table1[[#This Row],[Level]]=B13,Table1[[#This Row],[Form Name]]=E13),C13,IF(Table1[[#This Row],[Level]]=B13,C13+1,1)),1) -> 4 | D14: GEN | E14: Prov States | F14: Seed | H14: Yes | I14: Global | J14: Manual | K14: =IFERROR(VLOOKUP(E14,'Data Owners'!G:H,2,0),VLOOKUP(D14,'Data Owners'!A:D,3,0)) -> All | L14: =IF(OR(P14="",Q14="",R14="",S14="",T14="",U14="",V14="",W14="",X14="",Y14="",Z14="",AA14="",AB14="",AC14="",AD14=""),"",IF(AND(P14="N/A",Q14="N/A",R14="N/A",S14="N/A",T14="N/A",U14="N/A",V14="N/A",W14="N/A",X14="N/A",Y14="N/A",Z14="N/A",AA14="N/A",AB14="N/A",AC14="N/A",AD14="N/A"),"N/A",IF(MAX(P14:AD14)=0,"",MAX(P14:AD14)))) -> 43172 | M14: =IF(OR(AE14="Need Info",AF14="Need Info",AG14="Need Info",AH14="Need Info",AI14="Need Info",AJ14="Need Info",AK14="Need Info",AL14="Need Info",AM14="Need Info",AN14="Need Info",AO14="Need Info",AP14="Need Info",AQ14="Need Info"),"Need Info",IF(OR(AE14="",AF14="",AG14="",AH14="",AI14="",AJ14="",AK14="",AL14="",AM14="",AN14="",AO14="",AP14="",AQ14=""),"",IF(AND(AE14="N/A",AF14="N/A",AG14="N/A",AH14="N/A",AI14="N/A",AJ14="N/A",AK14="N/A",AL14="N/A",AM14="N/A",AN14="N/A",AO14="N/A",AP14="N/A",AQ14="N/A"),"N/A",IF(MAX(AE14:AQ14)=0,"",MAX(AE14:AQ14))))) -> 43403 | P14: N/A | Q14: N/A | R14: N/A | S14: N/A | T14: 43105 | U14: 43105 | V14: 43165 | W14: 43105 | X14: 43105 | Y14: 43172 | Z14: 43172 | AA14: 43172 | AB14: 43172 | AC14: 43105 | AD14: 43105 | AE14: N/A | AF14: 43165 | AG14: 43165 | AH14: N/A | AI14: 43403 | AJ14: 43403 | AK14: N/A | AL14: 43403 | AM14: 43403 | AN14: N/A | AO14: 43403 | AP14: N/A | AQ14: 43403 | AR14: 43403 | AS14: 43403 | AT14: 43403 | AU14: 43403 | AV14: 43403 | AW14: N/A | AX14: 43403 | AY14: Inactive | AZ14: 43403 | BA14: Inactive | BB14: 43403 | BC14: Inactive | BD14: 43403 | BE14: N/A | BF14: 43165 | BG14: 43411 | BH14: 43411 | BI14: 43411 | BJ14: 43411 | BK14: 43411 | BL14: 43411 | BN14: =Table1[[#This Row],[Seed: Seed_BKK1]] -> 43403 | BO14: =Table1[[#This Row],[Seed: Seed_THQ1]] -> 43403 | BP14: =Table1[[#This Row],[Seed: Seed_SIN1]] -> 43403
A15: =LEFT(Table1[[#This Row],[Level]],2)&"-"&Table1[[#This Row],[Seq]] -> L2-5 | B15: L2-Code | C15: =IFERROR(IF(AND(Table1[[#This Row],[Level]]=B14,Table1[[#This Row],[Form Name]]=E14),C14,IF(Table1[[#This Row],[Level]]=B14,C14+1,1)),1) -> 5 | D15: GEN | E15: Interaction Topics | F15: Seed | K15: =IFERROR(VLOOKUP(E15,'Data Owners'!G:H,2,0),VLOOKUP(D15,'Data Owners'!A:D,3,0)) -> All | L15: =IF(OR(P15="",Q15="",R15="",S15="",T15="",U15="",V15="",W15="",X15="",Y15="",Z15="",AA15="",AB15="",AC15="",AD15=""),"",IF(AND(P15="N/A",Q15="N/A",R15="N/A",S15="N/A",T15="N/A",U15="N/A",V15="N/A",W15="N/A",X15="N/A",Y15="N/A",Z15="N/A",AA15="N/A",AB15="N/A",AC15="N/A",AD15="N/A"),"N/A",IF(MAX(P15:AD15)=0,"",MAX(P15:AD15)))) -> N/A | M15: =IF(OR(AE15="Need Info",AF15="Need Info",AG15="Need Info",AH15="Need Info",AI15="Need Info",AJ15="Need Info",AK15="Need Info",AL15="Need Info",AM15="Need Info",AN15="Need Info",AO15="Need Info",AP15="Need Info",AQ15="Need Info"),"Need Info",IF(OR(AE15="",AF15="",AG15="",AH15="",AI15="",AJ15="",AK15="",AL15="",AM15="",AN15="",AO15="",AP15="",AQ15=""),"",IF(AND(AE15="N/A",AF15="N/A",AG15="N/A",AH15="N/A",AI15="N/A",AJ15="N/A",AK15="N/A",AL15="N/A",AM15="N/A",AN15="N/A",AO15="N/A",AP15="N/A",AQ15="N/A"),"N/A",IF(MAX(AE15:AQ15)=0,"",MAX(AE15:AQ15))))) -> N/A | P15: N/A | Q15: N/A | R15: N/A | S15: N/A | T15: N/A | U15: N/A | V15: N/A | W15: N/A | X15: N/A | Y15: N/A | Z15: N/A | AA15: N/A | AB15: N/A | AC15: N/A | AD15: N/A | AE15: N/A | AF15: N/A | AG15: N/A | AH15: N/A | AI15: N/A | AJ15: N/A | AK15: N/A | AL15: N/A | AM15: N/A | AN15: N/A | AO15: N/A | AP15: N/A | AQ15: N/A | AR15: N/A | AS15: N/A | AT15: N/A | AU15: N/A | AV15: N/A | AW15: N/A | AX15: N/A | AY15: Inactive | AZ15: Inactive | BA15: Inactive | BB15: Inactive | BC15: Inactive | BD15: Inactive | BE15: N/A | BF15: N/A | BG15: N/A | BH15: N/A | BI15: N/A | BJ15: N/A | BK15: N/A | BL15: N/A | BM15: N/A | BN15: N/A | BO15: N/A | BP15: N/A
A16: =LEFT(Table1[[#This Row],[Level]],2)&"-"&Table1[[#This Row],[Seq]] -> L2-6 | B16: L2-Code | C16: =IFERROR(IF(AND(Table1[[#This Row],[Level]]=B15,Table1[[#This Row],[Form Name]]=E15),C15,IF(Table1[[#This Row],[Level]]=B15,C15+1,1)),1) -> 6 | D16: GEN | E16: Multi-Lingual Service Invoice | F16: Seed | K16: =IFERROR(VLOOKUP(E16,'Data Owners'!G:H,2,0),VLOOKUP(D16,'Data Owners'!A:D,3,0)) -> All | L16: =IF(OR(P16="",Q16="",R16="",S16="",T16="",U16="",V16="",W16="",X16="",Y16="",Z16="",AA16="",AB16="",AC16="",AD16=""),"",IF(AND(P16="N/A",Q16="N/A",R16="N/A",S16="N/A",T16="N/A",U16="N/A",V16="N/A",W16="N/A",X16="N/A",Y16="N/A",Z16="N/A",AA16="N/A",AB16="N/A",AC16="N/A",AD16="N/A"),"N/A",IF(MAX(P16:AD16)=0,"",MAX(P16:AD16)))) -> N/A | M16: =IF(OR(AE16="Need Info",AF16="Need Info",AG16="Need Info",AH16="Need Info",AI16="Need Info",AJ16="Need Info",AK16="Need Info",AL16="Need Info",AM16="Need Info",AN16="Need Info",AO16="Need Info",AP16="Need Info",AQ16="Need Info"),"Need Info",IF(OR(AE16="",AF16="",AG16="",AH16="",AI16="",AJ16="",AK16="",AL16="",AM16="",AN16="",AO16="",AP16="",AQ16=""),"",IF(AND(AE16="N/A",AF16="N/A",AG16="N/A",AH16="N/A",AI16="N/A",AJ16="N/A",AK16="N/A",AL16="N/A",AM16="N/A",AN16="N/A",AO16="N/A",AP16="N/A",AQ16="N/A"),"N/A",IF(MAX(AE16:AQ16)=0,"",MAX(AE16:AQ16))))) -> N/A | P16: N/A | Q16: N/A | R16: N/A | S16: N/A | T16: N/A | U16: N/A | V16: N/A | W16: N/A | X16: N/A | Y16: N/A | Z16: N/A | AA16: N/A | AB16: N/A | AC16: N/A | AD16: N/A | AE16: N/A | AF16: N/A | AG16: N/A | AH16: N/A | AI16: N/A | AJ16: N/A | AK16: N/A | AL16: N/A | AM16: N/A | AN16: N/A | AO16: N/A | AP16: N/A | AQ16: N/A | AR16: N/A | AS16: N/A | AT16: N/A | AU16: N/A | AV16: N/A | AW16: N/A | AX16: N/A | AY16: Inactive | AZ16: Inactive | BA16: Inactive | BB16: Inactive | BC16: Inactive | BD16: Inactive | BE16: N/A | BG16: N/A | BH16: N/A | BI16: N/A | BJ16: N/A | BK16: N/A | BL16: N/A | BM16: N/A | BN16: N/A | BO16: N/A | BP16: N/A
A17: =LEFT(Table1[[#This Row],[Level]],2)&"-"&Table1[[#This Row],[Seq]] -> L2-7 | B17: L2-Code | C17: =IFERROR(IF(AND(Table1[[#This Row],[Level]]=B16,Table1[[#This Row],[Form Name]]=E16),C16,IF(Table1[[#This Row],[Level]]=B16,C16+1,1)),1) -> 7 | D17: GEN | E17: Multi-Lingual Ship Via | F17: Seed | K17: =IFERROR(VLOOKUP(E17,'Data Owners'!G:H,2,0),VLOOKUP(D17,'Data Owners'!A:D,3,0)) -> All | L17: =IF(OR(P17="",Q17="",R17="",S17="",T17="",U17="",V17="",W17="",X17="",Y17="",Z17="",AA17="",AB17="",AC17="",AD17=""),"",IF(AND(P17="N/A",Q17="N/A",R17="N/A",S17="N/A",T17="N/A",U17="N/A",V17="N/A",W17="N/A",X17="N/A",Y17="N/A",Z17="N/A",AA17="N/A",AB17="N/A",AC17="N/A",AD17="N/A"),"N/A",IF(MAX(P17:AD17)=0,"",MAX(P17:AD17)))) -> N/A | M17: =IF(OR(AE17="Need Info",AF17="Need Info",AG17="Need Info",AH17="Need Info",AI17="Need Info",AJ17="Need Info",AK17="Need Info",AL17="Need Info",AM17="Need Info",AN17="Need Info",AO17="Need Info",AP17="Need Info",AQ17="Need Info"),"Need Info",IF(OR(AE17="",AF17="",AG17="",AH17="",AI17="",AJ17="",AK17="",AL17="",AM17="",AN17="",AO17="",AP17="",AQ17=""),"",IF(AND(AE17="N/A",AF17="N/A",AG17="N/A",AH17="N/A",AI17="N/A",AJ17="N/A",AK17="N/A",AL17="N/A",AM17="N/A",AN17="N/A",AO17="N/A",AP17="N/A",AQ17="N/A"),"N/A",IF(MAX(AE17:AQ17)=0,"",MAX(AE17:AQ17))))) -> N/A | P17: N/A | Q17: N/A | R17: N/A | S17: N/A | T17: N/A | U17: N/A | V17: N/A | W17: N/A | X17: N/A | Y17: N/A | Z17: N/A | AA17: N/A | AB17: N/A | AC17: N/A | AD17: N/A | AE17: N/A | AF17: N/A | AG17: N/A | AH17: N/A | AI17: N/A | AJ17: N/A | AK17: N/A | AL17: N/A | AM17: N/A | AN17: N/A | AO17: N/A | AP17: N/A | AQ17: N/A | AR17: N/A | AS17: N/A | AT17: N/A | AU17: N/A | AV17: N/A | AW17: N/A | AX17: N/A | AY17: Inactive | AZ17: Inactive | BA17: Inactive | BB17: Inactive | BC17: Inactive | BD17: Inactive | BE17: N/A | BG17: N/A | BH17: N/A | BI17: N/A | BJ17: N/A | BK17: N/A | BL17: N/A | BM17: N/A | BN17: N/A | BO17: N/A | BP17: N/A
A18: =LEFT(Table1[[#This Row],[Level]],2)&"-"&Table1[[#This Row],[Seq]] -> L2-8 | B18: L2-Code | C18: =IFERROR(IF(AND(Table1[[#This Row],[Level]]=B17,Table1[[#This Row],[Form Name]]=E17),C17,IF(Table1[[#This Row],[Level]]=B17,C17+1,1)),1) -> 8 | D18: GEN | E18: Multi-Lingual Terms | F18: Seed | K18: =IFERROR(VLOOKUP(E18,'Data Owners'!G:H,2,0),VLOOKUP(D18,'Data Owners'!A:D,3,0)) -> All | L18: =IF(OR(P18="",Q18="",R18="",S18="",T18="",U18="",V18="",W18="",X18="",Y18="",Z18="",AA18="",AB18="",AC18="",AD18=""),"",IF(AND(P18="N/A",Q18="N/A",R18="N/A",S18="N/A",T18="N/A",U18="N/A",V18="N/A",W18="N/A",X18="N/A",Y18="N/A",Z18="N/A",AA18="N/A",AB18="N/A",AC18="N/A",AD18="N/A"),"N/A",IF(MAX(P18:AD18)=0,"",MAX(P18:AD18)))) -> N/A | M18: =IF(OR(AE18="Need Info",AF18="Need Info",AG18="Need Info",AH18="Need Info",AI18="Need Info",AJ18="Need Info",AK18="Need Info",AL18="Need Info",AM18="Need Info",AN18="Need Info",AO18="Need Info",AP18="Need Info",AQ18="Need Info"),"Need Info",IF(OR(AE18="",AF18="",AG18="",AH18="",AI18="",AJ18="",AK18="",AL18="",AM18="",AN18="",AO18="",AP18="",AQ18=""),"",IF(AND(AE18="N/A",AF18="N/A",AG18="N/A",AH18="N/A",AI18="N/A",AJ18="N/A",AK18="N/A",AL18="N/A",AM18="N/A",AN18="N/A",AO18="N/A",AP18="N/A",AQ18="N/A"),"N/A",IF(MAX(AE18:AQ18)=0,"",MAX(AE18:AQ18))))) -> N/A | P18: N/A | Q18: N/A | R18: N/A | S18: N/A | T18: N/A | U18: N/A | V18: N/A | W18: N/A | X18: N/A | Y18: N/A | Z18: N/A | AA18: N/A | AB18: N/A | AC18: N/A | AD18: N/A | AE18: N/A | AF18: N/A | AG18: N/A | AH18: N/A | AI18: N/A | AJ18: N/A | AK18: N/A | AL18: N/A | AM18: N/A | AN18: N/A | AO18: N/A | AP18: N/A | AQ18: N/A | AR18: N/A | AS18: N/A | AT18: N/A | AU18: N/A | AV18: N/A | AW18: N/A | AX18: N/A | AY18: Inactive | AZ18: Inactive | BA18: Inactive | BB18: Inactive | BC18: Inactive | BD18: Inactive | BE18: N/A | BG18: N/A | BH18: N/A | BI18: N/A | BJ18: N/A | BK18: N/A | BL18: N/A | BM18: N/A | BN18: N/A | BO18: N/A | BP18: N/A
A19: =LEFT(Table1[[#This Row],[Level]],2)&"-"&Table1[[#This Row],[Seq]] -> L2-9 | B19: L2-Code | C19: =IFERROR(IF(AND(Table1[[#This Row],[Level]]=B18,Table1[[#This Row],[Form Name]]=E18),C18,IF(Table1[[#This Row],[Level]]=B18,C18+1,1)),1) -> 9 | D19: GEN | E19: Nature of Transaction Codes | F19: Seed | K19: =IFERROR(VLOOKUP(E19,'Data Owners'!G:H,2,0),VLOOKUP(D19,'Data Owners'!A:D,3,0)) -> All | L19: =IF(OR(P19="",Q19="",R19="",S19="",T19="",U19="",V19="",W19="",X19="",Y19="",Z19="",AA19="",AB19="",AC19="",AD19=""),"",IF(AND(P19="N/A",Q19="N/A",R19="N/A",S19="N/A",T19="N/A",U19="N/A",V19="N/A",W19="N/A",X19="N/A",Y19="N/A",Z19="N/A",AA19="N/A",AB19="N/A",AC19="N/A",AD19="N/A"),"N/A",IF(MAX(P19:AD19)=0,"",MAX(P19:AD19)))) -> N/A | M19: =IF(OR(AE19="Need Info",AF19="Need Info",AG19="Need Info",AH19="Need Info",AI19="Need Info",AJ19="Need Info",AK19="Need Info",AL19="Need Info",AM19="Need Info",AN19="Need Info",AO19="Need Info",AP19="Need Info",AQ19="Need Info"),"Need Info",IF(OR(AE19="",AF19="",AG19="",AH19="",AI19="",AJ19="",AK19="",AL19="",AM19="",AN19="",AO19="",AP19="",AQ19=""),"",IF(AND(AE19="N/A",AF19="N/A",AG19="N/A",AH19="N/A",AI19="N/A",AJ19="N/A",AK19="N/A",AL19="N/A",AM19="N/A",AN19="N/A",AO19="N/A",AP19="N/A",AQ19="N/A"),"N/A",IF(MAX(AE19:AQ19)=0,"",MAX(AE19:AQ19))))) -> N/A | P19: N/A | Q19: N/A | R19: N/A | S19: N/A | T19: N/A | U19: N/A | V19: N/A | W19: N/A | X19: N/A | Y19: N/A | Z19: N/A | AA19: N/A | AB19: N/A | AC19: N/A | AD19: N/A | AE19: N/A | AF19: N/A | AG19: N/A | AH19: N/A | AI19: N/A | AJ19: N/A | AK19: N/A | AL19: N/A | AM19: N/A | AN19: N/A | AO19: N/A | AP19: N/A | AQ19: N/A | AR19: N/A | AS19: N/A | AT19: N/A | AU19: N/A | AV19: N/A | AW19: N/A | AX19: N/A | AY19: Inactive | AZ19: Inactive | BA19: Inactive | BB19: Inactive | BC19: Inactive | BD19: Inactive | BE19: N/A | BF19: N/A | BG19: N/A | BH19: N/A | BI19: N/A | BJ19: N/A | BK19: N/A | BL19: N/A | BM19: N/A | BN19: N/A | BO19: N/A | BP19: N/A
A20: =LEFT(Table1[[#This Row],[Level]],2)&"-"&Table1[[#This Row],[Seq]] -> L2-10 | B20: L2-Code | C20: =IFERROR(IF(AND(Table1[[#This Row],[Level]]=B19,Table1[[#This Row],[Form Name]]=E19),C19,IF(Table1[[#This Row],[Level]]=B19,C19+1,1)),1) -> 10 | D20: GEN | E20: Secondary Nature of Transaction Code | F20: Seed | K20: =IFERROR(VLOOKUP(E20,'Data Owners'!G:H,2,0),VLOOKUP(D20,'Data Owners'!A:D,3,0)) -> All | L20: =IF(OR(P20="",Q20="",R20="",S20="",T20="",U20="",V20="",W20="",X20="",Y20="",Z20="",AA20="",AB20="",AC20="",AD20=""),"",IF(AND(P20="N/A",Q20="N/A",R20="N/A",S20="N/A",T20="N/A",U20="N/A",V20="N/A",W20="N/A",X20="N/A",Y20="N/A",Z20="N/A",AA20="N/A",AB20="N/A",AC20="N/A",AD20="N/A"),"N/A",IF(MAX(P20:AD20)=0,"",MAX(P20:AD20)))) -> N/A | M20: =IF(OR(AE20="Need Info",AF20="Need Info",AG20="Need Info",AH20="Need Info",AI20="Need Info",AJ20="Need Info",AK20="Need Info",AL20="Need Info",AM20="Need Info",AN20="Need Info",AO20="Need Info",AP20="Need Info",AQ20="Need Info"),"Need Info",IF(OR(AE20="",AF20="",AG20="",AH20="",AI20="",AJ20="",AK20="",AL20="",AM20="",AN20="",AO20="",AP20="",AQ20=""),"",IF(AND(AE20="N/A",AF20="N/A",AG20="N/A",AH20="N/A",AI20="N/A",AJ20="N/A",AK20="N/A",AL20="N/A",AM20="N/A",AN20="N/A",AO20="N/A",AP20="N/A",AQ20="N/A"),"N/A",IF(MAX(AE20:AQ20)=0,"",MAX(AE20:AQ20))))) -> N/A | P20: N/A | Q20: N/A | R20: N/A | S20: N/A | T20: N/A | U20: N/A | V20: N/A | W20: N/A | X20: N/A | Y20: N/A | Z20: N/A | AA20: N/A | AB20: N/A | AC20: N/A | AD20: N/A | AE20: N/A | AF20: N/A | AG20: N/A | AH20: N/A | AI20: N/A | AJ20: N/A | AK20: N/A | AL20: N/A | AM20: N/A | AN20: N/A | AO20: N/A | AP20: N/A | AQ20: N/A | AR20: N/A | AS20: N/A | AT20: N/A | AU20: N/A | AV20: N/A | AW20: N/A | AX20: N/A | AY20: Inactive | AZ20: Inactive | BA20: Inactive | BB20: Inactive | BC20: Inactive | BD20: Inactive | BE20: N/A | BF20: N/A | BG20: N/A | BH20: N/A | BI20: N/A | BJ20: N/A | BK20: N/A | BL20: N/A | BM20: N/A | BN20: N/A | BO20: N/A | BP20: N/A
A21: =LEFT(Table1[[#This Row],[Level]],2)&"-"&Table1[[#This Row],[Seq]] -> L2-11 | B21: L2-Code | C21: =IFERROR(IF(AND(Table1[[#This Row],[Level]]=B20,Table1[[#This Row],[Form Name]]=E20),C20,IF(Table1[[#This Row],[Level]]=B20,C20+1,1)),1) -> 11 | D21: GEN | E21: Ship Via Codes | F21: After Seed | K21: =IFERROR(VLOOKUP(E21,'Data Owners'!G:H,2,0),VLOOKUP(D21,'Data Owners'!A:D,3,0)) -> All | L21: =IF(OR(P21="",Q21="",R21="",S21="",T21="",U21="",V21="",W21="",X21="",Y21="",Z21="",AA21="",AB21="",AC21="",AD21=""),"",IF(AND(P21="N/A",Q21="N/A",R21="N/A",S21="N/A",T21="N/A",U21="N/A",V21="N/A",W21="N/A",X21="N/A",Y21="N/A",Z21="N/A",AA21="N/A",AB21="N/A",AC21="N/A",AD21="N/A"),"N/A",IF(MAX(P21:AD21)=0,"",MAX(P21:AD21)))) -> 43368 | M21: =IF(OR(AE21="Need Info",AF21="Need Info",AG21="Need Info",AH21="Need Info",AI21="Need Info",AJ21="Need Info",AK21="Need Info",AL21="Need Info",AM21="Need Info",AN21="Need Info",AO21="Need Info",AP21="Need Info",AQ21="Need Info"),"Need Info",IF(OR(AE21="",AF21="",AG21="",AH21="",AI21="",AJ21="",AK21="",AL21="",AM21="",AN21="",AO21="",AP21="",AQ21=""),"",IF(AND(AE21="N/A",AF21="N/A",AG21="N/A",AH21="N/A",AI21="N/A",AJ21="N/A",AK21="N/A",AL21="N/A",AM21="N/A",AN21="N/A",AO21="N/A",AP21="N/A",AQ21="N/A"),"N/A",IF(MAX(AE21:AQ21)=0,"",MAX(AE21:AQ21))))) -> 43529 | O21: Add new to 1JBT, CORP | P21: N/A | Q21: N/A | R21: N/A | S21: N/A | T21: 43312 | U21: 43301 | V21: 43368 | W21: 43254 | X21: 43300 | Y21: N/A | Z21: N/A | AA21: N/A | AB21: N/A | AC21: 43128 | AD21: 43301 | AE21: N/A | AF21: 43529 | AG21: 43529 | AH21: N/A | AI21: 43529 | AJ21: 43529 | AK21: N/A | AL21: 43529 | AM21: 43529 | AN21: N/A | AO21: 43529 | AP21: N/A | AQ21: 43529 | AR21: Inactive | AS21: Inactive | AT21: Inactive | AU21: Inactive | AV21: Inactive | AW21: Inactive | AX21: Inactive | AY21: Inactive | AZ21: Inactive | BA21: Inactive | BB21: Inactive | BC21: Inactive | BD21: Inactive | BE21: N/A | BG21: 43312 | BH21: Skip | BI21: Skip | BJ21: Skip | BK21: Skip | BL21: Skip | BM21: 43480 | BN21: 43480 | BO21: 43480 | BP21: 43480
A22: =LEFT(Table1[[#This Row],[Level]],2)&"-"&Table1[[#This Row],[Seq]] -> L2-12 | B22: L2-Code | C22: =IFERROR(IF(AND(Table1[[#This Row],[Level]]=B21,Table1[[#This Row],[Form Name]]=E21),C21,IF(Table1[[#This Row],[Level]]=B21,C21+1,1)),1) -> 12 | D22: GEN | E22: Unit of Measure Codes | F22: Seed | H22: Yes | I22: Global | J22: Manual | K22: =IFERROR(VLOOKUP(E22,'Data Owners'!G:H,2,0),VLOOKUP(D22,'Data Owners'!A:D,3,0)) -> All | L22: =IF(OR(P22="",Q22="",R22="",S22="",T22="",U22="",V22="",W22="",X22="",Y22="",Z22="",AA22="",AB22="",AC22="",AD22=""),"",IF(AND(P22="N/A",Q22="N/A",R22="N/A",S22="N/A",T22="N/A",U22="N/A",V22="N/A",W22="N/A",X22="N/A",Y22="N/A",Z22="N/A",AA22="N/A",AB22="N/A",AC22="N/A",AD22="N/A"),"N/A",IF(MAX(P22:AD22)=0,"",MAX(P22:AD22)))) -> 43243 | M22: =IF(OR(AE22="Need Info",AF22="Need Info",AG22="Need Info",AH22="Need Info",AI22="Need Info",AJ22="Need Info",AK22="Need Info",AL22="Need Info",AM22="Need Info",AN22="Need Info",AO22="Need Info",AP22="Need Info",AQ22="Need Info"),"Need Info",IF(OR(AE22="",AF22="",AG22="",AH22="",AI22="",AJ22="",AK22="",AL22="",AM22="",AN22="",AO22="",AP22="",AQ22=""),"",IF(AND(AE22="N/A",AF22="N/A",AG22="N/A",AH22="N/A",AI22="N/A",AJ22="N/A",AK22="N/A",AL22="N/A",AM22="N/A",AN22="N/A",AO22="N/A",AP22="N/A",AQ22="N/A"),"N/A",IF(MAX(AE22:AQ22)=0,"",MAX(AE22:AQ22))))) -> 43403 | P22: N/A | Q22: N/A | R22: N/A | S22: N/A | T22: 43115 | U22: 43115 | V22: 43165 | W22: 43243 | X22: 43243 | Y22: N/A | Z22: N/A | AA22: N/A | AB22: N/A | AC22: 43125 | AD22: 43115 | AE22: N/A | AF22: 43403 | AG22: 43403 | AH22: N/A | AI22: 43403 | AJ22: 43403 | AK22: N/A | AL22: 43403 | AM22: 43403 | AN22: N/A | AO22: 43403 | AP22: N/A | AQ22: 43403 | AR22: 43403 | AS22: 43403 | AT22: 43403 | AU22: 43403 | AV22: 43403 | AW22: N/A | AX22: 43403 | AY22: Inactive | AZ22: Inactive | BA22: Inactive | BB22: Inactive | BC22: Inactive | BD22: Inactive | BE22: N/A | BF22: 43165 | BG22: 43409 | BH22: 43409 | BI22: 43409 | BJ22: 43409 | BK22: 43409 | BL22: 43409 | BN22: =Table1[[#This Row],[Seed: Seed_BKK1]] -> 43403 | BO22: =Table1[[#This Row],[Seed: Seed_THQ1]] -> 43403 | BP22: =Table1[[#This Row],[Seed: Seed_SIN1]] -> 43403
A23: =LEFT(Table1[[#This Row],[Level]],2)&"-"&Table1[[#This Row],[Seq]] -> L2-13 | B23: L2-Code | C23: =IFERROR(IF(AND(Table1[[#This Row],[Level]]=B22,Table1[[#This Row],[Form Name]]=E22),C22,IF(Table1[[#This Row],[Level]]=B22,C22+1,1)),1) -> 13 | D23: ACC | E23: Bank Reconciliation Reason Codes | F23: Seed | G23: Bank | H23: Yes | I23: Global | J23: Manual | K23: =IFERROR(VLOOKUP(E23,'Data Owners'!G:H,2,0),VLOOKUP(D23,'Data Owners'!A:D,3,0)) -> John Bohrman | L23: =IF(OR(P23="",Q23="",R23="",S23="",T23="",U23="",V23="",W23="",X23="",Y23="",Z23="",AA23="",AB23="",AC23="",AD23=""),"",IF(AND(P23="N/A",Q23="N/A",R23="N/A",S23="N/A",T23="N/A",U23="N/A",V23="N/A",W23="N/A",X23="N/A",Y23="N/A",Z23="N/A",AA23="N/A",AB23="N/A",AC23="N/A",AD23="N/A"),"N/A",IF(MAX(P23:AD23)=0,"",MAX(P23:AD23)))) -> 43172 | M23: =IF(OR(AE23="Need Info",AF23="Need Info",AG23="Need Info",AH23="Need Info",AI23="Need Info",AJ23="Need Info",AK23="Need Info",AL23="Need Info",AM23="Need Info",AN23="Need Info",AO23="Need Info",AP23="Need Info",AQ23="Need Info"),"Need Info",IF(OR(AE23="",AF23="",AG23="",AH23="",AI23="",AJ23="",AK23="",AL23="",AM23="",AN23="",AO23="",AP23="",AQ23=""),"",IF(AND(AE23="N/A",AF23="N/A",AG23="N/A",AH23="N/A",AI23="N/A",AJ23="N/A",AK23="N/A",AL23="N/A",AM23="N/A",AN23="N/A",AO23="N/A",AP23="N/A",AQ23="N/A"),"N/A",IF(MAX(AE23:AQ23)=0,"",MAX(AE23:AQ23))))) -> 43403 | P23: N/A | Q23: N/A | R23: N/A | S23: N/A | T23: N/A | U23: 43105 | V23: 43165 | W23: 43105 | X23: 43105 | Y23: 43172 | Z23: 43172 | AA23: 43172 | AB23: 43172 | AC23: 43105 | AD23: 43105 | AE23: N/A | AF23: 43165 | AG23: 43165 | AH23: N/A | AI23: 43403 | AJ23: 43403 | AK23: N/A | AL23: 43403 | AM23: 43403 | AN23: N/A | AO23: 43403 | AP23: N/A | AQ23: 43403 | AR23: 43403 | AS23: 43403 | AT23: 43403 | AU23: 43403 | AV23: 43403 | AW23: N/A | AX23: 43403 | AY23: Inactive | AZ23: Inactive | BA23: Inactive | BB23: Inactive | BC23: Inactive | BD23: Inactive | BE23: N/A | BF23: 43165 | BG23: N/A | BH23: 43403 | BI23: 43403 | BJ23: 43403 | BK23: 43403 | BL23: 43403 | BN23: =Table1[[#This Row],[Seed: Seed_BKK1]] -> 43403 | BO23: =Table1[[#This Row],[Seed: Seed_THQ1]] -> 43403 | BP23: =Table1[[#This Row],[Seed: Seed_SIN1]] -> 43403
A24: =LEFT(Table1[[#This Row],[Level]],2)&"-"&Table1[[#This Row],[Seq]] -> L2-14 | B24: L2-Code | C24: =IFERROR(IF(AND(Table1[[#This Row],[Level]]=B23,Table1[[#This Row],[Form Name]]=E23),C23,IF(Table1[[#This Row],[Level]]=B23,C23+1,1)),1) -> 14 | D24: ACC | E24: Bank File Format | F24: After Seed | G24: Bank | H24: Yes | I24: Global | J24: Manual | K24: =IFERROR(VLOOKUP(E24,'Data Owners'!G:H,2,0),VLOOKUP(D24,'Data Owners'!A:D,3,0)) -> John Bohrman | L24: =IF(OR(P24="",Q24="",R24="",S24="",T24="",U24="",V24="",W24="",X24="",Y24="",Z24="",AA24="",AB24="",AC24="",AD24=""),"",IF(AND(P24="N/A",Q24="N/A",R24="N/A",S24="N/A",T24="N/A",U24="N/A",V24="N/A",W24="N/A",X24="N/A",Y24="N/A",Z24="N/A",AA24="N/A",AB24="N/A",AC24="N/A",AD24="N/A"),"N/A",IF(MAX(P24:AD24)=0,"",MAX(P24:AD24)))) -> 43301 | M24: =IF(OR(AE24="Need Info",AF24="Need Info",AG24="Need Info",AH24="Need Info",AI24="Need Info",AJ24="Need Info",AK24="Need Info",AL24="Need Info",AM24="Need Info",AN24="Need Info",AO24="Need Info",AP24="Need Info",AQ24="Need Info"),"Need Info",IF(OR(AE24="",AF24="",AG24="",AH24="",AI24="",AJ24="",AK24="",AL24="",AM24="",AN24="",AO24="",AP24="",AQ24=""),"",IF(AND(AE24="N/A",AF24="N/A",AG24="N/A",AH24="N/A",AI24="N/A",AJ24="N/A",AK24="N/A",AL24="N/A",AM24="N/A",AN24="N/A",AO24="N/A",AP24="N/A",AQ24="N/A"),"N/A",IF(MAX(AE24:AQ24)=0,"",MAX(AE24:AQ24))))) | P24: N/A | Q24: N/A | R24: N/A | S24: N/A | T24: 43118 | U24: 43166 | V24: 43301 | W24: 43118 | X24: 43243 | Y24: N/A | Z24: N/A | AA24: N/A | AB24: N/A | AC24: 43118 | AD24: 43118 | AE24: N/A | AF24: N/A | AG24: N/A | AH24: N/A | AK24: N/A | AN24: N/A | AP24: N/A | AR24: Inactive | AS24: Inactive | AT24: Inactive | AU24: Inactive | AV24: Inactive | AW24: Inactive | AX24: Inactive | AY24: Inactive | AZ24: Inactive | BA24: Inactive | BB24: Inactive | BC24: Inactive | BD24: Inactive | BE24: N/A | BF24: N/A | BG24: 43118 | BH24: 43418 | BI24: 43418 | BJ24: 43418 | BK24: 43418 | BL24: 43418 | BM24: N/A | BN24: Need Info | BO24: Need Info | BP24: Need Info
A25: =LEFT(Table1[[#This Row],[Level]],2)&"-"&Table1[[#This Row],[Seq]] -> L2-15 | B25: L2-Code | C25: =IFERROR(IF(AND(Table1[[#This Row],[Level]]=B24,Table1[[#This Row],[Form Name]]=E24),C24,IF(Table1[[#This Row],[Level]]=B24,C24+1,1)),1) -> 15 | D25: ACC | E25: Bank Code Bank File Format | F25: After Seed | G25: Bank | H25: Yes | I25: Global | J25: Manual | K25: =IFERROR(VLOOKUP(E25,'Data Owners'!G:H,2,0),VLOOKUP(D25,'Data Owners'!A:D,3,0)) -> John Bohrman | L25: =IF(OR(P25="",Q25="",R25="",S25="",T25="",U25="",V25="",W25="",X25="",Y25="",Z25="",AA25="",AB25="",AC25="",AD25=""),"",IF(AND(P25="N/A",Q25="N/A",R25="N/A",S25="N/A",T25="N/A",U25="N/A",V25="N/A",W25="N/A",X25="N/A",Y25="N/A",Z25="N/A",AA25="N/A",AB25="N/A",AC25="N/A",AD25="N/A"),"N/A",IF(MAX(P25:AD25)=0,"",MAX(P25:AD25)))) -> 43301 | M25: =IF(OR(AE25="Need Info",AF25="Need Info",AG25="Need Info",AH25="Need Info",AI25="Need Info",AJ25="Need Info",AK25="Need Info",AL25="Need Info",AM25="Need Info",AN25="Need Info",AO25="Need Info",AP25="Need Info",AQ25="Need Info"),"Need Info",IF(OR(AE25="",AF25="",AG25="",AH25="",AI25="",AJ25="",AK25="",AL25="",AM25="",AN25="",AO25="",AP25="",AQ25=""),"",IF(AND(AE25="N/A",AF25="N/A",AG25="N/A",AH25="N/A",AI25="N/A",AJ25="N/A",AK25="N/A",AL25="N/A",AM25="N/A",AN25="N/A",AO25="N/A",AP25="N/A",AQ25="N/A"),"N/A",IF(MAX(AE25:AQ25)=0,"",MAX(AE25:AQ25))))) | P25: N/A | Q25: N/A | R25: N/A | S25: N/A | T25: 43118 | U25: 43166 | V25: 43301 | W25: 43118 | X25: 43243 | Y25: N/A | Z25: N/A | AA25: N/A | AB25: N/A | AC25: 43118 | AD25: 43118 | AE25: N/A | AF25: N/A | AG25: N/A | AH25: N/A | AK25: N/A | AN25: N/A | AP25: N/A | AR25: Inactive | AS25: Inactive | AT25: Inactive | AU25: Inactive | AV25: Inactive | AW25: Inactive | AX25: Inactive | AY25: Inactive | AZ25: Inactive | BA25: Inactive | BB25: Inactive | BC25: Inactive | BD25: Inactive | BE25: N/A | BF25: N/A | BG25: 43118 | BH25: 43418 | BI25: 43418 | BJ25: 43418 | BK25: 43418 | BL25: 43418 | BM25: N/A | BN25: Need Info | BO25: Need Info | BP25: Need Info
A26: =LEFT(Table1[[#This Row],[Level]],2)&"-"&Table1[[#This Row],[Seq]] -> L2-16 | B26: L2-Code | C26: =IFERROR(IF(AND(Table1[[#This Row],[Level]]=B25,Table1[[#This Row],[Form Name]]=E25),C25,IF(Table1[[#This Row],[Level]]=B25,C25+1,1)),1) -> 16 | D26: ACC | E26: Bank Reconciliations | F26: After Seed | G26: Bank | H26: Yes | I26: Global | J26: Manual | K26: =IFERROR(VLOOKUP(E26,'Data Owners'!G:H,2,0),VLOOKUP(D26,'Data Owners'!A:D,3,0)) -> John Bohrman | L26: =IF(OR(P26="",Q26="",R26="",S26="",T26="",U26="",V26="",W26="",X26="",Y26="",Z26="",AA26="",AB26="",AC26="",AD26=""),"",IF(AND(P26="N/A",Q26="N/A",R26="N/A",S26="N/A",T26="N/A",U26="N/A",V26="N/A",W26="N/A",X26="N/A",Y26="N/A",Z26="N/A",AA26="N/A",AB26="N/A",AC26="N/A",AD26="N/A"),"N/A",IF(MAX(P26:AD26)=0,"",MAX(P26:AD26)))) -> 43301 | M26: =IF(OR(AE26="Need Info",AF26="Need Info",AG26="Need Info",AH26="Need Info",AI26="Need Info",AJ26="Need Info",AK26="Need Info",AL26="Need Info",AM26="Need Info",AN26="Need Info",AO26="Need Info",AP26="Need Info",AQ26="Need Info"),"Need Info",IF(OR(AE26="",AF26="",AG26="",AH26="",AI26="",AJ26="",AK26="",AL26="",AM26="",AN26="",AO26="",AP26="",AQ26=""),"",IF(AND(AE26="N/A",AF26="N/A",AG26="N/A",AH26="N/A",AI26="N/A",AJ26="N/A",AK26="N/A",AL26="N/A",AM26="N/A",AN26="N/A",AO26="N/A",AP26="N/A",AQ26="N/A"),"N/A",IF(MAX(AE26:AQ26)=0,"",MAX(AE26:AQ26))))) | P26: N/A | Q26: N/A | R26: N/A | S26: N/A | T26: 43115 | U26: 43115 | V26: 43301 | W26: 43115 | X26: 43243 | Y26: N/A | Z26: N/A | AA26: N/A | AB26: N/A | AC26: 43118 | AD26: 43115 | AE26: N/A | AF26: N/A | AG26: N/A | AH26: N/A | AK26: N/A | AL26: 43468 | AM26: 43468 | AN26: N/A | AP26: N/A | AR26: 43468 | AS26: N/A | AT26: 43468 | AU26: 43468 | AV26: 43468 | AW26: N/A | AX26: 43468 | AY26: Inactive | AZ26: Inactive | BA26: Inactive | BB26: Inactive | BC26: Inactive | BD26: Inactive | BE26: N/A | BG26: 43115 | BH26: 43410 | BI26: 43410 | BJ26: 43410 | BK26: 43410 | BL26: 43410 | BM26: 43480 | BN26: =Table1[[#This Row],[Seed: Seed_BKK1]] -> 43468 | BO26: =Table1[[#This Row],[Seed: Seed_THQ1]] -> 43468 | BP26: =Table1[[#This Row],[Seed: Seed_SIN1]] -> 0
A27: =LEFT(Table1[[#This Row],[Level]],2)&"-"&Table1[[#This Row],[Seq]] -> L2-17 | B27: L2-Code | C27: =IFERROR(IF(AND(Table1[[#This Row],[Level]]=B26,Table1[[#This Row],[Form Name]]=E26),C26,IF(Table1[[#This Row],[Level]]=B26,C26+1,1)),1) -> 17 | D27: ACC | E27: Credit Hold Reason Codes | F27: Seed | G27: AR | H27: Yes | I27: Global | J27: Manual | K27: =IFERROR(VLOOKUP(E27,'Data Owners'!G:H,2,0),VLOOKUP(D27,'Data Owners'!A:D,3,0)) -> John Bohrman | L27: =IF(OR(P27="",Q27="",R27="",S27="",T27="",U27="",V27="",W27="",X27="",Y27="",Z27="",AA27="",AB27="",AC27="",AD27=""),"",IF(AND(P27="N/A",Q27="N/A",R27="N/A",S27="N/A",T27="N/A",U27="N/A",V27="N/A",W27="N/A",X27="N/A",Y27="N/A",Z27="N/A",AA27="N/A",AB27="N/A",AC27="N/A",AD27="N/A"),"N/A",IF(MAX(P27:AD27)=0,"",MAX(P27:AD27)))) -> 43172 | M27: =IF(OR(AE27="Need Info",AF27="Need Info",AG27="Need Info",AH27="Need Info",AI27="Need Info",AJ27="Need Info",AK27="Need Info",AL27="Need Info",AM27="Need Info",AN27="Need Info",AO27="Need Info",AP27="Need Info",AQ27="Need Info"),"Need Info",IF(OR(AE27="",AF27="",AG27="",AH27="",AI27="",AJ27="",AK27="",AL27="",AM27="",AN27="",AO27="",AP27="",AQ27=""),"",IF(AND(AE27="N/A",AF27="N/A",AG27="N/A",AH27="N/A",AI27="N/A",AJ27="N/A",AK27="N/A",AL27="N/A",AM27="N/A",AN27="N/A",AO27="N/A",AP27="N/A",AQ27="N/A"),"N/A",IF(MAX(AE27:AQ27)=0,"",MAX(AE27:AQ27))))) -> 43403 | P27: N/A | Q27: N/A | R27: N/A | S27: N/A | T27: 43105 | U27: 43105 | V27: 43165 | W27: 43105 | X27: 43105 | Y27: 43172 | Z27: 43172 | AA27: 43172 | AB27: 43172 | AC27: 43105 | AD27: 43105 | AE27: N/A | AF27: 43165 | AG27: 43165 | AH27: N/A | AI27: 43403 | AJ27: 43403 | AK27: N/A | AL27: 43403 | AM27: 43403 | AN27: N/A | AO27: 43403 | AP27: N/A | AQ27: 43403 | AR27: 43403 | AS27: 43403 | AT27: 43403 | AU27: 43403 | AV27: 43403 | AW27: N/A | AX27: 43403 | AY27: Inactive | AZ27: Inactive | BA27: Inactive | BB27: Inactive | BC27: Inactive | BD27: Inactive | BE27: N/A | BF27: 43165 | BG27: 43105 | BH27: 43403 | BI27: 43403 | BJ27: 43403 | BK27: 43403 | BL27: 43403 | BN27: =Table1[[#This Row],[Seed: Seed_BKK1]] -> 43403 | BO27: =Table1[[#This Row],[Seed: Seed_THQ1]] -> 43403 | BP27: =Table1[[#This Row],[Seed: Seed_SIN1]] -> 43403
A28: =LEFT(Table1[[#This Row],[Level]],2)&"-"&Table1[[#This Row],[Seq]] -> L2-18 | B28: L2-Code | C28: =IFERROR(IF(AND(Table1[[#This Row],[Level]]=B27,Table1[[#This Row],[Form Name]]=E27),C27,IF(Table1[[#This Row],[Level]]=B27,C27+1,1)),1) -> 18 | D28: ACC | E28: Currency Codes | F28: Seed | G28: GL | H28: Yes | I28: Global | J28: Manual | K28: =IFERROR(VLOOKUP(E28,'Data Owners'!G:H,2,0),VLOOKUP(D28,'Data Owners'!A:D,3,0)) -> John Bohrman | L28: =IF(OR(P28="",Q28="",R28="",S28="",T28="",U28="",V28="",W28="",X28="",Y28="",Z28="",AA28="",AB28="",AC28="",AD28=""),"",IF(AND(P28="N/A",Q28="N/A",R28="N/A",S28="N/A",T28="N/A",U28="N/A",V28="N/A",W28="N/A",X28="N/A",Y28="N/A",Z28="N/A",AA28="N/A",AB28="N/A",AC28="N/A",AD28="N/A"),"N/A",IF(MAX(P28:AD28)=0,"",MAX(P28:AD28)))) -> 43525 | M28: =IF(OR(AE28="Need Info",AF28="Need Info",AG28="Need Info",AH28="Need Info",AI28="Need Info",AJ28="Need Info",AK28="Need Info",AL28="Need Info",AM28="Need Info",AN28="Need Info",AO28="Need Info",AP28="Need Info",AQ28="Need Info"),"Need Info",IF(OR(AE28="",AF28="",AG28="",AH28="",AI28="",AJ28="",AK28="",AL28="",AM28="",AN28="",AO28="",AP28="",AQ28=""),"",IF(AND(AE28="N/A",AF28="N/A",AG28="N/A",AH28="N/A",AI28="N/A",AJ28="N/A",AK28="N/A",AL28="N/A",AM28="N/A",AN28="N/A",AO28="N/A",AP28="N/A",AQ28="N/A"),"N/A",IF(MAX(AE28:AQ28)=0,"",MAX(AE28:AQ28))))) -> 43528 | P28: 43525 | Q28: 43525 | R28: 43525 | S28: 43525 | T28: 43525 | U28: 43525 | V28: 43525 | W28: 43525 | X28: 43525 | Y28: 43525 | Z28: 43525 | AA28: 43525 | AB28: 43525 | AC28: 43525 | AD28: 43525 | AE28: N/A | AF28: 43528 | AG28: 43528 | AH28: 43528 | AI28: 43528 | AJ28: 43528 | AK28: 43528 | AL28: 43528 | AM28: 43528 | AN28: 43528 | AO28: 43528 | AP28: 43528 | AQ28: 43528 | AR28: 43528 | AS28: 43528 | AT28: 43528 | AU28: 43528 | AV28: 43528 | AW28: 43528 | AX28: 43528 | AY28: 43528 | AZ28: 43528 | BA28: 43528 | BB28: 43528 | BC28: 43528 | BD28: 43528 | BE28: 43528 | BF28: 43528 | BG28: 43160 | BH28: 43402 | BI28: 43402 | BJ28: 43402 | BK28: 43402 | BL28: 43402 | BN28: =Table1[[#This Row],[Seed: Seed_BKK1]] -> 43528 | BO28: =Table1[[#This Row],[Seed: Seed_THQ1]] -> 43528 | BP28: =Table1[[#This Row],[Seed: Seed_SIN1]] -> 43528
A29: =LEFT(Table1[[#This Row],[Level]],2)&"-"&Table1[[#This Row],[Seq]] -> L2-19 | B29: L2-Code | C29: =IFERROR(IF(AND(Table1[[#This Row],[Level]]=B28,Table1[[#This Row],[Form Name]]=E28),C28,IF(Table1[[#This Row],[Level]]=B28,C28+1,1)),1) -> 19 | D29: ACC | E29: Currency Rates | F29: After Seed | G29: GL | H29: Yes | I29: Global | J29: Manual | K29: =IFERROR(VLOOKUP(E29,'Data Owners'!G:H,2,0),VLOOKUP(D29,'Data Owners'!A:D,3,0)) -> John Bohrman | L29: =IF(OR(P29="",Q29="",R29="",S29="",T29="",U29="",V29="",W29="",X29="",Y29="",Z29="",AA29="",AB29="",AC29="",AD29=""),"",IF(AND(P29="N/A",Q29="N/A",R29="N/A",S29="N/A",T29="N/A",U29="N/A",V29="N/A",W29="N/A",X29="N/A",Y29="N/A",Z29="N/A",AA29="N/A",AB29="N/A",AC29="N/A",AD29="N/A"),"N/A",IF(MAX(P29:AD29)=0,"",MAX(P29:AD29)))) -> 43253 | M29: =IF(OR(AE29="Need Info",AF29="Need Info",AG29="Need Info",AH29="Need Info",AI29="Need Info",AJ29="Need Info",AK29="Need Info",AL29="Need Info",AM29="Need Info",AN29="Need Info",AO29="Need Info",AP29="Need Info",AQ29="Need Info"),"Need Info",IF(OR(AE29="",AF29="",AG29="",AH29="",AI29="",AJ29="",AK29="",AL29="",AM29="",AN29="",AO29="",AP29="",AQ29=""),"",IF(AND(AE29="N/A",AF29="N/A",AG29="N/A",AH29="N/A",AI29="N/A",AJ29="N/A",AK29="N/A",AL29="N/A",AM29="N/A",AN29="N/A",AO29="N/A",AP29="N/A",AQ29="N/A"),"N/A",IF(MAX(AE29:AQ29)=0,"",MAX(AE29:AQ29))))) -> 43528 | O29: After seed update with current rates | P29: N/A | Q29: 43104 | R29: 43253 | S29: 43253 | T29: 43104 | U29: 43104 | V29: 43165 | W29: 43104 | X29: 43104 | Y29: 43253 | Z29: 43253 | AA29: 43253 | AB29: 43253 | AC29: 43118 | AD29: 43104 | AE29: N/A | AF29: 43528 | AG29: 43528 | AH29: 43528 | AI29: 43528 | AJ29: 43528 | AK29: 43528 | AL29: 43528 | AM29: 43528 | AN29: 43528 | AO29: 43528 | AP29: 43528 | AQ29: 43528 | AR29: 43528 | AS29: 43528 | AT29: 43528 | AU29: 43528 | AV29: 43528 | AW29: 43528 | AX29: 43528 | AY29: 43528 | AZ29: 43528 | BA29: 43528 | BB29: 43528 | BC29: 43528 | BD29: 43528 | BE29: 43528 | BF29: 43528 | BG29: 43104 | BH29: 43402 | BI29: 43402 | BJ29: 43402 | BK29: 43402 | BL29: 43402 | BM29: 43493 | BN29: 43493 | BO29: 43493 | BP29: 43493
A30: =LEFT(Table1[[#This Row],[Level]],2)&"-"&Table1[[#This Row],[Seq]] -> L2-20 | B30: L2-Code | C30: =IFERROR(IF(AND(Table1[[#This Row],[Level]]=B29,Table1[[#This Row],[Form Name]]=E29),C29,IF(Table1[[#This Row],[Level]]=B29,C29+1,1)),1) -> 20 | D30: ACC | E30: Invoice Categories | F30: Seed | G30: AR | H30: Yes | I30: Global | J30: Manual | K30: =IFERROR(VLOOKUP(E30,'Data Owners'!G:H,2,0),VLOOKUP(D30,'Data Owners'!A:D,3,0)) -> John Bohrman | L30: =IF(OR(P30="",Q30="",R30="",S30="",T30="",U30="",V30="",W30="",X30="",Y30="",Z30="",AA30="",AB30="",AC30="",AD30=""),"",IF(AND(P30="N/A",Q30="N/A",R30="N/A",S30="N/A",T30="N/A",U30="N/A",V30="N/A",W30="N/A",X30="N/A",Y30="N/A",Z30="N/A",AA30="N/A",AB30="N/A",AC30="N/A",AD30="N/A"),"N/A",IF(MAX(P30:AD30)=0,"",MAX(P30:AD30)))) -> 43172 | M30: =IF(OR(AE30="Need Info",AF30="Need Info",AG30="Need Info",AH30="Need Info",AI30="Need Info",AJ30="Need Info",AK30="Need Info",AL30="Need Info",AM30="Need Info",AN30="Need Info",AO30="Need Info",AP30="Need Info",AQ30="Need Info"),"Need Info",IF(OR(AE30="",AF30="",AG30="",AH30="",AI30="",AJ30="",AK30="",AL30="",AM30="",AN30="",AO30="",AP30="",AQ30=""),"",IF(AND(AE30="N/A",AF30="N/A",AG30="N/A",AH30="N/A",AI30="N/A",AJ30="N/A",AK30="N/A",AL30="N/A",AM30="N/A",AN30="N/A",AO30="N/A",AP30="N/A",AQ30="N/A"),"N/A",IF(MAX(AE30:AQ30)=0,"",MAX(AE30:AQ30))))) -> 43403 | P30: N/A | Q30: N/A | R30: N/A | S30: N/A | T30: 43115 | U30: 43115 | V30: 43165 | W30: 43115 | X30: 43115 | Y30: 43172 | Z30: 43172 | AA30: 43172 | AB30: 43172 | AC30: 43115 | AD30: 43115 | AE30: N/A | AF30: 43165 | AG30: 43165 | AH30: N/A | AI30: 43403 | AJ30: 43403 | AK30: N/A | AL30: 43403 | AM30: 43403 | AN30: N/A | AO30: 43403 | AP30: N/A | AQ30: 43403 | AR30: 43403 | AS30: 43403 | AT30: 43403 | AU30: 43403 | AV30: 43403 | AW30: N/A | AX30: 43403 | AY30: Inactive | AZ30: Inactive | BA30: Inactive | BB30: Inactive | BC30: Inactive | BD30: Inactive | BE30: N/A | BF30: 43165 | BG30: 43115 | BH30: 43403 | BI30: 43403 | BJ30: 43403 | BK30: 43403 | BL30: 43403 | BN30: =Table1[[#This Row],[Seed: Seed_BKK1]] -> 43403 | BO30: =Table1[[#This Row],[Seed: Seed_THQ1]] -> 43403 | BP30: =Table1[[#This Row],[Seed: Seed_SIN1]] -> 43403
A31: =LEFT(Table1[[#This Row],[Level]],2)&"-"&Table1[[#This Row],[Seq]] -> L2-21 | B31: L2-Code | C31: =IFERROR(IF(AND(Table1[[#This Row],[Level]]=B30,Table1[[#This Row],[Form Name]]=E30),C30,IF(Table1[[#This Row],[Level]]=B30,C30+1,1)),1) -> 21 | D31: ACC | E31: Invoice Debit and Credit Memo Sequences | F31: Seed | G31: AR | H31: Yes | I31: Global | J31: Manual | K31: =IFERROR(VLOOKUP(E31,'Data Owners'!G:H,2,0),VLOOKUP(D31,'Data Owners'!A:D,3,0)) -> John Bohrman | L31: =IF(OR(P31="",Q31="",R31="",S31="",T31="",U31="",V31="",W31="",X31="",Y31="",Z31="",AA31="",AB31="",AC31="",AD31=""),"",IF(AND(P31="N/A",Q31="N/A",R31="N/A",S31="N/A",T31="N/A",U31="N/A",V31="N/A",W31="N/A",X31="N/A",Y31="N/A",Z31="N/A",AA31="N/A",AB31="N/A",AC31="N/A",AD31="N/A"),"N/A",IF(MAX(P31:AD31)=0,"",MAX(P31:AD31)))) -> 43174 | M31: =IF(OR(AE31="Need Info",AF31="Need Info",AG31="Need Info",AH31="Need Info",AI31="Need Info",AJ31="Need Info",AK31="Need Info",AL31="Need Info",AM31="Need Info",AN31="Need Info",AO31="Need Info",AP31="Need Info",AQ31="Need Info"),"Need Info",IF(OR(AE31="",AF31="",AG31="",AH31="",AI31="",AJ31="",AK31="",AL31="",AM31="",AN31="",AO31="",AP31="",AQ31=""),"",IF(AND(AE31="N/A",AF31="N/A",AG31="N/A",AH31="N/A",AI31="N/A",AJ31="N/A",AK31="N/A",AL31="N/A",AM31="N/A",AN31="N/A",AO31="N/A",AP31="N/A",AQ31="N/A"),"N/A",IF(MAX(AE31:AQ31)=0,"",MAX(AE31:AQ31))))) | P31: N/A | Q31: N/A | R31: N/A | S31: N/A | T31: N/A | U31: 43115 | V31: 43174 | W31: 43115 | X31: 43115 | Y31: N/A | Z31: N/A | AA31: N/A | AB31: N/A | AC31: 43115 | AD31: 43115 | AE31: N/A | AF31: N/A | AG31: N/A | AH31: N/A | AK31: N/A | AN31: N/A | AP31: N/A | AR31: Inactive | AS31: Inactive | AT31: Inactive | AU31: Inactive | AV31: Inactive | AW31: Inactive | AX31: Inactive | AY31: Inactive | AZ31: Inactive | BA31: Inactive | BB31: Inactive | BC31: Inactive | BD31: Inactive | BE31: N/A | BG31: N/A | BH31: 43418 | BI31: 43418 | BJ31: 43418 | BK31: 43418 | BL31: 43418 | BN31: 43485 | BO31: 43485 | BP31: 43485
A32: =LEFT(Table1[[#This Row],[Level]],2)&"-"&Table1[[#This Row],[Seq]] -> L2-22 | B32: L2-Code | C32: =IFERROR(IF(AND(Table1[[#This Row],[Level]]=B31,Table1[[#This Row],[Form Name]]=E31),C31,IF(Table1[[#This Row],[Level]]=B31,C31+1,1)),1) -> 22 | D32: ACC | E32: Journals | F32: Seed | G32: GL | H32: Yes | I32: Global | J32: Manual | K32: =IFERROR(VLOOKUP(E32,'Data Owners'!G:H,2,0),VLOOKUP(D32,'Data Owners'!A:D,3,0)) -> John Bohrman | L32: =IF(OR(P32="",Q32="",R32="",S32="",T32="",U32="",V32="",W32="",X32="",Y32="",Z32="",AA32="",AB32="",AC32="",AD32=""),"",IF(AND(P32="N/A",Q32="N/A",R32="N/A",S32="N/A",T32="N/A",U32="N/A",V32="N/A",W32="N/A",X32="N/A",Y32="N/A",Z32="N/A",AA32="N/A",AB32="N/A",AC32="N/A",AD32="N/A"),"N/A",IF(MAX(P32:AD32)=0,"",MAX(P32:AD32)))) -> 43172 | M32: =IF(OR(AE32="Need Info",AF32="Need Info",AG32="Need Info",AH32="Need Info",AI32="Need Info",AJ32="Need Info",AK32="Need Info",AL32="Need Info",AM32="Need Info",AN32="Need Info",AO32="Need Info",AP32="Need Info",AQ32="Need Info"),"Need Info",IF(OR(AE32="",AF32="",AG32="",AH32="",AI32="",AJ32="",AK32="",AL32="",AM32="",AN32="",AO32="",AP32="",AQ32=""),"",IF(AND(AE32="N/A",AF32="N/A",AG32="N/A",AH32="N/A",AI32="N/A",AJ32="N/A",AK32="N/A",AL32="N/A",AM32="N/A",AN32="N/A",AO32="N/A",AP32="N/A",AQ32="N/A"),"N/A",IF(MAX(AE32:AQ32)=0,"",MAX(AE32:AQ32))))) -> 43403 | P32: N/A | Q32: N/A | R32: N/A | S32: N/A | T32: N/A | U32: 43115 | V32: 43165 | W32: 43115 | X32: 43115 | Y32: 43172 | Z32: 43172 | AA32: 43172 | AB32: 43172 | AC32: 43115 | AD32: 43115 | AE32: N/A | AF32: 43165 | AG32: 43165 | AH32: N/A | AI32: 43403 | AJ32: 43403 | AK32: N/A | AL32: 43403 | AM32: 43403 | AN32: N/A | AO32: 43403 | AP32: N/A | AQ32: 43403 | AR32: 43403 | AS32: 43403 | AT32: 43403 | AU32: 43403 | AV32: 43403 | AW32: N/A | AX32: 43403 | AY32: Inactive | AZ32: Inactive | BA32: Inactive | BB32: Inactive | BC32: Inactive | BD32: Inactive | BE32: N/A | BF32: 43165 | BG32: N/A | BH32: 43403 | BI32: 43403 | BJ32: 43403 | BK32: 43403 | BL32: 43403 | BN32: =Table1[[#This Row],[Seed: Seed_BKK1]] -> 43403 | BO32: =Table1[[#This Row],[Seed: Seed_THQ1]] -> 43403 | BP32: =Table1[[#This Row],[Seed: Seed_SIN1]] -> 43403
A33: =LEFT(Table1[[#This Row],[Level]],2)&"-"&Table1[[#This Row],[Seq]] -> L2-23 | B33: L2-Code | C33: =IFERROR(IF(AND(Table1[[#This Row],[Level]]=B32,Table1[[#This Row],[Form Name]]=E32),C32,IF(Table1[[#This Row],[Level]]=B32,C32+1,1)),1) -> 23 | D33: ACC | E33: Payment Hold Reasons | F33: Seed | G33: AR | H33: Yes | I33: Global | J33: Manual | K33: =IFERROR(VLOOKUP(E33,'Data Owners'!G:H,2,0),VLOOKUP(D33,'Data Owners'!A:D,3,0)) -> John Bohrman | L33: =IF(OR(P33="",Q33="",R33="",S33="",T33="",U33="",V33="",W33="",X33="",Y33="",Z33="",AA33="",AB33="",AC33="",AD33=""),"",IF(AND(P33="N/A",Q33="N/A",R33="N/A",S33="N/A",T33="N/A",U33="N/A",V33="N/A",W33="N/A",X33="N/A",Y33="N/A",Z33="N/A",AA33="N/A",AB33="N/A",AC33="N/A",AD33="N/A"),"N/A",IF(MAX(P33:AD33)=0,"",MAX(P33:AD33)))) -> 43448 | M33: =IF(OR(AE33="Need Info",AF33="Need Info",AG33="Need Info",AH33="Need Info",AI33="Need Info",AJ33="Need Info",AK33="Need Info",AL33="Need Info",AM33="Need Info",AN33="Need Info",AO33="Need Info",AP33="Need Info",AQ33="Need Info"),"Need Info",IF(OR(AE33="",AF33="",AG33="",AH33="",AI33="",AJ33="",AK33="",AL33="",AM33="",AN33="",AO33="",AP33="",AQ33=""),"",IF(AND(AE33="N/A",AF33="N/A",AG33="N/A",AH33="N/A",AI33="N/A",AJ33="N/A",AK33="N/A",AL33="N/A",AM33="N/A",AN33="N/A",AO33="N/A",AP33="N/A",AQ33="N/A"),"N/A",IF(MAX(AE33:AQ33)=0,"",MAX(AE33:AQ33))))) -> 43448 | P33: N/A | Q33: N/A | R33: N/A | S33: N/A | T33: 43448 | U33: 43448 | V33: 43448 | W33: 43448 | X33: 43448 | Y33: 43448 | Z33: 43448 | AA33: 43448 | AB33: 43448 | AC33: 43448 | AD33: 43448 | AE33: N/A | AF33: 43448 | AG33: 43448 | AH33: N/A | AI33: 43448 | AJ33: 43448 | AK33: N/A | AL33: 43448 | AM33: 43448 | AN33: N/A | AO33: 43448 | AP33: N/A | AQ33: 43448 | AR33: 43448 | AS33: 43448 | AT33: 43448 | AU33: 43448 | AV33: 43448 | AW33: N/A | AX33: 43448 | AY33: Inactive | AZ33: 43448 | BA33: Inactive | BB33: 43448 | BC33: Inactive | BD33: 43448 | BE33: N/A | BF33: 43448 | BG33: 43105 | BH33: 43403 | BI33: 43403 | BJ33: 43403 | BK33: 43403 | BL33: 43403 | BN33: =Table1[[#This Row],[Seed: Seed_BKK1]] -> 43448 | BO33: =Table1[[#This Row],[Seed: Seed_THQ1]] -> 43448 | BP33: =Table1[[#This Row],[Seed: Seed_SIN1]] -> 43448
A34: =LEFT(Table1[[#This Row],[Level]],2)&"-"&Table1[[#This Row],[Seq]] -> L2-24 | B34: L2-Code | C34: =IFERROR(IF(AND(Table1[[#This Row],[Level]]=B33,Table1[[#This Row],[Form Name]]=E33),C33,IF(Table1[[#This Row],[Level]]=B33,C33+1,1)),1) -> 24 | D34: ACC | E34: Tax Codes | F34: After Seed | G34: Tax | H34: Yes | I34: Global | J34: Manual | K34: =IFERROR(VLOOKUP(E34,'Data Owners'!G:H,2,0),VLOOKUP(D34,'Data Owners'!A:D,3,0)) -> John Bohrman | L34: =IF(OR(P34="",Q34="",R34="",S34="",T34="",U34="",V34="",W34="",X34="",Y34="",Z34="",AA34="",AB34="",AC34="",AD34=""),"",IF(AND(P34="N/A",Q34="N/A",R34="N/A",S34="N/A",T34="N/A",U34="N/A",V34="N/A",W34="N/A",X34="N/A",Y34="N/A",Z34="N/A",AA34="N/A",AB34="N/A",AC34="N/A",AD34="N/A"),"N/A",IF(MAX(P34:AD34)=0,"",MAX(P34:AD34)))) -> 43301 | M34: =IF(OR(AE34="Need Info",AF34="Need Info",AG34="Need Info",AH34="Need Info",AI34="Need Info",AJ34="Need Info",AK34="Need Info",AL34="Need Info",AM34="Need Info",AN34="Need Info",AO34="Need Info",AP34="Need Info",AQ34="Need Info"),"Need Info",IF(OR(AE34="",AF34="",AG34="",AH34="",AI34="",AJ34="",AK34="",AL34="",AM34="",AN34="",AO34="",AP34="",AQ34=""),"",IF(AND(AE34="N/A",AF34="N/A",AG34="N/A",AH34="N/A",AI34="N/A",AJ34="N/A",AK34="N/A",AL34="N/A",AM34="N/A",AN34="N/A",AO34="N/A",AP34="N/A",AQ34="N/A"),"N/A",IF(MAX(AE34:AQ34)=0,"",MAX(AE34:AQ34))))) | P34: N/A | Q34: N/A | R34: N/A | S34: N/A | T34: 43115 | U34: 43115 | V34: 43301 | W34: 43115 | X34: 43115 | Y34: 43253 | Z34: 43253 | AA34: 43253 | AB34: 43253 | AC34: 43118 | AD34: 43115 | AE34: N/A | AF34: N/A | AG34: N/A | AH34: N/A | AK34: N/A | AN34: N/A | AP34: N/A | AR34: Inactive | AS34: Inactive | AT34: Inactive | AU34: Inactive | AV34: Inactive | AW34: Inactive | AX34: Inactive | AY34: Inactive | AZ34: Inactive | BA34: Inactive | BB34: Inactive | BC34: Inactive | BD34: Inactive | BE34: N/A | BG34: 43115 | BH34: 43418 | BI34: 43418 | BJ34: 43418 | BK34: 43418 | BL34: 43418 | BN34: 43479 | BO34: 43479 | BP34: 43479
A35: =LEFT(Table1[[#This Row],[Level]],2)&"-"&Table1[[#This Row],[Seq]] -> L2-25 | B35: L2-Code | C35: =IFERROR(IF(AND(Table1[[#This Row],[Level]]=B34,Table1[[#This Row],[Form Name]]=E34),C34,IF(Table1[[#This Row],[Level]]=B34,C34+1,1)),1) -> 25 | D35: ACC | E35: Tax Jurisdiction | F35: Seed | G35: AR | H35: Yes | I35: Global | J35: Manual | K35: =IFERROR(VLOOKUP(E35,'Data Owners'!G:H,2,0),VLOOKUP(D35,'Data Owners'!A:D,3,0)) -> John Bohrman | L35: =IF(OR(P35="",Q35="",R35="",S35="",T35="",U35="",V35="",W35="",X35="",Y35="",Z35="",AA35="",AB35="",AC35="",AD35=""),"",IF(AND(P35="N/A",Q35="N/A",R35="N/A",S35="N/A",T35="N/A",U35="N/A",V35="N/A",W35="N/A",X35="N/A",Y35="N/A",Z35="N/A",AA35="N/A",AB35="N/A",AC35="N/A",AD35="N/A"),"N/A",IF(MAX(P35:AD35)=0,"",MAX(P35:AD35)))) -> 43253 | M35: =IF(OR(AE35="Need Info",AF35="Need Info",AG35="Need Info",AH35="Need Info",AI35="Need Info",AJ35="Need Info",AK35="Need Info",AL35="Need Info",AM35="Need Info",AN35="Need Info",AO35="Need Info",AP35="Need Info",AQ35="Need Info"),"Need Info",IF(OR(AE35="",AF35="",AG35="",AH35="",AI35="",AJ35="",AK35="",AL35="",AM35="",AN35="",AO35="",AP35="",AQ35=""),"",IF(AND(AE35="N/A",AF35="N/A",AG35="N/A",AH35="N/A",AI35="N/A",AJ35="N/A",AK35="N/A",AL35="N/A",AM35="N/A",AN35="N/A",AO35="N/A",AP35="N/A",AQ35="N/A"),"N/A",IF(MAX(AE35:AQ35)=0,"",MAX(AE35:AQ35))))) -> N/A | P35: N/A | Q35: N/A | R35: N/A | S35: N/A | T35: 43115 | U35: 43115 | V35: 43172 | W35: 43115 | X35: 43115 | Y35: 43253 | Z35: 43253 | AA35: 43253 | AB35: 43253 | AC35: 43115 | AD35: 43115 | AE35: N/A | AF35: N/A | AG35: N/A | AH35: N/A | AI35: N/A | AJ35: N/A | AK35: N/A | AL35: N/A | AM35: N/A | AN35: N/A | AO35: N/A | AP35: N/A | AQ35: N/A | AR35: Inactive | AS35: Inactive | AT35: Inactive | AU35: Inactive | AV35: Inactive | AW35: Inactive | AX35: Inactive | AY35: Inactive | AZ35: Inactive | BA35: Inactive | BB35: Inactive | BC35: Inactive | BD35: Inactive | BE35: N/A | BG35: 43115 | BH35: N/A | BI35: N/A | BJ35: N/A | BK35: N/A | BL35: N/A | BM35: N/A | BN35: N/A | BO35: N/A | BP35: N/A
A36: =LEFT(Table1[[#This Row],[Level]],2)&"-"&Table1[[#This Row],[Seq]] -> L2-26 | B36: L2-Code | C36: =IFERROR(IF(AND(Table1[[#This Row],[Level]]=B35,Table1[[#This Row],[Form Name]]=E35),C35,IF(Table1[[#This Row],[Level]]=B35,C35+1,1)),1) -> 26 | D36: ACC | E36: Departments | F36: Seed | G36: GL | H36: Yes | I36: Global | J36: Manual | K36: =IFERROR(VLOOKUP(E36,'Data Owners'!G:H,2,0),VLOOKUP(D36,'Data Owners'!A:D,3,0)) -> John Bohrman | L36: =IF(OR(P36="",Q36="",R36="",S36="",T36="",U36="",V36="",W36="",X36="",Y36="",Z36="",AA36="",AB36="",AC36="",AD36=""),"",IF(AND(P36="N/A",Q36="N/A",R36="N/A",S36="N/A",T36="N/A",U36="N/A",V36="N/A",W36="N/A",X36="N/A",Y36="N/A",Z36="N/A",AA36="N/A",AB36="N/A",AC36="N/A",AD36="N/A"),"N/A",IF(MAX(P36:AD36)=0,"",MAX(P36:AD36)))) -> 43446 | M36: =IF(OR(AE36="Need Info",AF36="Need Info",AG36="Need Info",AH36="Need Info",AI36="Need Info",AJ36="Need Info",AK36="Need Info",AL36="Need Info",AM36="Need Info",AN36="Need Info",AO36="Need Info",AP36="Need Info",AQ36="Need Info"),"Need Info",IF(OR(AE36="",AF36="",AG36="",AH36="",AI36="",AJ36="",AK36="",AL36="",AM36="",AN36="",AO36="",AP36="",AQ36=""),"",IF(AND(AE36="N/A",AF36="N/A",AG36="N/A",AH36="N/A",AI36="N/A",AJ36="N/A",AK36="N/A",AL36="N/A",AM36="N/A",AN36="N/A",AO36="N/A",AP36="N/A",AQ36="N/A"),"N/A",IF(MAX(AE36:AQ36)=0,"",MAX(AE36:AQ36))))) | P36: N/A | Q36: N/A | R36: N/A | S36: N/A | T36: 43105 | U36: 43105 | V36: 43446 | W36: 43402 | X36: 43306 | Y36: N/A | Z36: N/A | AA36: N/A | AB36: N/A | AC36: 43105 | AD36: 43395 | AE36: N/A | AF36: N/A | AG36: N/A | AH36: N/A | AK36: N/A | AN36: N/A | AP36: N/A | AR36: Inactive | AS36: Inactive | AT36: Inactive | AU36: Inactive | AV36: Inactive | AW36: Inactive | AX36: Inactive | AY36: Inactive | AZ36: Inactive | BA36: Inactive | BB36: Inactive | BC36: Inactive | BD36: Inactive | BE36: N/A | BG36: 43105 | BH36: 43420 | BI36: 43420 | BJ36: 43420 | BK36: 43420 | BL36: 43420 | BM36: N/A | BN36: 43480 | BO36: 43480 | BP36: 43480
A37: =LEFT(Table1[[#This Row],[Level]],2)&"-"&Table1[[#This Row],[Seq]] -> L2-27 | B37: L2-Code | C37: =IFERROR(IF(AND(Table1[[#This Row],[Level]]=B36,Table1[[#This Row],[Form Name]]=E36),C36,IF(Table1[[#This Row],[Level]]=B36,C36+1,1)),1) -> 27 | D37: ACC | E37: Product Codes | F37: After Seed | G37: GL | H37: Yes | I37: Global | J37: Manual | K37: =IFERROR(VLOOKUP(E37,'Data Owners'!G:H,2,0),VLOOKUP(D37,'Data Owners'!A:D,3,0)) -> John Bohrman | L37: =IF(OR(P37="",Q37="",R37="",S37="",T37="",U37="",V37="",W37="",X37="",Y37="",Z37="",AA37="",AB37="",AC37="",AD37=""),"",IF(AND(P37="N/A",Q37="N/A",R37="N/A",S37="N/A",T37="N/A",U37="N/A",V37="N/A",W37="N/A",X37="N/A",Y37="N/A",Z37="N/A",AA37="N/A",AB37="N/A",AC37="N/A",AD37="N/A"),"N/A",IF(MAX(P37:AD37)=0,"",MAX(P37:AD37)))) -> 43301 | M37: =IF(OR(AE37="Need Info",AF37="Need Info",AG37="Need Info",AH37="Need Info",AI37="Need Info",AJ37="Need Info",AK37="Need Info",AL37="Need Info",AM37="Need Info",AN37="Need Info",AO37="Need Info",AP37="Need Info",AQ37="Need Info"),"Need Info",IF(OR(AE37="",AF37="",AG37="",AH37="",AI37="",AJ37="",AK37="",AL37="",AM37="",AN37="",AO37="",AP37="",AQ37=""),"",IF(AND(AE37="N/A",AF37="N/A",AG37="N/A",AH37="N/A",AI37="N/A",AJ37="N/A",AK37="N/A",AL37="N/A",AM37="N/A",AN37="N/A",AO37="N/A",AP37="N/A",AQ37="N/A"),"N/A",IF(MAX(AE37:AQ37)=0,"",MAX(AE37:AQ37))))) | O37: Add new to 1JBT | P37: N/A | Q37: N/A | R37: N/A | S37: N/A | T37: 43301 | U37: 43230 | V37: 43214 | W37: 43253 | X37: 43300 | Y37: N/A | Z37: N/A | AA37: N/A | AB37: N/A | AC37: 43146 | AD37: 43112 | AE37: N/A | AF37: 43165 | AG37: 43165 | AH37: N/A | AK37: N/A | AN37: N/A | AP37: N/A | AR37: Inactive | AS37: Inactive | AT37: Inactive | AU37: Inactive | AV37: Inactive | AW37: Inactive | AX37: Inactive | AY37: Inactive | AZ37: Inactive | BA37: Inactive | BB37: Inactive | BC37: Inactive | BD37: Inactive | BE37: N/A | BF37: 43165 | BG37: 43301 | BH37: 43419 | BI37: 43419 | BJ37: 43419 | BK37: 43419 | BL37: 43419 | BM37: 43480 | BN37: 43480 | BO37: 43480 | BP37: 43480
A38: =LEFT(Table1[[#This Row],[Level]],2)&"-"&Table1[[#This Row],[Seq]] -> L2-28 | B38: L2-Code | C38: =IFERROR(IF(AND(Table1[[#This Row],[Level]]=B37,Table1[[#This Row],[Form Name]]=E37),C37,IF(Table1[[#This Row],[Level]]=B37,C37+1,1)),1) -> 28 | D38: ACC | E38: Distribution Accounts | F38: After Seed | G38: GL | H38: Yes | I38: Global | J38: Manual | K38: =IFERROR(VLOOKUP(E38,'Data Owners'!G:H,2,0),VLOOKUP(D38,'Data Owners'!A:D,3,0)) -> John Bohrman | L38: =IF(OR(P38="",Q38="",R38="",S38="",T38="",U38="",V38="",W38="",X38="",Y38="",Z38="",AA38="",AB38="",AC38="",AD38=""),"",IF(AND(P38="N/A",Q38="N/A",R38="N/A",S38="N/A",T38="N/A",U38="N/A",V38="N/A",W38="N/A",X38="N/A",Y38="N/A",Z38="N/A",AA38="N/A",AB38="N/A",AC38="N/A",AD38="N/A"),"N/A",IF(MAX(P38:AD38)=0,"",MAX(P38:AD38)))) -> 43301 | M38: =IF(OR(AE38="Need Info",AF38="Need Info",AG38="Need Info",AH38="Need Info",AI38="Need Info",AJ38="Need Info",AK38="Need Info",AL38="Need Info",AM38="Need Info",AN38="Need Info",AO38="Need Info",AP38="Need Info",AQ38="Need Info"),"Need Info",IF(OR(AE38="",AF38="",AG38="",AH38="",AI38="",AJ38="",AK38="",AL38="",AM38="",AN38="",AO38="",AP38="",AQ38=""),"",IF(AND(AE38="N/A",AF38="N/A",AG38="N/A",AH38="N/A",AI38="N/A",AJ38="N/A",AK38="N/A",AL38="N/A",AM38="N/A",AN38="N/A",AO38="N/A",AP38="N/A",AQ38="N/A"),"N/A",IF(MAX(AE38:AQ38)=0,"",MAX(AE38:AQ38))))) | P38: N/A | Q38: N/A | R38: N/A | S38: N/A | T38: 43301 | U38: 43105 | V38: 43214 | W38: 43253 | X38: 43300 | Y38: N/A | Z38: N/A | AA38: N/A | AB38: N/A | AC38: 43146 | AD38: 43146 | AE38: N/A | AF38: 43165 | AG38: 43165 | AH38: N/A | AK38: N/A | AN38: N/A | AP38: N/A | AR38: Inactive | AS38: Inactive | AT38: Inactive | AU38: Inactive | AV38: Inactive | AW38: Inactive | AX38: Inactive | AY38: Inactive | AZ38: Inactive | BA38: Inactive | BB38: Inactive | BC38: Inactive | BD38: Inactive | BE38: N/A | BF38: 43165 | BG38: 43301 | BH38: 43419 | BI38: 43419 | BJ38: 43419 | BK38: 43419 | BL38: 43419 | BM38: 43480 | BN38: 43480 | BO38: 43480 | BP38: 43480
A39: =LEFT(Table1[[#This Row],[Level]],2)&"-"&Table1[[#This Row],[Seq]] -> L2-29 | B39: L2-Code | C39: =IFERROR(IF(AND(Table1[[#This Row],[Level]]=B38,Table1[[#This Row],[Form Name]]=E38),C38,IF(Table1[[#This Row],[Level]]=B38,C38+1,1)),1) -> 29 | D39: ACC | E39: Service Product Codes | F39: Seed | G39: GL | H39: Yes | I39: Global | J39: Manual | K39: =IFERROR(VLOOKUP(E39,'Data Owners'!G:H,2,0),VLOOKUP(D39,'Data Owners'!A:D,3,0)) -> John Bohrman | L39: =IF(OR(P39="",Q39="",R39="",S39="",T39="",U39="",V39="",W39="",X39="",Y39="",Z39="",AA39="",AB39="",AC39="",AD39=""),"",IF(AND(P39="N/A",Q39="N/A",R39="N/A",S39="N/A",T39="N/A",U39="N/A",V39="N/A",W39="N/A",X39="N/A",Y39="N/A",Z39="N/A",AA39="N/A",AB39="N/A",AC39="N/A",AD39="N/A"),"N/A",IF(MAX(P39:AD39)=0,"",MAX(P39:AD39)))) -> 43253 | M39: =IF(OR(AE39="Need Info",AF39="Need Info",AG39="Need Info",AH39="Need Info",AI39="Need Info",AJ39="Need Info",AK39="Need Info",AL39="Need Info",AM39="Need Info",AN39="Need Info",AO39="Need Info",AP39="Need Info",AQ39="Need Info"),"Need Info",IF(OR(AE39="",AF39="",AG39="",AH39="",AI39="",AJ39="",AK39="",AL39="",AM39="",AN39="",AO39="",AP39="",AQ39=""),"",IF(AND(AE39="N/A",AF39="N/A",AG39="N/A",AH39="N/A",AI39="N/A",AJ39="N/A",AK39="N/A",AL39="N/A",AM39="N/A",AN39="N/A",AO39="N/A",AP39="N/A",AQ39="N/A"),"N/A",IF(MAX(AE39:AQ39)=0,"",MAX(AE39:AQ39))))) | P39: N/A | Q39: N/A | R39: N/A | S39: N/A | T39: N/A | U39: 43115 | V39: 43214 | W39: 43253 | X39: N/A | Y39: N/A | Z39: N/A | AA39: N/A | AB39: N/A | AC39: 43146 | AD39: 43115 | AE39: N/A | AF39: 43165 | AG39: 43165 | AH39: N/A | AK39: N/A | AN39: N/A | AP39: N/A | AR39: Inactive | AS39: Inactive | AT39: Inactive | AU39: Inactive | AV39: Inactive | AW39: Inactive | AX39: Inactive | AY39: Inactive | AZ39: Inactive | BA39: Inactive | BB39: Inactive | BC39: Inactive | BD39: Inactive | BE39: N/A | BF39: 43165 | BG39: N/A | BH39: 43419 | BI39: 43419 | BJ39: 43419 | BK39: 43419 | BL39: 43419 | BM39: N/A | BN39: 43480 | BO39: 43480 | BP39: 43480
A40: =LEFT(Table1[[#This Row],[Level]],2)&"-"&Table1[[#This Row],[Seq]] -> L2-30 | B40: L2-Code | C40: =IFERROR(IF(AND(Table1[[#This Row],[Level]]=B39,Table1[[#This Row],[Form Name]]=E39),C39,IF(Table1[[#This Row],[Level]]=B39,C39+1,1)),1) -> 30 | D40: ACC | E40: Service Distribution Accounts | F40: Seed | G40: GL | H40: Yes | I40: Global | J40: Manual | K40: =IFERROR(VLOOKUP(E40,'Data Owners'!G:H,2,0),VLOOKUP(D40,'Data Owners'!A:D,3,0)) -> John Bohrman | L40: =IF(OR(P40="",Q40="",R40="",S40="",T40="",U40="",V40="",W40="",X40="",Y40="",Z40="",AA40="",AB40="",AC40="",AD40=""),"",IF(AND(P40="N/A",Q40="N/A",R40="N/A",S40="N/A",T40="N/A",U40="N/A",V40="N/A",W40="N/A",X40="N/A",Y40="N/A",Z40="N/A",AA40="N/A",AB40="N/A",AC40="N/A",AD40="N/A"),"N/A",IF(MAX(P40:AD40)=0,"",MAX(P40:AD40)))) -> 43253 | M40: =IF(OR(AE40="Need Info",AF40="Need Info",AG40="Need Info",AH40="Need Info",AI40="Need Info",AJ40="Need Info",AK40="Need Info",AL40="Need Info",AM40="Need Info",AN40="Need Info",AO40="Need Info",AP40="Need Info",AQ40="Need Info"),"Need Info",IF(OR(AE40="",AF40="",AG40="",AH40="",AI40="",AJ40="",AK40="",AL40="",AM40="",AN40="",AO40="",AP40="",AQ40=""),"",IF(AND(AE40="N/A",AF40="N/A",AG40="N/A",AH40="N/A",AI40="N/A",AJ40="N/A",AK40="N/A",AL40="N/A",AM40="N/A",AN40="N/A",AO40="N/A",AP40="N/A",AQ40="N/A"),"N/A",IF(MAX(AE40:AQ40)=0,"",MAX(AE40:AQ40))))) | P40: N/A | Q40: N/A | R40: N/A | S40: N/A | T40: N/A | U40: 43115 | V40: 43214 | W40: 43253 | X40: N/A | Y40: N/A | Z40: N/A | AA40: N/A | AB40: N/A | AC40: 43146 | AD40: 43115 | AE40: N/A | AF40: 43165 | AG40: 43165 | AH40: N/A | AK40: N/A | AN40: N/A | AP40: N/A | AR40: Inactive | AS40: Inactive | AT40: Inactive | AU40: Inactive | AV40: Inactive | AW40: Inactive | AX40: Inactive | AY40: Inactive | AZ40: Inactive | BA40: Inactive | BB40: Inactive | BC40: Inactive | BD40: Inactive | BE40: N/A | BF40: 43165 | BG40: N/A | BH40: 43419 | BI40: 43419 | BJ40: 43419 | BK40: 43419 | BL40: 43419 | BM40: N/A | BN40: 43480 | BO40: 43480 | BP40: 43480
A41: =LEFT(Table1[[#This Row],[Level]],2)&"-"&Table1[[#This Row],[Seq]] -> L2-31 | B41: L2-Code | C41: =IFERROR(IF(AND(Table1[[#This Row],[Level]]=B40,Table1[[#This Row],[Form Name]]=E40),C40,IF(Table1[[#This Row],[Level]]=B40,C40+1,1)),1) -> 31 | D41: ACC | E41: Process Indicator IDs | F41: After Seed | G41: GL | H41: Yes | I41: Global | J41: Manual | K41: =IFERROR(VLOOKUP(E41,'Data Owners'!G:H,2,0),VLOOKUP(D41,'Data Owners'!A:D,3,0)) -> John Bohrman | L41: =IF(OR(P41="",Q41="",R41="",S41="",T41="",U41="",V41="",W41="",X41="",Y41="",Z41="",AA41="",AB41="",AC41="",AD41=""),"",IF(AND(P41="N/A",Q41="N/A",R41="N/A",S41="N/A",T41="N/A",U41="N/A",V41="N/A",W41="N/A",X41="N/A",Y41="N/A",Z41="N/A",AA41="N/A",AB41="N/A",AC41="N/A",AD41="N/A"),"N/A",IF(MAX(P41:AD41)=0,"",MAX(P41:AD41)))) -> 43301 | M41: =IF(OR(AE41="Need Info",AF41="Need Info",AG41="Need Info",AH41="Need Info",AI41="Need Info",AJ41="Need Info",AK41="Need Info",AL41="Need Info",AM41="Need Info",AN41="Need Info",AO41="Need Info",AP41="Need Info",AQ41="Need Info"),"Need Info",IF(OR(AE41="",AF41="",AG41="",AH41="",AI41="",AJ41="",AK41="",AL41="",AM41="",AN41="",AO41="",AP41="",AQ41=""),"",IF(AND(AE41="N/A",AF41="N/A",AG41="N/A",AH41="N/A",AI41="N/A",AJ41="N/A",AK41="N/A",AL41="N/A",AM41="N/A",AN41="N/A",AO41="N/A",AP41="N/A",AQ41="N/A"),"N/A",IF(MAX(AE41:AQ41)=0,"",MAX(AE41:AQ41))))) -> N/A | P41: N/A | Q41: N/A | R41: N/A | S41: N/A | T41: 43118 | U41: 43118 | V41: 43301 | W41: 43118 | X41: 43118 | Y41: 43253 | Z41: 43253 | AA41: 43253 | AB41: 43253 | AC41: 43118 | AD41: 43118 | AE41: N/A | AF41: N/A | AG41: N/A | AH41: N/A | AI41: N/A | AJ41: N/A | AK41: N/A | AL41: N/A | AM41: N/A | AN41: N/A | AO41: N/A | AP41: N/A | AQ41: N/A | AR41: N/A | AS41: N/A | AT41: N/A | AU41: N/A | AV41: N/A | AW41: N/A | AX41: N/A | AY41: N/A | AZ41: N/A | BA41: N/A | BB41: N/A | BC41: N/A | BD41: N/A | BE41: N/A | BF41: N/A | BG41: 43118 | BH41: N/A | BI41: N/A | BJ41: N/A | BK41: N/A | BL41: N/A | BN41: N/A | BO41: N/A | BP41: N/A
A42: =LEFT(Table1[[#This Row],[Level]],2)&"-"&Table1[[#This Row],[Seq]] -> L2-32 | B42: L2-Code | C42: =IFERROR(IF(AND(Table1[[#This Row],[Level]]=B41,Table1[[#This Row],[Form Name]]=E41),C41,IF(Table1[[#This Row],[Level]]=B41,C41+1,1)),1) -> 32 | D42: ACC | E42: Process Indicator Types | F42: After Seed | G42: GL | H42: Yes | I42: Global | J42: Manual | K42: =IFERROR(VLOOKUP(E42,'Data Owners'!G:H,2,0),VLOOKUP(D42,'Data Owners'!A:D,3,0)) -> John Bohrman | L42: =IF(OR(P42="",Q42="",R42="",S42="",T42="",U42="",V42="",W42="",X42="",Y42="",Z42="",AA42="",AB42="",AC42="",AD42=""),"",IF(AND(P42="N/A",Q42="N/A",R42="N/A",S42="N/A",T42="N/A",U42="N/A",V42="N/A",W42="N/A",X42="N/A",Y42="N/A",Z42="N/A",AA42="N/A",AB42="N/A",AC42="N/A",AD42="N/A"),"N/A",IF(MAX(P42:AD42)=0,"",MAX(P42:AD42)))) -> 43301 | M42: =IF(OR(AE42="Need Info",AF42="Need Info",AG42="Need Info",AH42="Need Info",AI42="Need Info",AJ42="Need Info",AK42="Need Info",AL42="Need Info",AM42="Need Info",AN42="Need Info",AO42="Need Info",AP42="Need Info",AQ42="Need Info"),"Need Info",IF(OR(AE42="",AF42="",AG42="",AH42="",AI42="",AJ42="",AK42="",AL42="",AM42="",AN42="",AO42="",AP42="",AQ42=""),"",IF(AND(AE42="N/A",AF42="N/A",AG42="N/A",AH42="N/A",AI42="N/A",AJ42="N/A",AK42="N/A",AL42="N/A",AM42="N/A",AN42="N/A",AO42="N/A",AP42="N/A",AQ42="N/A"),"N/A",IF(MAX(AE42:AQ42)=0,"",MAX(AE42:AQ42))))) -> N/A | P42: N/A | Q42: N/A | R42: N/A | S42: N/A | T42: 43118 | U42: 43118 | V42: 43301 | W42: 43118 | X42: 43118 | Y42: 43253 | Z42: 43253 | AA42: 43253 | AB42: 43253 | AC42: 43118 | AD42: 43118 | AE42: N/A | AF42: N/A | AG42: N/A | AH42: N/A | AI42: N/A | AJ42: N/A | AK42: N/A | AL42: N/A | AM42: N/A | AN42: N/A | AO42: N/A | AP42: N/A | AQ42: N/A | AR42: N/A | AS42: N/A | AT42: N/A | AU42: N/A | AV42: N/A | AW42: N/A | AX42: N/A | AY42: N/A | AZ42: N/A | BA42: N/A | BB42: N/A | BC42: N/A | BD42: N/A | BE42: N/A | BF42: N/A | BG42: 43118 | BH42: N/A | BI42: N/A | BJ42: N/A | BK42: N/A | BL42: N/A | BN42: N/A | BO42: N/A | BP42: N/A
A43: =LEFT(Table1[[#This Row],[Level]],2)&"-"&Table1[[#This Row],[Seq]] -> L2-33 | B43: L2-Code | C43: =IFERROR(IF(AND(Table1[[#This Row],[Level]]=B42,Table1[[#This Row],[Form Name]]=E42),C42,IF(Table1[[#This Row],[Level]]=B42,C42+1,1)),1) -> 33 | D43: ACC | E43: Process Indicator Matrix | F43: After Seed | G43: GL | H43: Yes | I43: Global | J43: Manual | K43: =IFERROR(VLOOKUP(E43,'Data Owners'!G:H,2,0),VLOOKUP(D43,'Data Owners'!A:D,3,0)) -> John Bohrman | L43: =IF(OR(P43="",Q43="",R43="",S43="",T43="",U43="",V43="",W43="",X43="",Y43="",Z43="",AA43="",AB43="",AC43="",AD43=""),"",IF(AND(P43="N/A",Q43="N/A",R43="N/A",S43="N/A",T43="N/A",U43="N/A",V43="N/A",W43="N/A",X43="N/A",Y43="N/A",Z43="N/A",AA43="N/A",AB43="N/A",AC43="N/A",AD43="N/A"),"N/A",IF(MAX(P43:AD43)=0,"",MAX(P43:AD43)))) -> 43301 | M43: =IF(OR(AE43="Need Info",AF43="Need Info",AG43="Need Info",AH43="Need Info",AI43="Need Info",AJ43="Need Info",AK43="Need Info",AL43="Need Info",AM43="Need Info",AN43="Need Info",AO43="Need Info",AP43="Need Info",AQ43="Need Info"),"Need Info",IF(OR(AE43="",AF43="",AG43="",AH43="",AI43="",AJ43="",AK43="",AL43="",AM43="",AN43="",AO43="",AP43="",AQ43=""),"",IF(AND(AE43="N/A",AF43="N/A",AG43="N/A",AH43="N/A",AI43="N/A",AJ43="N/A",AK43="N/A",AL43="N/A",AM43="N/A",AN43="N/A",AO43="N/A",AP43="N/A",AQ43="N/A"),"N/A",IF(MAX(AE43:AQ43)=0,"",MAX(AE43:AQ43))))) -> N/A | P43: N/A | Q43: N/A | R43: N/A | S43: N/A | T43: 43118 | U43: 43118 | V43: 43301 | W43: 43118 | X43: 43118 | Y43: 43253 | Z43: 43253 | AA43: 43253 | AB43: 43253 | AC43: 43118 | AD43: 43118 | AE43: N/A | AF43: N/A | AG43: N/A | AH43: N/A | AI43: N/A | AJ43: N/A | AK43: N/A | AL43: N/A | AM43: N/A | AN43: N/A | AO43: N/A | AP43: N/A | AQ43: N/A | AR43: N/A | AS43: N/A | AT43: N/A | AU43: N/A | AV43: N/A | AW43: N/A | AX43: N/A | AY43: N/A | AZ43: N/A | BA43: N/A | BB43: N/A | BC43: N/A | BD43: N/A | BE43: N/A | BF43: N/A | BG43: 43118 | BH43: N/A | BI43: N/A | BJ43: N/A | BK43: N/A | BL43: N/A | BN43: N/A | BO43: N/A | BP43: N/A
A44: =LEFT(Table1[[#This Row],[Level]],2)&"-"&Table1[[#This Row],[Seq]] -> L2-34 | B44: L2-Code | C44: =IFERROR(IF(AND(Table1[[#This Row],[Level]]=B43,Table1[[#This Row],[Form Name]]=E43),C43,IF(Table1[[#This Row],[Level]]=B43,C43+1,1)),1) -> 34 | D44: ACC | E44: Hyperion Location Codes | F44: After Seed | G44: GL | H44: Yes | I44: Global | J44: Manual | K44: =IFERROR(VLOOKUP(E44,'Data Owners'!G:H,2,0),VLOOKUP(D44,'Data Owners'!A:D,3,0)) -> John Bohrman | L44: =IF(OR(P44="",Q44="",R44="",S44="",T44="",U44="",V44="",W44="",X44="",Y44="",Z44="",AA44="",AB44="",AC44="",AD44=""),"",IF(AND(P44="N/A",Q44="N/A",R44="N/A",S44="N/A",T44="N/A",U44="N/A",V44="N/A",W44="N/A",X44="N/A",Y44="N/A",Z44="N/A",AA44="N/A",AB44="N/A",AC44="N/A",AD44="N/A"),"N/A",IF(MAX(P44:AD44)=0,"",MAX(P44:AD44)))) -> 43301 | M44: =IF(OR(AE44="Need Info",AF44="Need Info",AG44="Need Info",AH44="Need Info",AI44="Need Info",AJ44="Need Info",AK44="Need Info",AL44="Need Info",AM44="Need Info",AN44="Need Info",AO44="Need Info",AP44="Need Info",AQ44="Need Info"),"Need Info",IF(OR(AE44="",AF44="",AG44="",AH44="",AI44="",AJ44="",AK44="",AL44="",AM44="",AN44="",AO44="",AP44="",AQ44=""),"",IF(AND(AE44="N/A",AF44="N/A",AG44="N/A",AH44="N/A",AI44="N/A",AJ44="N/A",AK44="N/A",AL44="N/A",AM44="N/A",AN44="N/A",AO44="N/A",AP44="N/A",AQ44="N/A"),"N/A",IF(MAX(AE44:AQ44)=0,"",MAX(AE44:AQ44))))) -> N/A | P44: N/A | Q44: N/A | R44: N/A | S44: N/A | T44: N/A | U44: 43301 | V44: 43301 | W44: 43253 | X44: 43253 | Y44: 43253 | Z44: 43253 | AA44: 43253 | AB44: 43253 | AC44: 43118 | AD44: 43118 | AE44: N/A | AF44: N/A | AG44: N/A | AH44: N/A | AI44: N/A | AJ44: N/A | AK44: N/A | AL44: N/A | AM44: N/A | AN44: N/A | AO44: N/A | AP44: N/A | AQ44: N/A | AR44: N/A | AS44: N/A | AT44: N/A | AU44: N/A | AV44: N/A | AW44: N/A | AX44: N/A | AY44: N/A | AZ44: N/A | BA44: N/A | BB44: N/A | BC44: N/A | BD44: N/A | BE44: N/A | BF44: N/A | BG44: N/A | BH44: 43419 | BI44: 43419 | BJ44: 43419 | BK44: 43419 | BL44: 43419 | BM44: N/A | BN44: 43500 | BO44: 43500 | BP44: 43500
A45: =LEFT(Table1[[#This Row],[Level]],2)&"-"&Table1[[#This Row],[Seq]] -> L2-35 | B45: L2-Code | C45: =IFERROR(IF(AND(Table1[[#This Row],[Level]]=B44,Table1[[#This Row],[Form Name]]=E44),C44,IF(Table1[[#This Row],[Level]]=B44,C44+1,1)),1) -> 35 | D45: AM | E45: Customer Types | F45: After Seed | G45: COs | H45: Yes | I45: Global | J45: Manual | K45: =IFERROR(VLOOKUP(E45,'Data Owners'!G:H,2,0),VLOOKUP(D45,'Data Owners'!A:D,3,0)) -> Julie Ramirez | L45: =IF(OR(P45="",Q45="",R45="",S45="",T45="",U45="",V45="",W45="",X45="",Y45="",Z45="",AA45="",AB45="",AC45="",AD45=""),"",IF(AND(P45="N/A",Q45="N/A",R45="N/A",S45="N/A",T45="N/A",U45="N/A",V45="N/A",W45="N/A",X45="N/A",Y45="N/A",Z45="N/A",AA45="N/A",AB45="N/A",AC45="N/A",AD45="N/A"),"N/A",IF(MAX(P45:AD45)=0,"",MAX(P45:AD45)))) -> 43378 | M45: =IF(OR(AE45="Need Info",AF45="Need Info",AG45="Need Info",AH45="Need Info",AI45="Need Info",AJ45="Need Info",AK45="Need Info",AL45="Need Info",AM45="Need Info",AN45="Need Info",AO45="Need Info",AP45="Need Info",AQ45="Need Info"),"Need Info",IF(OR(AE45="",AF45="",AG45="",AH45="",AI45="",AJ45="",AK45="",AL45="",AM45="",AN45="",AO45="",AP45="",AQ45=""),"",IF(AND(AE45="N/A",AF45="N/A",AG45="N/A",AH45="N/A",AI45="N/A",AJ45="N/A",AK45="N/A",AL45="N/A",AM45="N/A",AN45="N/A",AO45="N/A",AP45="N/A",AQ45="N/A"),"N/A",IF(MAX(AE45:AQ45)=0,"",MAX(AE45:AQ45))))) -> 43529 | O45: Add new to 1JBT, CORP | P45: N/A | Q45: N/A | R45: N/A | S45: N/A | T45: 43378 | U45: 43378 | V45: 43208 | W45: 43378 | X45: 43115 | Y45: 43172 | Z45: 43172 | AA45: 43172 | AB45: 43172 | AC45: 43115 | AD45: 43378 | AE45: N/A | AF45: 43165 | AG45: 43165 | AH45: N/A | AI45: N/A | AJ45: N/A | AK45: N/A | AL45: 43529 | AM45: N/A | AN45: N/A | AO45: N/A | AP45: N/A | AQ45: N/A | AR45: Inactive | AS45: Inactive | AT45: Inactive | AU45: Inactive | AV45: Inactive | AW45: Inactive | AX45: Inactive | AY45: Inactive | AZ45: Inactive | BA45: Inactive | BB45: Inactive | BC45: Inactive | BD45: Inactive | BE45: N/A | BF45: 43165 | BG45: 43378 | BH45: Skip | BI45: Skip | BJ45: Skip | BK45: Skip | BL45: Skip | BM45: 43480 | BN45: 43480 | BO45: N/A | BP45: N/A
A46: =LEFT(Table1[[#This Row],[Level]],2)&"-"&Table1[[#This Row],[Seq]] -> L2-36 | B46: L2-Code | C46: =IFERROR(IF(AND(Table1[[#This Row],[Level]]=B45,Table1[[#This Row],[Form Name]]=E45),C45,IF(Table1[[#This Row],[Level]]=B45,C45+1,1)),1) -> 36 | D46: AM | E46: Discounts | F46: Seed | G46: COs, SROs | H46: Yes | I46: Site | J46: Manual | K46: =IFERROR(VLOOKUP(E46,'Data Owners'!G:H,2,0),VLOOKUP(D46,'Data Owners'!A:D,3,0)) -> Julie Ramirez | L46: =IF(OR(P46="",Q46="",R46="",S46="",T46="",U46="",V46="",W46="",X46="",Y46="",Z46="",AA46="",AB46="",AC46="",AD46=""),"",IF(AND(P46="N/A",Q46="N/A",R46="N/A",S46="N/A",T46="N/A",U46="N/A",V46="N/A",W46="N/A",X46="N/A",Y46="N/A",Z46="N/A",AA46="N/A",AB46="N/A",AC46="N/A",AD46="N/A"),"N/A",IF(MAX(P46:AD46)=0,"",MAX(P46:AD46)))) -> 43378 | M46: =IF(OR(AE46="Need Info",AF46="Need Info",AG46="Need Info",AH46="Need Info",AI46="Need Info",AJ46="Need Info",AK46="Need Info",AL46="Need Info",AM46="Need Info",AN46="Need Info",AO46="Need Info",AP46="Need Info",AQ46="Need Info"),"Need Info",IF(OR(AE46="",AF46="",AG46="",AH46="",AI46="",AJ46="",AK46="",AL46="",AM46="",AN46="",AO46="",AP46="",AQ46=""),"",IF(AND(AE46="N/A",AF46="N/A",AG46="N/A",AH46="N/A",AI46="N/A",AJ46="N/A",AK46="N/A",AL46="N/A",AM46="N/A",AN46="N/A",AO46="N/A",AP46="N/A",AQ46="N/A"),"N/A",IF(MAX(AE46:AQ46)=0,"",MAX(AE46:AQ46))))) -> 43529 | P46: N/A | Q46: N/A | R46: N/A | S46: N/A | T46: N/A | U46: 43378 | V46: N/A | W46: N/A | X46: N/A | Y46: N/A | Z46: N/A | AA46: N/A | AB46: N/A | AC46: 43123 | AD46: 43378 | AE46: N/A | AF46: N/A | AG46: N/A | AH46: N/A | AI46: N/A | AJ46: N/A | AK46: N/A | AL46: 43529 | AM46: N/A | AN46: N/A | AO46: N/A | AP46: N/A | AQ46: N/A | AR46: Inactive | AS46: Inactive | AT46: Inactive | AU46: Inactive | AV46: Inactive | AW46: Inactive | AX46: Inactive | AY46: Inactive | AZ46: Inactive | BA46: Inactive | BB46: Inactive | BC46: Inactive | BD46: Inactive | BE46: N/A | BG46: N/A | BH46: Skip | BI46: Skip | BJ46: Skip | BK46: Skip | BL46: Skip | BM46: N/A | BN46: 43480 | BO46: N/A | BP46: N/A
A47: =LEFT(Table1[[#This Row],[Level]],2)&"-"&Table1[[#This Row],[Seq]] -> L2-37 | B47: L2-Code | C47: =IFERROR(IF(AND(Table1[[#This Row],[Level]]=B46,Table1[[#This Row],[Form Name]]=E46),C46,IF(Table1[[#This Row],[Level]]=B46,C46+1,1)),1) -> 37 | D47: AM | E47: Disposition Codes | F47: Seed | G47: RMAs | H47: Yes | I47: Global | J47: Manual | K47: =IFERROR(VLOOKUP(E47,'Data Owners'!G:H,2,0),VLOOKUP(D47,'Data Owners'!A:D,3,0)) -> Julie Ramirez | L47: =IF(OR(P47="",Q47="",R47="",S47="",T47="",U47="",V47="",W47="",X47="",Y47="",Z47="",AA47="",AB47="",AC47="",AD47=""),"",IF(AND(P47="N/A",Q47="N/A",R47="N/A",S47="N/A",T47="N/A",U47="N/A",V47="N/A",W47="N/A",X47="N/A",Y47="N/A",Z47="N/A",AA47="N/A",AB47="N/A",AC47="N/A",AD47="N/A"),"N/A",IF(MAX(P47:AD47)=0,"",MAX(P47:AD47)))) -> 43173 | M47: =IF(OR(AE47="Need Info",AF47="Need Info",AG47="Need Info",AH47="Need Info",AI47="Need Info",AJ47="Need Info",AK47="Need Info",AL47="Need Info",AM47="Need Info",AN47="Need Info",AO47="Need Info",AP47="Need Info",AQ47="Need Info"),"Need Info",IF(OR(AE47="",AF47="",AG47="",AH47="",AI47="",AJ47="",AK47="",AL47="",AM47="",AN47="",AO47="",AP47="",AQ47=""),"",IF(AND(AE47="N/A",AF47="N/A",AG47="N/A",AH47="N/A",AI47="N/A",AJ47="N/A",AK47="N/A",AL47="N/A",AM47="N/A",AN47="N/A",AO47="N/A",AP47="N/A",AQ47="N/A"),"N/A",IF(MAX(AE47:AQ47)=0,"",MAX(AE47:AQ47))))) -> 43403 | P47: N/A | Q47: N/A | R47: N/A | S47: N/A | T47: N/A | U47: 43115 | V47: 43173 | W47: N/A | X47: N/A | Y47: N/A | Z47: N/A | AA47: N/A | AB47: N/A | AC47: 43115 | AD47: 43115 | AE47: N/A | AF47: N/A | AG47: N/A | AH47: N/A | AI47: 43403 | AJ47: 43403 | AK47: N/A | AL47: 43403 | AM47: 43403 | AN47: N/A | AO47: 43403 | AP47: N/A | AQ47: 43403 | AR47: 43403 | AS47: N/A | AT47: N/A | AU47: N/A | AV47: N/A | AW47: N/A | AX47: 43403 | AY47: Inactive | AZ47: Inactive | BA47: Inactive | BB47: Inactive | BC47: Inactive | BD47: Inactive | BE47: N/A | BG47: N/A | BH47: 43403 | BI47: 43403 | BJ47: 43403 | BK47: 43403 | BL47: 43403 | BN47: =Table1[[#This Row],[Seed: Seed_BKK1]] -> 43403 | BO47: =Table1[[#This Row],[Seed: Seed_THQ1]] -> 43403 | BP47: =Table1[[#This Row],[Seed: Seed_SIN1]] -> 43403
A48: =LEFT(Table1[[#This Row],[Level]],2)&"-"&Table1[[#This Row],[Seq]] -> L2-38 | B48: L2-Code | C48: =IFERROR(IF(AND(Table1[[#This Row],[Level]]=B47,Table1[[#This Row],[Form Name]]=E47),C47,IF(Table1[[#This Row],[Level]]=B47,C47+1,1)),1) -> 38 | D48: AM | E48: End User Types | F48: After Seed | G48: All Orders | H48: Yes | I48: Global | J48: Manual | K48: =IFERROR(VLOOKUP(E48,'Data Owners'!G:H,2,0),VLOOKUP(D48,'Data Owners'!A:D,3,0)) -> Julie Ramirez | L48: =IF(OR(P48="",Q48="",R48="",S48="",T48="",U48="",V48="",W48="",X48="",Y48="",Z48="",AA48="",AB48="",AC48="",AD48=""),"",IF(AND(P48="N/A",Q48="N/A",R48="N/A",S48="N/A",T48="N/A",U48="N/A",V48="N/A",W48="N/A",X48="N/A",Y48="N/A",Z48="N/A",AA48="N/A",AB48="N/A",AC48="N/A",AD48="N/A"),"N/A",IF(MAX(P48:AD48)=0,"",MAX(P48:AD48)))) -> 43528 | M48: =IF(OR(AE48="Need Info",AF48="Need Info",AG48="Need Info",AH48="Need Info",AI48="Need Info",AJ48="Need Info",AK48="Need Info",AL48="Need Info",AM48="Need Info",AN48="Need Info",AO48="Need Info",AP48="Need Info",AQ48="Need Info"),"Need Info",IF(OR(AE48="",AF48="",AG48="",AH48="",AI48="",AJ48="",AK48="",AL48="",AM48="",AN48="",AO48="",AP48="",AQ48=""),"",IF(AND(AE48="N/A",AF48="N/A",AG48="N/A",AH48="N/A",AI48="N/A",AJ48="N/A",AK48="N/A",AL48="N/A",AM48="N/A",AN48="N/A",AO48="N/A",AP48="N/A",AQ48="N/A"),"N/A",IF(MAX(AE48:AQ48)=0,"",MAX(AE48:AQ48))))) | O48: Product will be updated once approvals are received | P48: N/A | Q48: N/A | R48: N/A | S48: N/A | T48: 43483 | U48: 43221 | V48: 43447 | W48: 43528 | X48: 43500 | Y48: N/A | Z48: N/A | AA48: N/A | AB48: N/A | AC48: 43332 | AD48: 43332 | AE48: N/A | AF48: N/A | AG48: N/A | AH48: N/A | AK48: N/A | AN48: N/A | AP48: N/A | AR48: Inactive | AS48: Inactive | AT48: Inactive | AU48: Inactive | AV48: Inactive | AW48: Inactive | AX48: Inactive | AY48: Inactive | AZ48: Inactive | BA48: Inactive | BB48: Inactive | BC48: Inactive | BD48: Inactive | BE48: N/A | BG48: 43410 | BH48: 43410 | BI48: 43410 | BJ48: 43410 | BK48: 43410 | BL48: 43410 | BN48: 43485 | BO48: 43485 | BP48: 43485
A49: =LEFT(Table1[[#This Row],[Level]],2)&"-"&Table1[[#This Row],[Seq]] -> L2-39 | B49: L2-Code | C49: =IFERROR(IF(AND(Table1[[#This Row],[Level]]=B48,Table1[[#This Row],[Form Name]]=E48),C48,IF(Table1[[#This Row],[Level]]=B48,C48+1,1)),1) -> 39 | D49: AM | E49: Evaluation Codes | F49: Seed | G49: RMAs | H49: Yes | I49: Global | J49: Manual | K49: =IFERROR(VLOOKUP(E49,'Data Owners'!G:H,2,0),VLOOKUP(D49,'Data Owners'!A:D,3,0)) -> Julie Ramirez | L49: =IF(OR(P49="",Q49="",R49="",S49="",T49="",U49="",V49="",W49="",X49="",Y49="",Z49="",AA49="",AB49="",AC49="",AD49=""),"",IF(AND(P49="N/A",Q49="N/A",R49="N/A",S49="N/A",T49="N/A",U49="N/A",V49="N/A",W49="N/A",X49="N/A",Y49="N/A",Z49="N/A",AA49="N/A",AB49="N/A",AC49="N/A",AD49="N/A"),"N/A",IF(MAX(P49:AD49)=0,"",MAX(P49:AD49)))) -> 43208 | M49: =IF(OR(AE49="Need Info",AF49="Need Info",AG49="Need Info",AH49="Need Info",AI49="Need Info",AJ49="Need Info",AK49="Need Info",AL49="Need Info",AM49="Need Info",AN49="Need Info",AO49="Need Info",AP49="Need Info",AQ49="Need Info"),"Need Info",IF(OR(AE49="",AF49="",AG49="",AH49="",AI49="",AJ49="",AK49="",AL49="",AM49="",AN49="",AO49="",AP49="",AQ49=""),"",IF(AND(AE49="N/A",AF49="N/A",AG49="N/A",AH49="N/A",AI49="N/A",AJ49="N/A",AK49="N/A",AL49="N/A",AM49="N/A",AN49="N/A",AO49="N/A",AP49="N/A",AQ49="N/A"),"N/A",IF(MAX(AE49:AQ49)=0,"",MAX(AE49:AQ49))))) -> 43403 | P49: N/A | Q49: N/A | R49: N/A | S49: N/A | T49: N/A | U49: 43116 | V49: 43208 | W49: N/A | X49: N/A | Y49: N/A | Z49: N/A | AA49: N/A | AB49: N/A | AC49: 43116 | AD49: 43116 | AE49: N/A | AF49: N/A | AG49: N/A | AH49: N/A | AI49: 43403 | AJ49: 43403 | AK49: N/A | AL49: 43403 | AM49: 43403 | AN49: N/A | AO49: 43403 | AP49: N/A | AQ49: 43403 | AR49: 43403 | AS49: N/A | AT49: N/A | AU49: N/A | AV49: N/A | AW49: N/A | AX49: 43403 | AY49: Inactive | AZ49: Inactive | BA49: Inactive | BB49: Inactive | BC49: Inactive | BD49: Inactive | BE49: N/A | BG49: N/A | BH49: 43403 | BI49: 43403 | BJ49: 43403 | BK49: 43403 | BL49: 43403 | BN49: =Table1[[#This Row],[Seed: Seed_BKK1]] -> 43403 | BO49: =Table1[[#This Row],[Seed: Seed_THQ1]] -> 43403 | BP49: =Table1[[#This Row],[Seed: Seed_SIN1]] -> 43403
A50: =LEFT(Table1[[#This Row],[Level]],2)&"-"&Table1[[#This Row],[Seq]] -> L2-40 | B50: L2-Code | C50: =IFERROR(IF(AND(Table1[[#This Row],[Level]]=B49,Table1[[#This Row],[Form Name]]=E49),C49,IF(Table1[[#This Row],[Level]]=B49,C49+1,1)),1) -> 40 | D50: AM | E50: Non-inventory Items | F50: Seed | G50: All Orders | H50: Yes | I50: Global | J50: Manual | K50: =IFERROR(VLOOKUP(E50,'Data Owners'!G:H,2,0),VLOOKUP(D50,'Data Owners'!A:D,3,0)) -> Julie Ramirez | L50: =IF(OR(P50="",Q50="",R50="",S50="",T50="",U50="",V50="",W50="",X50="",Y50="",Z50="",AA50="",AB50="",AC50="",AD50=""),"",IF(AND(P50="N/A",Q50="N/A",R50="N/A",S50="N/A",T50="N/A",U50="N/A",V50="N/A",W50="N/A",X50="N/A",Y50="N/A",Z50="N/A",AA50="N/A",AB50="N/A",AC50="N/A",AD50="N/A"),"N/A",IF(MAX(P50:AD50)=0,"",MAX(P50:AD50)))) -> 43300 | M50: =IF(OR(AE50="Need Info",AF50="Need Info",AG50="Need Info",AH50="Need Info",AI50="Need Info",AJ50="Need Info",AK50="Need Info",AL50="Need Info",AM50="Need Info",AN50="Need Info",AO50="Need Info",AP50="Need Info",AQ50="Need Info"),"Need Info",IF(OR(AE50="",AF50="",AG50="",AH50="",AI50="",AJ50="",AK50="",AL50="",AM50="",AN50="",AO50="",AP50="",AQ50=""),"",IF(AND(AE50="N/A",AF50="N/A",AG50="N/A",AH50="N/A",AI50="N/A",AJ50="N/A",AK50="N/A",AL50="N/A",AM50="N/A",AN50="N/A",AO50="N/A",AP50="N/A",AQ50="N/A"),"N/A",IF(MAX(AE50:AQ50)=0,"",MAX(AE50:AQ50))))) -> 43529 | P50: N/A | Q50: N/A | R50: N/A | S50: N/A | T50: N/A | U50: N/A | V50: 43165 | W50: 43253 | X50: 43300 | Y50: N/A | Z50: N/A | AA50: N/A | AB50: N/A | AC50: 43104 | AD50: 43104 | AE50: N/A | AF50: 43529 | AG50: 43529 | AH50: N/A | AI50: 43529 | AJ50: 43529 | AK50: N/A | AL50: 43529 | AM50: 43529 | AN50: N/A | AO50: 43529 | AP50: N/A | AQ50: 43529 | AR50: 43529 | AS50: 43529 | AT50: 43529 | AU50: 43529 | AV50: 43529 | AW50: N/A | AX50: 43529 | AY50: N/A | AZ50: 43529 | BA50: N/A | BB50: 43529 | BC50: N/A | BD50: 43529 | BE50: N/A | BF50: 43529 | BG50: N/A | BH50: 43165 | BI50: 43165 | BJ50: 43165 | BK50: 43165 | BL50: 43165 | BN50: =Table1[[#This Row],[Seed: Seed_BKK1]] -> 43529 | BO50: =Table1[[#This Row],[Seed: Seed_THQ1]] -> 43529 | BP50: =Table1[[#This Row],[Seed: Seed_SIN1]] -> 43529
A51: =LEFT(Table1[[#This Row],[Level]],2)&"-"&Table1[[#This Row],[Seq]] -> L2-41 | B51: L2-Code | C51: =IFERROR(IF(AND(Table1[[#This Row],[Level]]=B50,Table1[[#This Row],[Form Name]]=E50),C50,IF(Table1[[#This Row],[Level]]=B50,C50+1,1)),1) -> 41 | D51: AM | E51: Price Codes | F51: Seed | G51: All Orders | H51: Yes | I51: Global | J51: Manual | K51: =IFERROR(VLOOKUP(E51,'Data Owners'!G:H,2,0),VLOOKUP(D51,'Data Owners'!A:D,3,0)) -> Julie Ramirez | L51: =IF(OR(P51="",Q51="",R51="",S51="",T51="",U51="",V51="",W51="",X51="",Y51="",Z51="",AA51="",AB51="",AC51="",AD51=""),"",IF(AND(P51="N/A",Q51="N/A",R51="N/A",S51="N/A",T51="N/A",U51="N/A",V51="N/A",W51="N/A",X51="N/A",Y51="N/A",Z51="N/A",AA51="N/A",AB51="N/A",AC51="N/A",AD51="N/A"),"N/A",IF(MAX(P51:AD51)=0,"",MAX(P51:AD51)))) -> 43221 | M51: =IF(OR(AE51="Need Info",AF51="Need Info",AG51="Need Info",AH51="Need Info",AI51="Need Info",AJ51="Need Info",AK51="Need Info",AL51="Need Info",AM51="Need Info",AN51="Need Info",AO51="Need Info",AP51="Need Info",AQ51="Need Info"),"Need Info",IF(OR(AE51="",AF51="",AG51="",AH51="",AI51="",AJ51="",AK51="",AL51="",AM51="",AN51="",AO51="",AP51="",AQ51=""),"",IF(AND(AE51="N/A",AF51="N/A",AG51="N/A",AH51="N/A",AI51="N/A",AJ51="N/A",AK51="N/A",AL51="N/A",AM51="N/A",AN51="N/A",AO51="N/A",AP51="N/A",AQ51="N/A"),"N/A",IF(MAX(AE51:AQ51)=0,"",MAX(AE51:AQ51))))) -> 43403 | O51: Add new to 1JBT, CORP | P51: N/A | Q51: N/A | R51: N/A | S51: N/A | T51: 43118 | U51: 43221 | V51: 43208 | W51: 43118 | X51: 43116 | Y51: N/A | Z51: N/A | AA51: N/A | AB51: N/A | AC51: 43116 | AD51: 43160 | AE51: N/A | AF51: 43165 | AG51: 43165 | AH51: N/A | AI51: 43403 | AJ51: 43403 | AK51: N/A | AL51: 43403 | AM51: 43403 | AN51: N/A | AO51: 43403 | AP51: N/A | AQ51: 43403 | AR51: 43403 | AS51: N/A | AT51: N/A | AU51: N/A | AV51: N/A | AW51: N/A | AX51: 43403 | AY51: Inactive | AZ51: Inactive | BA51: Inactive | BB51: Inactive | BC51: Inactive | BD51: Inactive | BE51: N/A | BF51: 43165 | BG51: 43118 | BH51: 43403 | BI51: 43403 | BJ51: 43403 | BK51: 43403 | BL51: 43403 | BN51: =Table1[[#This Row],[Seed: Seed_BKK1]] -> 43403 | BO51: =Table1[[#This Row],[Seed: Seed_THQ1]] -> 43403 | BP51: =Table1[[#This Row],[Seed: Seed_SIN1]] -> 43403
A52: =LEFT(Table1[[#This Row],[Level]],2)&"-"&Table1[[#This Row],[Seq]] -> L2-42 | B52: L2-Code | C52: =IFERROR(IF(AND(Table1[[#This Row],[Level]]=B51,Table1[[#This Row],[Form Name]]=E51),C51,IF(Table1[[#This Row],[Level]]=B51,C51+1,1)),1) -> 42 | D52: AM | E52: Price Formula | F52: Seed | G52: All Orders | H52: Yes | I52: Global | J52: Manual | K52: =IFERROR(VLOOKUP(E52,'Data Owners'!G:H,2,0),VLOOKUP(D52,'Data Owners'!A:D,3,0)) -> Julie Ramirez | L52: =IF(OR(P52="",Q52="",R52="",S52="",T52="",U52="",V52="",W52="",X52="",Y52="",Z52="",AA52="",AB52="",AC52="",AD52=""),"",IF(AND(P52="N/A",Q52="N/A",R52="N/A",S52="N/A",T52="N/A",U52="N/A",V52="N/A",W52="N/A",X52="N/A",Y52="N/A",Z52="N/A",AA52="N/A",AB52="N/A",AC52="N/A",AD52="N/A"),"N/A",IF(MAX(P52:AD52)=0,"",MAX(P52:AD52)))) -> 43221 | M52: =IF(OR(AE52="Need Info",AF52="Need Info",AG52="Need Info",AH52="Need Info",AI52="Need Info",AJ52="Need Info",AK52="Need Info",AL52="Need Info",AM52="Need Info",AN52="Need Info",AO52="Need Info",AP52="Need Info",AQ52="Need Info"),"Need Info",IF(OR(AE52="",AF52="",AG52="",AH52="",AI52="",AJ52="",AK52="",AL52="",AM52="",AN52="",AO52="",AP52="",AQ52=""),"",IF(AND(AE52="N/A",AF52="N/A",AG52="N/A",AH52="N/A",AI52="N/A",AJ52="N/A",AK52="N/A",AL52="N/A",AM52="N/A",AN52="N/A",AO52="N/A",AP52="N/A",AQ52="N/A"),"N/A",IF(MAX(AE52:AQ52)=0,"",MAX(AE52:AQ52))))) -> 43403 | P52: N/A | Q52: N/A | R52: N/A | S52: N/A | T52: 43116 | U52: 43221 | V52: 43208 | W52: 43116 | X52: 43116 | Y52: N/A | Z52: N/A | AA52: N/A | AB52: N/A | AC52: 43116 | AD52: 43160 | AE52: N/A | AF52: 43165 | AG52: 43165 | AH52: N/A | AI52: 43403 | AJ52: 43403 | AK52: N/A | AL52: 43403 | AM52: 43403 | AN52: N/A | AO52: 43403 | AP52: N/A | AQ52: 43403 | AR52: 43403 | AS52: N/A | AT52: N/A | AU52: N/A | AV52: N/A | AW52: N/A | AX52: 43403 | AY52: Inactive | AZ52: Inactive | BA52: Inactive | BB52: Inactive | BC52: Inactive | BD52: Inactive | BE52: N/A | BF52: 43165 | BG52: 43116 | BH52: 43403 | BI52: 43403 | BJ52: 43403 | BK52: 43403 | BL52: 43403 | BN52: =Table1[[#This Row],[Seed: Seed_BKK1]] -> 43403 | BO52: =Table1[[#This Row],[Seed: Seed_THQ1]] -> 43403 | BP52: =Table1[[#This Row],[Seed: Seed_SIN1]] -> 43403
A53: =LEFT(Table1[[#This Row],[Level]],2)&"-"&Table1[[#This Row],[Seq]] -> L2-43 | B53: L2-Code | C53: =IFERROR(IF(AND(Table1[[#This Row],[Level]]=B52,Table1[[#This Row],[Form Name]]=E52),C52,IF(Table1[[#This Row],[Level]]=B52,C52+1,1)),1) -> 43 | D53: AM | E53: Price Matrix | F53: Seed | G53: All Orders | H53: Yes | I53: Global | J53: Manual | K53: =IFERROR(VLOOKUP(E53,'Data Owners'!G:H,2,0),VLOOKUP(D53,'Data Owners'!A:D,3,0)) -> Julie Ramirez | L53: =IF(OR(P53="",Q53="",R53="",S53="",T53="",U53="",V53="",W53="",X53="",Y53="",Z53="",AA53="",AB53="",AC53="",AD53=""),"",IF(AND(P53="N/A",Q53="N/A",R53="N/A",S53="N/A",T53="N/A",U53="N/A",V53="N/A",W53="N/A",X53="N/A",Y53="N/A",Z53="N/A",AA53="N/A",AB53="N/A",AC53="N/A",AD53="N/A"),"N/A",IF(MAX(P53:AD53)=0,"",MAX(P53:AD53)))) -> 43221 | M53: =IF(OR(AE53="Need Info",AF53="Need Info",AG53="Need Info",AH53="Need Info",AI53="Need Info",AJ53="Need Info",AK53="Need Info",AL53="Need Info",AM53="Need Info",AN53="Need Info",AO53="Need Info",AP53="Need Info",AQ53="Need Info"),"Need Info",IF(OR(AE53="",AF53="",AG53="",AH53="",AI53="",AJ53="",AK53="",AL53="",AM53="",AN53="",AO53="",AP53="",AQ53=""),"",IF(AND(AE53="N/A",AF53="N/A",AG53="N/A",AH53="N/A",AI53="N/A",AJ53="N/A",AK53="N/A",AL53="N/A",AM53="N/A",AN53="N/A",AO53="N/A",AP53="N/A",AQ53="N/A"),"N/A",IF(MAX(AE53:AQ53)=0,"",MAX(AE53:AQ53))))) -> 43403 | P53: N/A | Q53: N/A | R53: N/A | S53: N/A | T53: 43116 | U53: 43221 | V53: 43208 | W53: 43116 | X53: 43116 | Y53: N/A | Z53: N/A | AA53: N/A | AB53: N/A | AC53: 43116 | AD53: 43160 | AE53: N/A | AF53: 43165 | AG53: 43165 | AH53: N/A | AI53: 43403 | AJ53: 43403 | AK53: N/A | AL53: 43403 | AM53: 43403 | AN53: N/A | AO53: 43403 | AP53: N/A | AQ53: 43403 | AR53: 43403 | AS53: N/A | AT53: N/A | AU53: N/A | AV53: N/A | AW53: N/A | AX53: 43403 | AY53: Inactive | AZ53: Inactive | BA53: Inactive | BB53: Inactive | BC53: Inactive | BD53: Inactive | BE53: N/A | BF53: 43165 | BG53: 43116 | BH53: 43403 | BI53: 43403 | BJ53: 43403 | BK53: 43403 | BL53: 43403 | BN53: =Table1[[#This Row],[Seed: Seed_BKK1]] -> 43403 | BO53: =Table1[[#This Row],[Seed: Seed_THQ1]] -> 43403 | BP53: =Table1[[#This Row],[Seed: Seed_SIN1]] -> 43403
A54: =LEFT(Table1[[#This Row],[Level]],2)&"-"&Table1[[#This Row],[Seq]] -> L2-44 | B54: L2-Code | C54: =IFERROR(IF(AND(Table1[[#This Row],[Level]]=B53,Table1[[#This Row],[Form Name]]=E53),C53,IF(Table1[[#This Row],[Level]]=B53,C53+1,1)),1) -> 44 | D54: AM | E54: Problem Codes | F54: Seed | G54: RMAs | H54: Yes | I54: Global | J54: Manual | K54: =IFERROR(VLOOKUP(E54,'Data Owners'!G:H,2,0),VLOOKUP(D54,'Data Owners'!A:D,3,0)) -> Julie Ramirez | L54: =IF(OR(P54="",Q54="",R54="",S54="",T54="",U54="",V54="",W54="",X54="",Y54="",Z54="",AA54="",AB54="",AC54="",AD54=""),"",IF(AND(P54="N/A",Q54="N/A",R54="N/A",S54="N/A",T54="N/A",U54="N/A",V54="N/A",W54="N/A",X54="N/A",Y54="N/A",Z54="N/A",AA54="N/A",AB54="N/A",AC54="N/A",AD54="N/A"),"N/A",IF(MAX(P54:AD54)=0,"",MAX(P54:AD54)))) -> 43174 | M54: =IF(OR(AE54="Need Info",AF54="Need Info",AG54="Need Info",AH54="Need Info",AI54="Need Info",AJ54="Need Info",AK54="Need Info",AL54="Need Info",AM54="Need Info",AN54="Need Info",AO54="Need Info",AP54="Need Info",AQ54="Need Info"),"Need Info",IF(OR(AE54="",AF54="",AG54="",AH54="",AI54="",AJ54="",AK54="",AL54="",AM54="",AN54="",AO54="",AP54="",AQ54=""),"",IF(AND(AE54="N/A",AF54="N/A",AG54="N/A",AH54="N/A",AI54="N/A",AJ54="N/A",AK54="N/A",AL54="N/A",AM54="N/A",AN54="N/A",AO54="N/A",AP54="N/A",AQ54="N/A"),"N/A",IF(MAX(AE54:AQ54)=0,"",MAX(AE54:AQ54))))) -> 43403 | P54: N/A | Q54: N/A | R54: N/A | S54: N/A | T54: N/A | U54: 43136 | V54: 43174 | W54: N/A | X54: N/A | Y54: N/A | Z54: N/A | AA54: N/A | AB54: N/A | AC54: 43136 | AD54: 43136 | AE54: N/A | AF54: N/A | AG54: N/A | AH54: N/A | AI54: 43403 | AJ54: 43403 | AK54: N/A | AL54: 43403 | AM54: 43403 | AN54: N/A | AO54: 43403 | AP54: N/A | AQ54: 43403 | AR54: 43403 | AS54: N/A | AT54: N/A | AU54: N/A | AV54: N/A | AW54: N/A | AX54: 43403 | AY54: Inactive | AZ54: Inactive | BA54: Inactive | BB54: Inactive | BC54: Inactive | BD54: Inactive | BE54: N/A | BG54: N/A | BH54: 43403 | BI54: 43403 | BJ54: 43403 | BK54: 43403 | BL54: 43403 | BN54: =Table1[[#This Row],[Seed: Seed_BKK1]] -> 43403 | BO54: =Table1[[#This Row],[Seed: Seed_THQ1]] -> 43403 | BP54: =Table1[[#This Row],[Seed: Seed_SIN1]] -> 43403
A55: =LEFT(Table1[[#This Row],[Level]],2)&"-"&Table1[[#This Row],[Seq]] -> L2-45 | B55: L2-Code | C55: =IFERROR(IF(AND(Table1[[#This Row],[Level]]=B54,Table1[[#This Row],[Form Name]]=E54),C54,IF(Table1[[#This Row],[Level]]=B54,C54+1,1)),1) -> 45 | D55: AM | E55: Salesperson Classification | F55: Seed | G55: All Orders | H55: Yes | I55: Global | J55: Manual | K55: =IFERROR(VLOOKUP(E55,'Data Owners'!G:H,2,0),VLOOKUP(D55,'Data Owners'!A:D,3,0)) -> Julie Ramirez | L55: =IF(OR(P55="",Q55="",R55="",S55="",T55="",U55="",V55="",W55="",X55="",Y55="",Z55="",AA55="",AB55="",AC55="",AD55=""),"",IF(AND(P55="N/A",Q55="N/A",R55="N/A",S55="N/A",T55="N/A",U55="N/A",V55="N/A",W55="N/A",X55="N/A",Y55="N/A",Z55="N/A",AA55="N/A",AB55="N/A",AC55="N/A",AD55="N/A"),"N/A",IF(MAX(P55:AD55)=0,"",MAX(P55:AD55)))) -> 43447 | M55: =IF(OR(AE55="Need Info",AF55="Need Info",AG55="Need Info",AH55="Need Info",AI55="Need Info",AJ55="Need Info",AK55="Need Info",AL55="Need Info",AM55="Need Info",AN55="Need Info",AO55="Need Info",AP55="Need Info",AQ55="Need Info"),"Need Info",IF(OR(AE55="",AF55="",AG55="",AH55="",AI55="",AJ55="",AK55="",AL55="",AM55="",AN55="",AO55="",AP55="",AQ55=""),"",IF(AND(AE55="N/A",AF55="N/A",AG55="N/A",AH55="N/A",AI55="N/A",AJ55="N/A",AK55="N/A",AL55="N/A",AM55="N/A",AN55="N/A",AO55="N/A",AP55="N/A",AQ55="N/A"),"N/A",IF(MAX(AE55:AQ55)=0,"",MAX(AE55:AQ55))))) -> 43493 | P55: N/A | Q55: N/A | R55: N/A | S55: N/A | T55: N/A | U55: N/A | V55: 43206 | W55: N/A | X55: N/A | Y55: N/A | Z55: N/A | AA55: N/A | AB55: N/A | AC55: 43126 | AD55: 43447 | AE55: N/A | AF55: 43165 | AG55: 43165 | AH55: N/A | AI55: N/A | AJ55: N/A | AK55: N/A | AL55: 43493 | AM55: N/A | AN55: N/A | AO55: N/A | AP55: N/A | AQ55: N/A | AR55: Inactive | AS55: Inactive | AT55: Inactive | AU55: Inactive | AV55: Inactive | AW55: Inactive | AX55: Inactive | AY55: Inactive | AZ55: Inactive | BA55: Inactive | BB55: Inactive | BC55: Inactive | BD55: Inactive | BE55: N/A | BF55: 43165 | BG55: N/A | BH55: Skip | BI55: Skip | BJ55: Skip | BK55: Skip | BL55: Skip | BM55: N/A | BN55: 43493 | BO55: N/A | BP55: N/A
A56: =LEFT(Table1[[#This Row],[Level]],2)&"-"&Table1[[#This Row],[Seq]] -> L2-46 | B56: L2-Code | C56: =IFERROR(IF(AND(Table1[[#This Row],[Level]]=B55,Table1[[#This Row],[Form Name]]=E55),C55,IF(Table1[[#This Row],[Level]]=B55,C55+1,1)),1) -> 46 | D56: AM | E56: JBT Customer Applications | F56: After Seed | G56: All Orders | H56: Yes | I56: Global | J56: Manual | K56: =IFERROR(VLOOKUP(E56,'Data Owners'!G:H,2,0),VLOOKUP(D56,'Data Owners'!A:D,3,0)) -> Julie Ramirez | L56: =IF(OR(P56="",Q56="",R56="",S56="",T56="",U56="",V56="",W56="",X56="",Y56="",Z56="",AA56="",AB56="",AC56="",AD56=""),"",IF(AND(P56="N/A",Q56="N/A",R56="N/A",S56="N/A",T56="N/A",U56="N/A",V56="N/A",W56="N/A",X56="N/A",Y56="N/A",Z56="N/A",AA56="N/A",AB56="N/A",AC56="N/A",AD56="N/A"),"N/A",IF(MAX(P56:AD56)=0,"",MAX(P56:AD56)))) -> 43301 | M56: =IF(OR(AE56="Need Info",AF56="Need Info",AG56="Need Info",AH56="Need Info",AI56="Need Info",AJ56="Need Info",AK56="Need Info",AL56="Need Info",AM56="Need Info",AN56="Need Info",AO56="Need Info",AP56="Need Info",AQ56="Need Info"),"Need Info",IF(OR(AE56="",AF56="",AG56="",AH56="",AI56="",AJ56="",AK56="",AL56="",AM56="",AN56="",AO56="",AP56="",AQ56=""),"",IF(AND(AE56="N/A",AF56="N/A",AG56="N/A",AH56="N/A",AI56="N/A",AJ56="N/A",AK56="N/A",AL56="N/A",AM56="N/A",AN56="N/A",AO56="N/A",AP56="N/A",AQ56="N/A"),"N/A",IF(MAX(AE56:AQ56)=0,"",MAX(AE56:AQ56))))) -> N/A | P56: N/A | Q56: N/A | R56: N/A | S56: N/A | T56: 43118 | U56: 43118 | V56: 43301 | W56: 43118 | X56: 43118 | Y56: N/A | Z56: N/A | AA56: N/A | AB56: N/A | AC56: 43118 | AD56: 43118 | AE56: N/A | AF56: N/A | AG56: N/A | AH56: N/A | AI56: N/A | AJ56: N/A | AK56: N/A | AL56: N/A | AM56: N/A | AN56: N/A | AO56: N/A | AP56: N/A | AQ56: N/A | AR56: N/A | AS56: N/A | AT56: N/A | AU56: N/A | AV56: N/A | AW56: N/A | AX56: N/A | AY56: Inactive | AZ56: Inactive | BA56: Inactive | BB56: Inactive | BC56: Inactive | BD56: Inactive | BE56: N/A | BF56: N/A | BG56: 43118 | BH56: 43417 | BI56: 43417 | BJ56: 43417 | BK56: 43417 | BL56: 43417 | BN56: 43485 | BO56: 43485 | BP56: 43485
A57: =LEFT(Table1[[#This Row],[Level]],2)&"-"&Table1[[#This Row],[Seq]] -> L2-47 | B57: L2-Code | C57: =IFERROR(IF(AND(Table1[[#This Row],[Level]]=B56,Table1[[#This Row],[Form Name]]=E56),C56,IF(Table1[[#This Row],[Level]]=B56,C56+1,1)),1) -> 47 | D57: AM | E57: JBT Customer Industry | F57: After Seed | G57: All Orders | H57: Yes | I57: Global | J57: Manual | K57: =IFERROR(VLOOKUP(E57,'Data Owners'!G:H,2,0),VLOOKUP(D57,'Data Owners'!A:D,3,0)) -> Julie Ramirez | L57: =IF(OR(P57="",Q57="",R57="",S57="",T57="",U57="",V57="",W57="",X57="",Y57="",Z57="",AA57="",AB57="",AC57="",AD57=""),"",IF(AND(P57="N/A",Q57="N/A",R57="N/A",S57="N/A",T57="N/A",U57="N/A",V57="N/A",W57="N/A",X57="N/A",Y57="N/A",Z57="N/A",AA57="N/A",AB57="N/A",AC57="N/A",AD57="N/A"),"N/A",IF(MAX(P57:AD57)=0,"",MAX(P57:AD57)))) -> 43301 | M57: =IF(OR(AE57="Need Info",AF57="Need Info",AG57="Need Info",AH57="Need Info",AI57="Need Info",AJ57="Need Info",AK57="Need Info",AL57="Need Info",AM57="Need Info",AN57="Need Info",AO57="Need Info",AP57="Need Info",AQ57="Need Info"),"Need Info",IF(OR(AE57="",AF57="",AG57="",AH57="",AI57="",AJ57="",AK57="",AL57="",AM57="",AN57="",AO57="",AP57="",AQ57=""),"",IF(AND(AE57="N/A",AF57="N/A",AG57="N/A",AH57="N/A",AI57="N/A",AJ57="N/A",AK57="N/A",AL57="N/A",AM57="N/A",AN57="N/A",AO57="N/A",AP57="N/A",AQ57="N/A"),"N/A",IF(MAX(AE57:AQ57)=0,"",MAX(AE57:AQ57))))) -> N/A | P57: N/A | Q57: N/A | R57: N/A | S57: N/A | T57: 43118 | U57: 43118 | V57: 43301 | W57: 43118 | X57: 43118 | Y57: N/A | Z57: N/A | AA57: N/A | AB57: N/A | AC57: 43118 | AD57: 43118 | AE57: N/A | AF57: N/A | AG57: N/A | AH57: N/A | AI57: N/A | AJ57: N/A | AK57: N/A | AL57: N/A | AM57: N/A | AN57: N/A | AO57: N/A | AP57: N/A | AQ57: N/A | AR57: N/A | AS57: N/A | AT57: N/A | AU57: N/A | AV57: N/A | AW57: N/A | AX57: N/A | AY57: Inactive | AZ57: Inactive | BA57: Inactive | BB57: Inactive | BC57: Inactive | BD57: Inactive | BE57: N/A | BF57: N/A | BG57: 43118 | BH57: 43417 | BI57: 43417 | BJ57: 43417 | BK57: 43417 | BL57: 43417 | BN57: 43485 | BO57: 43485 | BP57: 43485
A58: =LEFT(Table1[[#This Row],[Level]],2)&"-"&Table1[[#This Row],[Seq]] -> L2-48 | B58: L2-Code | C58: =IFERROR(IF(AND(Table1[[#This Row],[Level]]=B57,Table1[[#This Row],[Form Name]]=E57),C57,IF(Table1[[#This Row],[Level]]=B57,C57+1,1)),1) -> 48 | D58: ENG | E58: Commodity Codes | F58: Seed | G58: Items | H58: Yes | I58: Global | J58: Manual | K58: =IFERROR(VLOOKUP(E58,'Data Owners'!G:H,2,0),VLOOKUP(D58,'Data Owners'!A:D,3,0)) -> Jeff Gill | L58: =IF(OR(P58="",Q58="",R58="",S58="",T58="",U58="",V58="",W58="",X58="",Y58="",Z58="",AA58="",AB58="",AC58="",AD58=""),"",IF(AND(P58="N/A",Q58="N/A",R58="N/A",S58="N/A",T58="N/A",U58="N/A",V58="N/A",W58="N/A",X58="N/A",Y58="N/A",Z58="N/A",AA58="N/A",AB58="N/A",AC58="N/A",AD58="N/A"),"N/A",IF(MAX(P58:AD58)=0,"",MAX(P58:AD58)))) -> N/A | M58: =IF(OR(AE58="Need Info",AF58="Need Info",AG58="Need Info",AH58="Need Info",AI58="Need Info",AJ58="Need Info",AK58="Need Info",AL58="Need Info",AM58="Need Info",AN58="Need Info",AO58="Need Info",AP58="Need Info",AQ58="Need Info"),"Need Info",IF(OR(AE58="",AF58="",AG58="",AH58="",AI58="",AJ58="",AK58="",AL58="",AM58="",AN58="",AO58="",AP58="",AQ58=""),"",IF(AND(AE58="N/A",AF58="N/A",AG58="N/A",AH58="N/A",AI58="N/A",AJ58="N/A",AK58="N/A",AL58="N/A",AM58="N/A",AN58="N/A",AO58="N/A",AP58="N/A",AQ58="N/A"),"N/A",IF(MAX(AE58:AQ58)=0,"",MAX(AE58:AQ58))))) -> N/A | P58: N/A | Q58: N/A | R58: N/A | S58: N/A | T58: N/A | U58: N/A | V58: N/A | W58: N/A | X58: N/A | Y58: N/A | Z58: N/A | AA58: N/A | AB58: N/A | AC58: N/A | AD58: N/A | AE58: N/A | AF58: N/A | AG58: N/A | AH58: N/A | AI58: N/A | AJ58: N/A | AK58: N/A | AL58: N/A | AM58: N/A | AN58: N/A | AO58: N/A | AP58: N/A | AQ58: N/A | AR58: N/A | AS58: N/A | AT58: N/A | AU58: N/A | AV58: N/A | AW58: N/A | AX58: N/A | AY58: N/A | AZ58: N/A | BA58: N/A | BB58: N/A | BC58: N/A | BD58: N/A | BE58: N/A | BF58: N/A | BG58: N/A | BH58: N/A | BI58: N/A | BJ58: N/A | BK58: N/A | BL58: N/A | BM58: N/A | BN58: N/A | BO58: N/A | BP58: N/A
A59: =LEFT(Table1[[#This Row],[Level]],2)&"-"&Table1[[#This Row],[Seq]] -> L2-49 | B59: L2-Code | C59: =IFERROR(IF(AND(Table1[[#This Row],[Level]]=B58,Table1[[#This Row],[Form Name]]=E58),C58,IF(Table1[[#This Row],[Level]]=B58,C58+1,1)),1) -> 49 | D59: ENG | E59: ECN Distribution Codes | F59: Seed | G59: Items | H59: Yes | I59: Global | J59: Manual | K59: =IFERROR(VLOOKUP(E59,'Data Owners'!G:H,2,0),VLOOKUP(D59,'Data Owners'!A:D,3,0)) -> Jeff Gill | L59: =IF(OR(P59="",Q59="",R59="",S59="",T59="",U59="",V59="",W59="",X59="",Y59="",Z59="",AA59="",AB59="",AC59="",AD59=""),"",IF(AND(P59="N/A",Q59="N/A",R59="N/A",S59="N/A",T59="N/A",U59="N/A",V59="N/A",W59="N/A",X59="N/A",Y59="N/A",Z59="N/A",AA59="N/A",AB59="N/A",AC59="N/A",AD59="N/A"),"N/A",IF(MAX(P59:AD59)=0,"",MAX(P59:AD59)))) -> N/A | M59: =IF(OR(AE59="Need Info",AF59="Need Info",AG59="Need Info",AH59="Need Info",AI59="Need Info",AJ59="Need Info",AK59="Need Info",AL59="Need Info",AM59="Need Info",AN59="Need Info",AO59="Need Info",AP59="Need Info",AQ59="Need Info"),"Need Info",IF(OR(AE59="",AF59="",AG59="",AH59="",AI59="",AJ59="",AK59="",AL59="",AM59="",AN59="",AO59="",AP59="",AQ59=""),"",IF(AND(AE59="N/A",AF59="N/A",AG59="N/A",AH59="N/A",AI59="N/A",AJ59="N/A",AK59="N/A",AL59="N/A",AM59="N/A",AN59="N/A",AO59="N/A",AP59="N/A",AQ59="N/A"),"N/A",IF(MAX(AE59:AQ59)=0,"",MAX(AE59:AQ59))))) -> N/A | P59: N/A | Q59: N/A | R59: N/A | S59: N/A | T59: N/A | U59: N/A | V59: N/A | W59: N/A | X59: N/A | Y59: N/A | Z59: N/A | AA59: N/A | AB59: N/A | AC59: N/A | AD59: N/A | AE59: N/A | AF59: N/A | AG59: N/A | AH59: N/A | AI59: N/A | AJ59: N/A | AK59: N/A | AL59: N/A | AM59: N/A | AN59: N/A | AO59: N/A | AP59: N/A | AQ59: N/A | AR59: N/A | AS59: N/A | AT59: N/A | AU59: N/A | AV59: N/A | AW59: N/A | AX59: N/A | AY59: N/A | AZ59: N/A | BA59: N/A | BB59: N/A | BC59: N/A | BD59: N/A | BE59: N/A | BF59: N/A | BG59: N/A | BH59: N/A | BI59: N/A | BJ59: N/A | BK59: N/A | BL59: N/A | BM59: N/A | BN59: N/A | BO59: N/A | BP59: N/A
A60: =LEFT(Table1[[#This Row],[Level]],2)&"-"&Table1[[#This Row],[Seq]] -> L2-50 | B60: L2-Code | C60: =IFERROR(IF(AND(Table1[[#This Row],[Level]]=B59,Table1[[#This Row],[Form Name]]=E59),C59,IF(Table1[[#This Row],[Level]]=B59,C59+1,1)),1) -> 50 | D60: ENG | E60: ECN Priority Codes | F60: Seed | G60: Items | H60: Yes | I60: Global | J60: Manual | K60: =IFERROR(VLOOKUP(E60,'Data Owners'!G:H,2,0),VLOOKUP(D60,'Data Owners'!A:D,3,0)) -> Jeff Gill | L60: =IF(OR(P60="",Q60="",R60="",S60="",T60="",U60="",V60="",W60="",X60="",Y60="",Z60="",AA60="",AB60="",AC60="",AD60=""),"",IF(AND(P60="N/A",Q60="N/A",R60="N/A",S60="N/A",T60="N/A",U60="N/A",V60="N/A",W60="N/A",X60="N/A",Y60="N/A",Z60="N/A",AA60="N/A",AB60="N/A",AC60="N/A",AD60="N/A"),"N/A",IF(MAX(P60:AD60)=0,"",MAX(P60:AD60)))) -> N/A | M60: =IF(OR(AE60="Need Info",AF60="Need Info",AG60="Need Info",AH60="Need Info",AI60="Need Info",AJ60="Need Info",AK60="Need Info",AL60="Need Info",AM60="Need Info",AN60="Need Info",AO60="Need Info",AP60="Need Info",AQ60="Need Info"),"Need Info",IF(OR(AE60="",AF60="",AG60="",AH60="",AI60="",AJ60="",AK60="",AL60="",AM60="",AN60="",AO60="",AP60="",AQ60=""),"",IF(AND(AE60="N/A",AF60="N/A",AG60="N/A",AH60="N/A",AI60="N/A",AJ60="N/A",AK60="N/A",AL60="N/A",AM60="N/A",AN60="N/A",AO60="N/A",AP60="N/A",AQ60="N/A"),"N/A",IF(MAX(AE60:AQ60)=0,"",MAX(AE60:AQ60))))) -> N/A | P60: N/A | Q60: N/A | R60: N/A | S60: N/A | T60: N/A | U60: N/A | V60: N/A | W60: N/A | X60: N/A | Y60: N/A | Z60: N/A | AA60: N/A | AB60: N/A | AC60: N/A | AD60: N/A | AE60: N/A | AF60: N/A | AG60: N/A | AH60: N/A | AI60: N/A | AJ60: N/A | AK60: N/A | AL60: N/A | AM60: N/A | AN60: N/A | AO60: N/A | AP60: N/A | AQ60: N/A | AR60: N/A | AS60: N/A | AT60: N/A | AU60: N/A | AV60: N/A | AW60: N/A | AX60: N/A | AY60: N/A | AZ60: N/A | BA60: N/A | BB60: N/A | BC60: N/A | BD60: N/A | BE60: N/A | BF60: N/A | BG60: N/A | BH60: N/A | BI60: N/A | BJ60: N/A | BK60: N/A | BL60: N/A | BM60: N/A | BN60: N/A | BO60: N/A | BP60: N/A
A61: =LEFT(Table1[[#This Row],[Level]],2)&"-"&Table1[[#This Row],[Seq]] -> L2-51 | B61: L2-Code | C61: =IFERROR(IF(AND(Table1[[#This Row],[Level]]=B60,Table1[[#This Row],[Form Name]]=E60),C60,IF(Table1[[#This Row],[Level]]=B60,C60+1,1)),1) -> 51 | D61: ENG | E61: ECN Reason Codes | F61: Seed | G61: Items | H61: Yes | I61: Global | J61: Manual | K61: =IFERROR(VLOOKUP(E61,'Data Owners'!G:H,2,0),VLOOKUP(D61,'Data Owners'!A:D,3,0)) -> Jeff Gill | L61: =IF(OR(P61="",Q61="",R61="",S61="",T61="",U61="",V61="",W61="",X61="",Y61="",Z61="",AA61="",AB61="",AC61="",AD61=""),"",IF(AND(P61="N/A",Q61="N/A",R61="N/A",S61="N/A",T61="N/A",U61="N/A",V61="N/A",W61="N/A",X61="N/A",Y61="N/A",Z61="N/A",AA61="N/A",AB61="N/A",AC61="N/A",AD61="N/A"),"N/A",IF(MAX(P61:AD61)=0,"",MAX(P61:AD61)))) -> N/A | M61: =IF(OR(AE61="Need Info",AF61="Need Info",AG61="Need Info",AH61="Need Info",AI61="Need Info",AJ61="Need Info",AK61="Need Info",AL61="Need Info",AM61="Need Info",AN61="Need Info",AO61="Need Info",AP61="Need Info",AQ61="Need Info"),"Need Info",IF(OR(AE61="",AF61="",AG61="",AH61="",AI61="",AJ61="",AK61="",AL61="",AM61="",AN61="",AO61="",AP61="",AQ61=""),"",IF(AND(AE61="N/A",AF61="N/A",AG61="N/A",AH61="N/A",AI61="N/A",AJ61="N/A",AK61="N/A",AL61="N/A",AM61="N/A",AN61="N/A",AO61="N/A",AP61="N/A",AQ61="N/A"),"N/A",IF(MAX(AE61:AQ61)=0,"",MAX(AE61:AQ61))))) -> N/A | P61: N/A | Q61: N/A | R61: N/A | S61: N/A | T61: N/A | U61: N/A | V61: N/A | W61: N/A | X61: N/A | Y61: N/A | Z61: N/A | AA61: N/A | AB61: N/A | AC61: N/A | AD61: N/A | AE61: N/A | AF61: N/A | AG61: N/A | AH61: N/A | AI61: N/A | AJ61: N/A | AK61: N/A | AL61: N/A | AM61: N/A | AN61: N/A | AO61: N/A | AP61: N/A | AQ61: N/A | AR61: N/A | AS61: N/A | AT61: N/A | AU61: N/A | AV61: N/A | AW61: N/A | AX61: N/A | AY61: N/A | AZ61: N/A | BA61: N/A | BB61: N/A | BC61: N/A | BD61: N/A | BE61: N/A | BF61: N/A | BG61: N/A | BH61: N/A | BI61: N/A | BJ61: N/A | BK61: N/A | BL61: N/A | BM61: N/A | BN61: N/A | BO61: N/A | BP61: N/A
A62: =LEFT(Table1[[#This Row],[Level]],2)&"-"&Table1[[#This Row],[Seq]] -> L2-52 | B62: L2-Code | C62: =IFERROR(IF(AND(Table1[[#This Row],[Level]]=B61,Table1[[#This Row],[Form Name]]=E61),C61,IF(Table1[[#This Row],[Level]]=B61,C61+1,1)),1) -> 52 | D62: ENG | E62: Family Codes | F62: Seed | G62: Items | H62: Yes | I62: Global | J62: Manual | K62: =IFERROR(VLOOKUP(E62,'Data Owners'!G:H,2,0),VLOOKUP(D62,'Data Owners'!A:D,3,0)) -> Jeff Gill | L62: =IF(OR(P62="",Q62="",R62="",S62="",T62="",U62="",V62="",W62="",X62="",Y62="",Z62="",AA62="",AB62="",AC62="",AD62=""),"",IF(AND(P62="N/A",Q62="N/A",R62="N/A",S62="N/A",T62="N/A",U62="N/A",V62="N/A",W62="N/A",X62="N/A",Y62="N/A",Z62="N/A",AA62="N/A",AB62="N/A",AC62="N/A",AD62="N/A"),"N/A",IF(MAX(P62:AD62)=0,"",MAX(P62:AD62)))) -> N/A | M62: =IF(OR(AE62="Need Info",AF62="Need Info",AG62="Need Info",AH62="Need Info",AI62="Need Info",AJ62="Need Info",AK62="Need Info",AL62="Need Info",AM62="Need Info",AN62="Need Info",AO62="Need Info",AP62="Need Info",AQ62="Need Info"),"Need Info",IF(OR(AE62="",AF62="",AG62="",AH62="",AI62="",AJ62="",AK62="",AL62="",AM62="",AN62="",AO62="",AP62="",AQ62=""),"",IF(AND(AE62="N/A",AF62="N/A",AG62="N/A",AH62="N/A",AI62="N/A",AJ62="N/A",AK62="N/A",AL62="N/A",AM62="N/A",AN62="N/A",AO62="N/A",AP62="N/A",AQ62="N/A"),"N/A",IF(MAX(AE62:AQ62)=0,"",MAX(AE62:AQ62))))) -> N/A | P62: N/A | Q62: N/A | R62: N/A | S62: N/A | T62: N/A | U62: N/A | V62: N/A | W62: N/A | X62: N/A | Y62: N/A | Z62: N/A | AA62: N/A | AB62: N/A | AC62: N/A | AD62: N/A | AE62: N/A | AF62: N/A | AG62: N/A | AH62: N/A | AI62: N/A | AJ62: N/A | AK62: N/A | AL62: N/A | AM62: N/A | AN62: N/A | AO62: N/A | AP62: N/A | AQ62: N/A | AR62: N/A | AS62: N/A | AT62: N/A | AU62: N/A | AV62: N/A | AW62: N/A | AX62: N/A | AY62: N/A | AZ62: N/A | BA62: N/A | BB62: N/A | BC62: N/A | BD62: N/A | BE62: N/A | BF62: N/A | BG62: N/A | BH62: N/A | BI62: N/A | BJ62: N/A | BK62: N/A | BL62: N/A | BM62: N/A | BN62: N/A | BO62: N/A | BP62: N/A
A63: =LEFT(Table1[[#This Row],[Level]],2)&"-"&Table1[[#This Row],[Seq]] -> L2-53 | B63: L2-Code | C63: =IFERROR(IF(AND(Table1[[#This Row],[Level]]=B62,Table1[[#This Row],[Form Name]]=E62),C62,IF(Table1[[#This Row],[Level]]=B62,C62+1,1)),1) -> 53 | D63: ENG | E63: Harmonized Tariff Schedule Codes | F63: Seed | G63: Items | H63: Yes | I63: Global | J63: Manual | K63: =IFERROR(VLOOKUP(E63,'Data Owners'!G:H,2,0),VLOOKUP(D63,'Data Owners'!A:D,3,0)) -> Jeff Gill | L63: =IF(OR(P63="",Q63="",R63="",S63="",T63="",U63="",V63="",W63="",X63="",Y63="",Z63="",AA63="",AB63="",AC63="",AD63=""),"",IF(AND(P63="N/A",Q63="N/A",R63="N/A",S63="N/A",T63="N/A",U63="N/A",V63="N/A",W63="N/A",X63="N/A",Y63="N/A",Z63="N/A",AA63="N/A",AB63="N/A",AC63="N/A",AD63="N/A"),"N/A",IF(MAX(P63:AD63)=0,"",MAX(P63:AD63)))) -> 43237 | M63: =IF(OR(AE63="Need Info",AF63="Need Info",AG63="Need Info",AH63="Need Info",AI63="Need Info",AJ63="Need Info",AK63="Need Info",AL63="Need Info",AM63="Need Info",AN63="Need Info",AO63="Need Info",AP63="Need Info",AQ63="Need Info"),"Need Info",IF(OR(AE63="",AF63="",AG63="",AH63="",AI63="",AJ63="",AK63="",AL63="",AM63="",AN63="",AO63="",AP63="",AQ63=""),"",IF(AND(AE63="N/A",AF63="N/A",AG63="N/A",AH63="N/A",AI63="N/A",AJ63="N/A",AK63="N/A",AL63="N/A",AM63="N/A",AN63="N/A",AO63="N/A",AP63="N/A",AQ63="N/A"),"N/A",IF(MAX(AE63:AQ63)=0,"",MAX(AE63:AQ63))))) -> N/A | P63: N/A | Q63: N/A | R63: N/A | S63: N/A | T63: N/A | U63: N/A | V63: 43237 | W63: N/A | X63: N/A | Y63: N/A | Z63: N/A | AA63: N/A | AB63: N/A | AC63: N/A | AD63: N/A | AE63: N/A | AF63: N/A | AG63: N/A | AH63: N/A | AI63: N/A | AJ63: N/A | AK63: N/A | AL63: N/A | AM63: N/A | AN63: N/A | AO63: N/A | AP63: N/A | AQ63: N/A | AR63: Inactive | AS63: Inactive | AT63: Inactive | AU63: Inactive | AV63: Inactive | AW63: N/A | AX63: Inactive | AY63: Inactive | AZ63: Inactive | BA63: Inactive | BB63: Inactive | BC63: Inactive | BD63: Inactive | BE63: N/A | BG63: N/A | BH63: N/A | BI63: N/A | BJ63: N/A | BK63: N/A | BL63: N/A | BM63: N/A | BN63: N/A | BO63: N/A | BP63: N/A
A64: =LEFT(Table1[[#This Row],[Level]],2)&"-"&Table1[[#This Row],[Seq]] -> L2-54 | B64: L2-Code | C64: =IFERROR(IF(AND(Table1[[#This Row],[Level]]=B63,Table1[[#This Row],[Form Name]]=E63),C63,IF(Table1[[#This Row],[Level]]=B63,C63+1,1)),1) -> 54 | D64: ENG | E64: Related Item Reason Codes | F64: Seed | G64: Items | H64: Yes | I64: Global | J64: Manual | K64: =IFERROR(VLOOKUP(E64,'Data Owners'!G:H,2,0),VLOOKUP(D64,'Data Owners'!A:D,3,0)) -> Jeff Gill | L64: =IF(OR(P64="",Q64="",R64="",S64="",T64="",U64="",V64="",W64="",X64="",Y64="",Z64="",AA64="",AB64="",AC64="",AD64=""),"",IF(AND(P64="N/A",Q64="N/A",R64="N/A",S64="N/A",T64="N/A",U64="N/A",V64="N/A",W64="N/A",X64="N/A",Y64="N/A",Z64="N/A",AA64="N/A",AB64="N/A",AC64="N/A",AD64="N/A"),"N/A",IF(MAX(P64:AD64)=0,"",MAX(P64:AD64)))) -> N/A | M64: =IF(OR(AE64="Need Info",AF64="Need Info",AG64="Need Info",AH64="Need Info",AI64="Need Info",AJ64="Need Info",AK64="Need Info",AL64="Need Info",AM64="Need Info",AN64="Need Info",AO64="Need Info",AP64="Need Info",AQ64="Need Info"),"Need Info",IF(OR(AE64="",AF64="",AG64="",AH64="",AI64="",AJ64="",AK64="",AL64="",AM64="",AN64="",AO64="",AP64="",AQ64=""),"",IF(AND(AE64="N/A",AF64="N/A",AG64="N/A",AH64="N/A",AI64="N/A",AJ64="N/A",AK64="N/A",AL64="N/A",AM64="N/A",AN64="N/A",AO64="N/A",AP64="N/A",AQ64="N/A"),"N/A",IF(MAX(AE64:AQ64)=0,"",MAX(AE64:AQ64))))) -> N/A | P64: N/A | Q64: N/A | R64: N/A | S64: N/A | T64: N/A | U64: N/A | V64: N/A | W64: N/A | X64: N/A | Y64: N/A | Z64: N/A | AA64: N/A | AB64: N/A | AC64: N/A | AD64: N/A | AE64: N/A | AF64: N/A | AG64: N/A | AH64: N/A | AI64: N/A | AJ64: N/A | AK64: N/A | AL64: N/A | AM64: N/A | AN64: N/A | AO64: N/A | AP64: N/A | AQ64: N/A | AR64: N/A | AS64: N/A | AT64: N/A | AU64: N/A | AV64: N/A | AW64: N/A | AX64: N/A | AY64: N/A | AZ64: N/A | BA64: N/A | BB64: N/A | BC64: N/A | BD64: N/A | BE64: N/A | BF64: N/A | BG64: N/A | BH64: N/A | BI64: N/A | BJ64: N/A | BK64: N/A | BL64: N/A | BM64: N/A | BN64: N/A | BO64: N/A | BP64: N/A
A65: =LEFT(Table1[[#This Row],[Level]],2)&"-"&Table1[[#This Row],[Seq]] -> L2-55 | B65: L2-Code | C65: =IFERROR(IF(AND(Table1[[#This Row],[Level]]=B64,Table1[[#This Row],[Form Name]]=E64),C64,IF(Table1[[#This Row],[Level]]=B64,C64+1,1)),1) -> 55 | D65: FS | E65: Service Priority Codes | F65: Seed | G65: Incidents | H65: Yes | I65: Global | J65: Manual | K65: =IFERROR(VLOOKUP(E65,'Data Owners'!G:H,2,0),VLOOKUP(D65,'Data Owners'!A:D,3,0)) -> Julie Ramirez | L65: =IF(OR(P65="",Q65="",R65="",S65="",T65="",U65="",V65="",W65="",X65="",Y65="",Z65="",AA65="",AB65="",AC65="",AD65=""),"",IF(AND(P65="N/A",Q65="N/A",R65="N/A",S65="N/A",T65="N/A",U65="N/A",V65="N/A",W65="N/A",X65="N/A",Y65="N/A",Z65="N/A",AA65="N/A",AB65="N/A",AC65="N/A",AD65="N/A"),"N/A",IF(MAX(P65:AD65)=0,"",MAX(P65:AD65)))) -> 43165 | M65: =IF(OR(AE65="Need Info",AF65="Need Info",AG65="Need Info",AH65="Need Info",AI65="Need Info",AJ65="Need Info",AK65="Need Info",AL65="Need Info",AM65="Need Info",AN65="Need Info",AO65="Need Info",AP65="Need Info",AQ65="Need Info"),"Need Info",IF(OR(AE65="",AF65="",AG65="",AH65="",AI65="",AJ65="",AK65="",AL65="",AM65="",AN65="",AO65="",AP65="",AQ65=""),"",IF(AND(AE65="N/A",AF65="N/A",AG65="N/A",AH65="N/A",AI65="N/A",AJ65="N/A",AK65="N/A",AL65="N/A",AM65="N/A",AN65="N/A",AO65="N/A",AP65="N/A",AQ65="N/A"),"N/A",IF(MAX(AE65:AQ65)=0,"",MAX(AE65:AQ65))))) -> 43165 | P65: N/A | Q65: N/A | R65: N/A | S65: N/A | T65: N/A | U65: 43116 | V65: 43165 | W65: N/A | X65: N/A | Y65: N/A | Z65: N/A | AA65: N/A | AB65: N/A | AC65: 43116 | AD65: 43116 | AE65: N/A | AF65: 43165 | AG65: 43165 | AH65: N/A | AI65: 43165 | AJ65: 43165 | AK65: N/A | AL65: 43165 | AM65: 43165 | AN65: N/A | AO65: 43165 | AP65: N/A | AQ65: 43165 | AR65: 43165 | AS65: 43165 | AT65: 43165 | AU65: 43165 | AV65: 43165 | AW65: N/A | AX65: 43165 | AY65: Inactive | AZ65: Inactive | BA65: Inactive | BB65: Inactive | BC65: Inactive | BD65: Inactive | BE65: N/A | BF65: 43165 | BG65: N/A | BH65: 43165 | BI65: 43165 | BJ65: 43165 | BK65: 43165 | BL65: 43165 | BN65: =Table1[[#This Row],[Seed: Seed_BKK1]] -> 43165 | BO65: =Table1[[#This Row],[Seed: Seed_THQ1]] -> 43165 | BP65: =Table1[[#This Row],[Seed: Seed_SIN1]] -> 43165
A66: =LEFT(Table1[[#This Row],[Level]],2)&"-"&Table1[[#This Row],[Seq]] -> L2-56 | B66: L2-Code | C66: =IFERROR(IF(AND(Table1[[#This Row],[Level]]=B65,Table1[[#This Row],[Form Name]]=E65),C65,IF(Table1[[#This Row],[Level]]=B65,C65+1,1)),1) -> 56 | D66: FS | E66: Escalation Tasks | F66: Seed | G66: Incidents | H66: Yes | I66: Global | J66: Manual | K66: =IFERROR(VLOOKUP(E66,'Data Owners'!G:H,2,0),VLOOKUP(D66,'Data Owners'!A:D,3,0)) -> Julie Ramirez | L66: =IF(OR(P66="",Q66="",R66="",S66="",T66="",U66="",V66="",W66="",X66="",Y66="",Z66="",AA66="",AB66="",AC66="",AD66=""),"",IF(AND(P66="N/A",Q66="N/A",R66="N/A",S66="N/A",T66="N/A",U66="N/A",V66="N/A",W66="N/A",X66="N/A",Y66="N/A",Z66="N/A",AA66="N/A",AB66="N/A",AC66="N/A",AD66="N/A"),"N/A",IF(MAX(P66:AD66)=0,"",MAX(P66:AD66)))) -> 43165 | M66: =IF(OR(AE66="Need Info",AF66="Need Info",AG66="Need Info",AH66="Need Info",AI66="Need Info",AJ66="Need Info",AK66="Need Info",AL66="Need Info",AM66="Need Info",AN66="Need Info",AO66="Need Info",AP66="Need Info",AQ66="Need Info"),"Need Info",IF(OR(AE66="",AF66="",AG66="",AH66="",AI66="",AJ66="",AK66="",AL66="",AM66="",AN66="",AO66="",AP66="",AQ66=""),"",IF(AND(AE66="N/A",AF66="N/A",AG66="N/A",AH66="N/A",AI66="N/A",AJ66="N/A",AK66="N/A",AL66="N/A",AM66="N/A",AN66="N/A",AO66="N/A",AP66="N/A",AQ66="N/A"),"N/A",IF(MAX(AE66:AQ66)=0,"",MAX(AE66:AQ66))))) -> 43165 | P66: N/A | Q66: N/A | R66: N/A | S66: N/A | T66: N/A | U66: 43116 | V66: 43165 | W66: N/A | X66: N/A | Y66: N/A | Z66: N/A | AA66: N/A | AB66: N/A | AC66: 43116 | AD66: 43116 | AE66: N/A | AF66: 43165 | AG66: 43165 | AH66: N/A | AI66: 43165 | AJ66: 43165 | AK66: N/A | AL66: 43165 | AM66: 43165 | AN66: N/A | AO66: 43165 | AP66: N/A | AQ66: 43165 | AR66: 43165 | AS66: 43165 | AT66: 43165 | AU66: 43165 | AV66: 43165 | AW66: N/A | AX66: 43165 | AY66: Inactive | AZ66: Inactive | BA66: Inactive | BB66: Inactive | BC66: Inactive | BD66: Inactive | BE66: N/A | BF66: 43165 | BG66: N/A | BH66: 43165 | BI66: 43165 | BJ66: 43165 | BK66: 43165 | BL66: 43165 | BN66: =Table1[[#This Row],[Seed: Seed_BKK1]] -> 43165 | BO66: =Table1[[#This Row],[Seed: Seed_THQ1]] -> 43165 | BP66: =Table1[[#This Row],[Seed: Seed_SIN1]] -> 43165
A67: =LEFT(Table1[[#This Row],[Level]],2)&"-"&Table1[[#This Row],[Seq]] -> L2-57 | B67: L2-Code | C67: =IFERROR(IF(AND(Table1[[#This Row],[Level]]=B66,Table1[[#This Row],[Form Name]]=E66),C66,IF(Table1[[#This Row],[Level]]=B66,C66+1,1)),1) -> 57 | D67: FS | E67: Incident Event Codes | F67: Seed | G67: Incidents | H67: Yes | I67: Global | J67: Manual | K67: =IFERROR(VLOOKUP(E67,'Data Owners'!G:H,2,0),VLOOKUP(D67,'Data Owners'!A:D,3,0)) -> Julie Ramirez | L67: =IF(OR(P67="",Q67="",R67="",S67="",T67="",U67="",V67="",W67="",X67="",Y67="",Z67="",AA67="",AB67="",AC67="",AD67=""),"",IF(AND(P67="N/A",Q67="N/A",R67="N/A",S67="N/A",T67="N/A",U67="N/A",V67="N/A",W67="N/A",X67="N/A",Y67="N/A",Z67="N/A",AA67="N/A",AB67="N/A",AC67="N/A",AD67="N/A"),"N/A",IF(MAX(P67:AD67)=0,"",MAX(P67:AD67)))) -> 43165 | M67: =IF(OR(AE67="Need Info",AF67="Need Info",AG67="Need Info",AH67="Need Info",AI67="Need Info",AJ67="Need Info",AK67="Need Info",AL67="Need Info",AM67="Need Info",AN67="Need Info",AO67="Need Info",AP67="Need Info",AQ67="Need Info"),"Need Info",IF(OR(AE67="",AF67="",AG67="",AH67="",AI67="",AJ67="",AK67="",AL67="",AM67="",AN67="",AO67="",AP67="",AQ67=""),"",IF(AND(AE67="N/A",AF67="N/A",AG67="N/A",AH67="N/A",AI67="N/A",AJ67="N/A",AK67="N/A",AL67="N/A",AM67="N/A",AN67="N/A",AO67="N/A",AP67="N/A",AQ67="N/A"),"N/A",IF(MAX(AE67:AQ67)=0,"",MAX(AE67:AQ67))))) -> 43165 | P67: N/A | Q67: N/A | R67: N/A | S67: N/A | T67: N/A | U67: 43116 | V67: 43165 | W67: N/A | X67: N/A | Y67: N/A | Z67: N/A | AA67: N/A | AB67: N/A | AC67: 43116 | AD67: 43116 | AE67: N/A | AF67: 43165 | AG67: 43165 | AH67: N/A | AI67: 43165 | AJ67: 43165 | AK67: N/A | AL67: 43165 | AM67: 43165 | AN67: N/A | AO67: 43165 | AP67: N/A | AQ67: 43165 | AR67: 43165 | AS67: 43165 | AT67: 43165 | AU67: 43165 | AV67: 43165 | AW67: N/A | AX67: 43165 | AY67: Inactive | AZ67: Inactive | BA67: Inactive | BB67: Inactive | BC67: Inactive | BD67: Inactive | BE67: N/A | BF67: 43165 | BG67: N/A | BH67: 43165 | BI67: 43165 | BJ67: 43165 | BK67: 43165 | BL67: 43165 | BN67: =Table1[[#This Row],[Seed: Seed_BKK1]] -> 43165 | BO67: =Table1[[#This Row],[Seed: Seed_THQ1]] -> 43165 | BP67: =Table1[[#This Row],[Seed: Seed_SIN1]] -> 43165
A68: =LEFT(Table1[[#This Row],[Level]],2)&"-"&Table1[[#This Row],[Seq]] -> L2-58 | B68: L2-Code | C68: =IFERROR(IF(AND(Table1[[#This Row],[Level]]=B67,Table1[[#This Row],[Form Name]]=E67),C67,IF(Table1[[#This Row],[Level]]=B67,C67+1,1)),1) -> 58 | D68: FS | E68: Service Reasons | F68: Seed | G68: Incidents | H68: Yes | I68: Global | J68: Manual | K68: =IFERROR(VLOOKUP(E68,'Data Owners'!G:H,2,0),VLOOKUP(D68,'Data Owners'!A:D,3,0)) -> Julie Ramirez | L68: =IF(OR(P68="",Q68="",R68="",S68="",T68="",U68="",V68="",W68="",X68="",Y68="",Z68="",AA68="",AB68="",AC68="",AD68=""),"",IF(AND(P68="N/A",Q68="N/A",R68="N/A",S68="N/A",T68="N/A",U68="N/A",V68="N/A",W68="N/A",X68="N/A",Y68="N/A",Z68="N/A",AA68="N/A",AB68="N/A",AC68="N/A",AD68="N/A"),"N/A",IF(MAX(P68:AD68)=0,"",MAX(P68:AD68)))) -> 43310 | M68: =IF(OR(AE68="Need Info",AF68="Need Info",AG68="Need Info",AH68="Need Info",AI68="Need Info",AJ68="Need Info",AK68="Need Info",AL68="Need Info",AM68="Need Info",AN68="Need Info",AO68="Need Info",AP68="Need Info",AQ68="Need Info"),"Need Info",IF(OR(AE68="",AF68="",AG68="",AH68="",AI68="",AJ68="",AK68="",AL68="",AM68="",AN68="",AO68="",AP68="",AQ68=""),"",IF(AND(AE68="N/A",AF68="N/A",AG68="N/A",AH68="N/A",AI68="N/A",AJ68="N/A",AK68="N/A",AL68="N/A",AM68="N/A",AN68="N/A",AO68="N/A",AP68="N/A",AQ68="N/A"),"N/A",IF(MAX(AE68:AQ68)=0,"",MAX(AE68:AQ68))))) -> 43165 | P68: N/A | Q68: N/A | R68: N/A | S68: N/A | T68: N/A | U68: 43105 | V68: 43310 | W68: N/A | X68: N/A | Y68: N/A | Z68: N/A | AA68: N/A | AB68: N/A | AC68: 43105 | AD68: 43105 | AE68: N/A | AF68: 43165 | AG68: 43165 | AH68: N/A | AI68: 43165 | AJ68: 43165 | AK68: N/A | AL68: 43165 | AM68: 43165 | AN68: N/A | AO68: 43165 | AP68: N/A | AQ68: 43165 | AR68: 43165 | AS68: 43165 | AT68: 43165 | AU68: 43165 | AV68: 43165 | AW68: N/A | AX68: 43165 | AY68: Inactive | AZ68: Inactive | BA68: Inactive | BB68: Inactive | BC68: Inactive | BD68: Inactive | BE68: N/A | BF68: 43165 | BG68: N/A | BH68: 43165 | BI68: 43165 | BJ68: 43165 | BK68: 43165 | BL68: 43165 | BN68: =Table1[[#This Row],[Seed: Seed_BKK1]] -> 43165 | BO68: =Table1[[#This Row],[Seed: Seed_THQ1]] -> 43165 | BP68: =Table1[[#This Row],[Seed: Seed_SIN1]] -> 43165
A69: =LEFT(Table1[[#This Row],[Level]],2)&"-"&Table1[[#This Row],[Seq]] -> L2-59 | B69: L2-Code | C69: =IFERROR(IF(AND(Table1[[#This Row],[Level]]=B68,Table1[[#This Row],[Form Name]]=E68),C68,IF(Table1[[#This Row],[Level]]=B68,C68+1,1)),1) -> 59 | D69: FS | E69: Service Resolutions | F69: Seed | G69: Incidents | H69: Yes | I69: Global | J69: Manual | K69: =IFERROR(VLOOKUP(E69,'Data Owners'!G:H,2,0),VLOOKUP(D69,'Data Owners'!A:D,3,0)) -> Julie Ramirez | L69: =IF(OR(P69="",Q69="",R69="",S69="",T69="",U69="",V69="",W69="",X69="",Y69="",Z69="",AA69="",AB69="",AC69="",AD69=""),"",IF(AND(P69="N/A",Q69="N/A",R69="N/A",S69="N/A",T69="N/A",U69="N/A",V69="N/A",W69="N/A",X69="N/A",Y69="N/A",Z69="N/A",AA69="N/A",AB69="N/A",AC69="N/A",AD69="N/A"),"N/A",IF(MAX(P69:AD69)=0,"",MAX(P69:AD69)))) -> 43165 | M69: =IF(OR(AE69="Need Info",AF69="Need Info",AG69="Need Info",AH69="Need Info",AI69="Need Info",AJ69="Need Info",AK69="Need Info",AL69="Need Info",AM69="Need Info",AN69="Need Info",AO69="Need Info",AP69="Need Info",AQ69="Need Info"),"Need Info",IF(OR(AE69="",AF69="",AG69="",AH69="",AI69="",AJ69="",AK69="",AL69="",AM69="",AN69="",AO69="",AP69="",AQ69=""),"",IF(AND(AE69="N/A",AF69="N/A",AG69="N/A",AH69="N/A",AI69="N/A",AJ69="N/A",AK69="N/A",AL69="N/A",AM69="N/A",AN69="N/A",AO69="N/A",AP69="N/A",AQ69="N/A"),"N/A",IF(MAX(AE69:AQ69)=0,"",MAX(AE69:AQ69))))) -> 43165 | P69: N/A | Q69: N/A | R69: N/A | S69: N/A | T69: N/A | U69: 43116 | V69: 43165 | W69: N/A | X69: N/A | Y69: N/A | Z69: N/A | AA69: N/A | AB69: N/A | AC69: 43116 | AD69: 43116 | AE69: N/A | AF69: 43165 | AG69: 43165 | AH69: N/A | AI69: 43165 | AJ69: 43165 | AK69: N/A | AL69: 43165 | AM69: 43165 | AN69: N/A | AO69: 43165 | AP69: N/A | AQ69: 43165 | AR69: 43165 | AS69: 43165 | AT69: 43165 | AU69: 43165 | AV69: 43165 | AW69: N/A | AX69: 43165 | AY69: Inactive | AZ69: Inactive | BA69: Inactive | BB69: Inactive | BC69: Inactive | BD69: Inactive | BE69: N/A | BF69: 43165 | BG69: N/A | BH69: 43165 | BI69: 43165 | BJ69: 43165 | BK69: 43165 | BL69: 43165 | BN69: =Table1[[#This Row],[Seed: Seed_BKK1]] -> 43165 | BO69: =Table1[[#This Row],[Seed: Seed_THQ1]] -> 43165 | BP69: =Table1[[#This Row],[Seed: Seed_SIN1]] -> 43165
A70: =LEFT(Table1[[#This Row],[Level]],2)&"-"&Table1[[#This Row],[Seq]] -> L2-60 | B70: L2-Code | C70: =IFERROR(IF(AND(Table1[[#This Row],[Level]]=B69,Table1[[#This Row],[Form Name]]=E69),C69,IF(Table1[[#This Row],[Level]]=B69,C69+1,1)),1) -> 60 | D70: FS | E70: Service Status Codes | F70: Seed | G70: Incidents | H70: Yes | I70: Global | J70: Manual | K70: =IFERROR(VLOOKUP(E70,'Data Owners'!G:H,2,0),VLOOKUP(D70,'Data Owners'!A:D,3,0)) -> Julie Ramirez | L70: =IF(OR(P70="",Q70="",R70="",S70="",T70="",U70="",V70="",W70="",X70="",Y70="",Z70="",AA70="",AB70="",AC70="",AD70=""),"",IF(AND(P70="N/A",Q70="N/A",R70="N/A",S70="N/A",T70="N/A",U70="N/A",V70="N/A",W70="N/A",X70="N/A",Y70="N/A",Z70="N/A",AA70="N/A",AB70="N/A",AC70="N/A",AD70="N/A"),"N/A",IF(MAX(P70:AD70)=0,"",MAX(P70:AD70)))) -> 43165 | M70: =IF(OR(AE70="Need Info",AF70="Need Info",AG70="Need Info",AH70="Need Info",AI70="Need Info",AJ70="Need Info",AK70="Need Info",AL70="Need Info",AM70="Need Info",AN70="Need Info",AO70="Need Info",AP70="Need Info",AQ70="Need Info"),"Need Info",IF(OR(AE70="",AF70="",AG70="",AH70="",AI70="",AJ70="",AK70="",AL70="",AM70="",AN70="",AO70="",AP70="",AQ70=""),"",IF(AND(AE70="N/A",AF70="N/A",AG70="N/A",AH70="N/A",AI70="N/A",AJ70="N/A",AK70="N/A",AL70="N/A",AM70="N/A",AN70="N/A",AO70="N/A",AP70="N/A",AQ70="N/A"),"N/A",IF(MAX(AE70:AQ70)=0,"",MAX(AE70:AQ70))))) -> 43165 | P70: N/A | Q70: N/A | R70: N/A | S70: N/A | T70: N/A | U70: 43116 | V70: 43165 | W70: N/A | X70: N/A | Y70: N/A | Z70: N/A | AA70: N/A | AB70: N/A | AC70: 43116 | AD70: 43116 | AE70: N/A | AF70: 43165 | AG70: 43165 | AH70: N/A | AI70: 43165 | AJ70: 43165 | AK70: N/A | AL70: 43165 | AM70: 43165 | AN70: N/A | AO70: 43165 | AP70: N/A | AQ70: 43165 | AR70: 43165 | AS70: 43165 | AT70: 43165 | AU70: 43165 | AV70: 43165 | AW70: N/A | AX70: 43165 | AY70: Inactive | AZ70: Inactive | BA70: Inactive | BB70: Inactive | BC70: Inactive | BD70: Inactive | BE70: N/A | BF70: 43165 | BG70: N/A | BH70: 43165 | BI70: 43165 | BJ70: 43165 | BK70: 43165 | BL70: 43165 | BN70: =Table1[[#This Row],[Seed: Seed_BKK1]] -> 43165 | BO70: =Table1[[#This Row],[Seed: Seed_THQ1]] -> 43165 | BP70: =Table1[[#This Row],[Seed: Seed_SIN1]] -> 43165
A71: =LEFT(Table1[[#This Row],[Level]],2)&"-"&Table1[[#This Row],[Seq]] -> L2-61 | B71: L2-Code | C71: =IFERROR(IF(AND(Table1[[#This Row],[Level]]=B70,Table1[[#This Row],[Form Name]]=E70),C70,IF(Table1[[#This Row],[Level]]=B70,C70+1,1)),1) -> 61 | D71: FS | E71: Inspection Measurement Types | F71: Seed | G71: SROs | H71: Yes | I71: Global | J71: Manual | K71: =IFERROR(VLOOKUP(E71,'Data Owners'!G:H,2,0),VLOOKUP(D71,'Data Owners'!A:D,3,0)) -> Julie Ramirez | L71: =IF(OR(P71="",Q71="",R71="",S71="",T71="",U71="",V71="",W71="",X71="",Y71="",Z71="",AA71="",AB71="",AC71="",AD71=""),"",IF(AND(P71="N/A",Q71="N/A",R71="N/A",S71="N/A",T71="N/A",U71="N/A",V71="N/A",W71="N/A",X71="N/A",Y71="N/A",Z71="N/A",AA71="N/A",AB71="N/A",AC71="N/A",AD71="N/A"),"N/A",IF(MAX(P71:AD71)=0,"",MAX(P71:AD71)))) -> 43165 | M71: =IF(OR(AE71="Need Info",AF71="Need Info",AG71="Need Info",AH71="Need Info",AI71="Need Info",AJ71="Need Info",AK71="Need Info",AL71="Need Info",AM71="Need Info",AN71="Need Info",AO71="Need Info",AP71="Need Info",AQ71="Need Info"),"Need Info",IF(OR(AE71="",AF71="",AG71="",AH71="",AI71="",AJ71="",AK71="",AL71="",AM71="",AN71="",AO71="",AP71="",AQ71=""),"",IF(AND(AE71="N/A",AF71="N/A",AG71="N/A",AH71="N/A",AI71="N/A",AJ71="N/A",AK71="N/A",AL71="N/A",AM71="N/A",AN71="N/A",AO71="N/A",AP71="N/A",AQ71="N/A"),"N/A",IF(MAX(AE71:AQ71)=0,"",MAX(AE71:AQ71))))) -> 43165 | P71: N/A | Q71: N/A | R71: N/A | S71: N/A | T71: N/A | U71: 43116 | V71: 43165 | W71: N/A | X71: N/A | Y71: N/A | Z71: N/A | AA71: N/A | AB71: N/A | AC71: 43116 | AD71: 43116 | AE71: N/A | AF71: 43165 | AG71: 43165 | AH71: N/A | AI71: 43165 | AJ71: 43165 | AK71: N/A | AL71: 43165 | AM71: 43165 | AN71: N/A | AO71: 43165 | AP71: N/A | AQ71: 43165 | AR71: 43165 | AS71: 43165 | AT71: 43165 | AU71: 43165 | AV71: 43165 | AW71: N/A | AX71: 43165 | AY71: Inactive | AZ71: Inactive | BA71: Inactive | BB71: Inactive | BC71: Inactive | BD71: Inactive | BE71: N/A | BF71: 43165 | BG71: N/A | BH71: 43165 | BI71: 43165 | BJ71: 43165 | BK71: 43165 | BL71: 43165 | BN71: =Table1[[#This Row],[Seed: Seed_BKK1]] -> 43165 | BO71: =Table1[[#This Row],[Seed: Seed_THQ1]] -> 43165 | BP71: =Table1[[#This Row],[Seed: Seed_SIN1]] -> 43165
A72: =LEFT(Table1[[#This Row],[Level]],2)&"-"&Table1[[#This Row],[Seq]] -> L2-62 | B72: L2-Code | C72: =IFERROR(IF(AND(Table1[[#This Row],[Level]]=B71,Table1[[#This Row],[Form Name]]=E71),C71,IF(Table1[[#This Row],[Level]]=B71,C71+1,1)),1) -> 62 | D72: FS | E72: Inspection Section Code | F72: Seed | G72: SROs | H72: Yes | I72: Global | J72: Manual | K72: =IFERROR(VLOOKUP(E72,'Data Owners'!G:H,2,0),VLOOKUP(D72,'Data Owners'!A:D,3,0)) -> Julie Ramirez | L72: =IF(OR(P72="",Q72="",R72="",S72="",T72="",U72="",V72="",W72="",X72="",Y72="",Z72="",AA72="",AB72="",AC72="",AD72=""),"",IF(AND(P72="N/A",Q72="N/A",R72="N/A",S72="N/A",T72="N/A",U72="N/A",V72="N/A",W72="N/A",X72="N/A",Y72="N/A",Z72="N/A",AA72="N/A",AB72="N/A",AC72="N/A",AD72="N/A"),"N/A",IF(MAX(P72:AD72)=0,"",MAX(P72:AD72)))) -> 43165 | M72: =IF(OR(AE72="Need Info",AF72="Need Info",AG72="Need Info",AH72="Need Info",AI72="Need Info",AJ72="Need Info",AK72="Need Info",AL72="Need Info",AM72="Need Info",AN72="Need Info",AO72="Need Info",AP72="Need Info",AQ72="Need Info"),"Need Info",IF(OR(AE72="",AF72="",AG72="",AH72="",AI72="",AJ72="",AK72="",AL72="",AM72="",AN72="",AO72="",AP72="",AQ72=""),"",IF(AND(AE72="N/A",AF72="N/A",AG72="N/A",AH72="N/A",AI72="N/A",AJ72="N/A",AK72="N/A",AL72="N/A",AM72="N/A",AN72="N/A",AO72="N/A",AP72="N/A",AQ72="N/A"),"N/A",IF(MAX(AE72:AQ72)=0,"",MAX(AE72:AQ72))))) -> 43165 | P72: N/A | Q72: N/A | R72: N/A | S72: N/A | T72: N/A | U72: 43116 | V72: 43165 | W72: N/A | X72: N/A | Y72: N/A | Z72: N/A | AA72: N/A | AB72: N/A | AC72: 43116 | AD72: 43116 | AE72: N/A | AF72: 43165 | AG72: 43165 | AH72: N/A | AI72: 43165 | AJ72: 43165 | AK72: N/A | AL72: 43165 | AM72: 43165 | AN72: N/A | AO72: 43165 | AP72: N/A | AQ72: 43165 | AR72: 43165 | AS72: 43165 | AT72: 43165 | AU72: 43165 | AV72: 43165 | AW72: N/A | AX72: 43165 | AY72: Inactive | AZ72: Inactive | BA72: Inactive | BB72: Inactive | BC72: Inactive | BD72: Inactive | BE72: N/A | BF72: 43165 | BG72: N/A | BH72: 43165 | BI72: 43165 | BJ72: 43165 | BK72: 43165 | BL72: 43165 | BN72: =Table1[[#This Row],[Seed: Seed_BKK1]] -> 43165 | BO72: =Table1[[#This Row],[Seed: Seed_THQ1]] -> 43165 | BP72: =Table1[[#This Row],[Seed: Seed_SIN1]] -> 43165
A73: =LEFT(Table1[[#This Row],[Level]],2)&"-"&Table1[[#This Row],[Seq]] -> L2-63 | B73: L2-Code | C73: =IFERROR(IF(AND(Table1[[#This Row],[Level]]=B72,Table1[[#This Row],[Form Name]]=E72),C72,IF(Table1[[#This Row],[Level]]=B72,C72+1,1)),1) -> 63 | D73: FS | E73: Inspection Types | F73: Seed | G73: SROs | H73: Yes | I73: Global | J73: Manual | K73: =IFERROR(VLOOKUP(E73,'Data Owners'!G:H,2,0),VLOOKUP(D73,'Data Owners'!A:D,3,0)) -> Julie Ramirez | L73: =IF(OR(P73="",Q73="",R73="",S73="",T73="",U73="",V73="",W73="",X73="",Y73="",Z73="",AA73="",AB73="",AC73="",AD73=""),"",IF(AND(P73="N/A",Q73="N/A",R73="N/A",S73="N/A",T73="N/A",U73="N/A",V73="N/A",W73="N/A",X73="N/A",Y73="N/A",Z73="N/A",AA73="N/A",AB73="N/A",AC73="N/A",AD73="N/A"),"N/A",IF(MAX(P73:AD73)=0,"",MAX(P73:AD73)))) -> 43165 | M73: =IF(OR(AE73="Need Info",AF73="Need Info",AG73="Need Info",AH73="Need Info",AI73="Need Info",AJ73="Need Info",AK73="Need Info",AL73="Need Info",AM73="Need Info",AN73="Need Info",AO73="Need Info",AP73="Need Info",AQ73="Need Info"),"Need Info",IF(OR(AE73="",AF73="",AG73="",AH73="",AI73="",AJ73="",AK73="",AL73="",AM73="",AN73="",AO73="",AP73="",AQ73=""),"",IF(AND(AE73="N/A",AF73="N/A",AG73="N/A",AH73="N/A",AI73="N/A",AJ73="N/A",AK73="N/A",AL73="N/A",AM73="N/A",AN73="N/A",AO73="N/A",AP73="N/A",AQ73="N/A"),"N/A",IF(MAX(AE73:AQ73)=0,"",MAX(AE73:AQ73))))) -> 43165 | P73: N/A | Q73: N/A | R73: N/A | S73: N/A | T73: N/A | U73: 43116 | V73: 43165 | W73: N/A | X73: N/A | Y73: N/A | Z73: N/A | AA73: N/A | AB73: N/A | AC73: 43116 | AD73: 43116 | AE73: N/A | AF73: 43165 | AG73: 43165 | AH73: N/A | AI73: 43165 | AJ73: 43165 | AK73: N/A | AL73: 43165 | AM73: 43165 | AN73: N/A | AO73: 43165 | AP73: N/A | AQ73: 43165 | AR73: 43165 | AS73: 43165 | AT73: 43165 | AU73: 43165 | AV73: 43165 | AW73: N/A | AX73: 43165 | AY73: Inactive | AZ73: Inactive | BA73: Inactive | BB73: Inactive | BC73: Inactive | BD73: Inactive | BE73: N/A | BF73: 43165 | BG73: N/A | BH73: 43165 | BI73: 43165 | BJ73: 43165 | BK73: 43165 | BL73: 43165 | BN73: =Table1[[#This Row],[Seed: Seed_BKK1]] -> 43165 | BO73: =Table1[[#This Row],[Seed: Seed_THQ1]] -> 43165 | BP73: =Table1[[#This Row],[Seed: Seed_SIN1]] -> 43165
A74: =LEFT(Table1[[#This Row],[Level]],2)&"-"&Table1[[#This Row],[Seq]] -> L2-64 | B74: L2-Code | C74: =IFERROR(IF(AND(Table1[[#This Row],[Level]]=B73,Table1[[#This Row],[Form Name]]=E73),C73,IF(Table1[[#This Row],[Level]]=B73,C73+1,1)),1) -> 64 | D74: FS | E74: Miscellaneous Codes | F74: Seed | G74: SROs | H74: Yes | I74: Global | J74: Manual | K74: =IFERROR(VLOOKUP(E74,'Data Owners'!G:H,2,0),VLOOKUP(D74,'Data Owners'!A:D,3,0)) -> Julie Ramirez | L74: =IF(OR(P74="",Q74="",R74="",S74="",T74="",U74="",V74="",W74="",X74="",Y74="",Z74="",AA74="",AB74="",AC74="",AD74=""),"",IF(AND(P74="N/A",Q74="N/A",R74="N/A",S74="N/A",T74="N/A",U74="N/A",V74="N/A",W74="N/A",X74="N/A",Y74="N/A",Z74="N/A",AA74="N/A",AB74="N/A",AC74="N/A",AD74="N/A"),"N/A",IF(MAX(P74:AD74)=0,"",MAX(P74:AD74)))) -> 43420 | M74: =IF(OR(AE74="Need Info",AF74="Need Info",AG74="Need Info",AH74="Need Info",AI74="Need Info",AJ74="Need Info",AK74="Need Info",AL74="Need Info",AM74="Need Info",AN74="Need Info",AO74="Need Info",AP74="Need Info",AQ74="Need Info"),"Need Info",IF(OR(AE74="",AF74="",AG74="",AH74="",AI74="",AJ74="",AK74="",AL74="",AM74="",AN74="",AO74="",AP74="",AQ74=""),"",IF(AND(AE74="N/A",AF74="N/A",AG74="N/A",AH74="N/A",AI74="N/A",AJ74="N/A",AK74="N/A",AL74="N/A",AM74="N/A",AN74="N/A",AO74="N/A",AP74="N/A",AQ74="N/A"),"N/A",IF(MAX(AE74:AQ74)=0,"",MAX(AE74:AQ74))))) -> 43165 | P74: N/A | Q74: N/A | R74: N/A | S74: N/A | T74: N/A | U74: 43116 | V74: 43165 | W74: 43420 | X74: N/A | Y74: N/A | Z74: N/A | AA74: N/A | AB74: N/A | AC74: 43118 | AD74: 43116 | AE74: N/A | AF74: 43165 | AG74: 43165 | AH74: N/A | AI74: 43165 | AJ74: 43165 | AK74: N/A | AL74: 43165 | AM74: 43165 | AN74: N/A | AO74: 43165 | AP74: N/A | AQ74: 43165 | AR74: 43165 | AS74: 43165 | AT74: 43165 | AU74: 43165 | AV74: 43165 | AW74: N/A | AX74: 43165 | AY74: Inactive | AZ74: Inactive | BA74: Inactive | BB74: Inactive | BC74: Inactive | BD74: Inactive | BE74: N/A | BF74: 43165 | BG74: N/A | BH74: 43165 | BI74: 43165 | BJ74: 43165 | BK74: 43165 | BL74: 43165 | BN74: =Table1[[#This Row],[Seed: Seed_BKK1]] -> 43165 | BO74: =Table1[[#This Row],[Seed: Seed_THQ1]] -> 43165 | BP74: =Table1[[#This Row],[Seed: Seed_SIN1]] -> 43165
A75: =LEFT(Table1[[#This Row],[Level]],2)&"-"&Table1[[#This Row],[Seq]] -> L2-65 | B75: L2-Code | C75: =IFERROR(IF(AND(Table1[[#This Row],[Level]]=B74,Table1[[#This Row],[Form Name]]=E74),C74,IF(Table1[[#This Row],[Level]]=B74,C74+1,1)),1) -> 65 | D75: FS | E75: Payment Types | F75: Seed | G75: SROs | H75: Yes | I75: Global | J75: Manual | K75: =IFERROR(VLOOKUP(E75,'Data Owners'!G:H,2,0),VLOOKUP(D75,'Data Owners'!A:D,3,0)) -> Julie Ramirez | L75: =IF(OR(P75="",Q75="",R75="",S75="",T75="",U75="",V75="",W75="",X75="",Y75="",Z75="",AA75="",AB75="",AC75="",AD75=""),"",IF(AND(P75="N/A",Q75="N/A",R75="N/A",S75="N/A",T75="N/A",U75="N/A",V75="N/A",W75="N/A",X75="N/A",Y75="N/A",Z75="N/A",AA75="N/A",AB75="N/A",AC75="N/A",AD75="N/A"),"N/A",IF(MAX(P75:AD75)=0,"",MAX(P75:AD75)))) -> 43420 | M75: =IF(OR(AE75="Need Info",AF75="Need Info",AG75="Need Info",AH75="Need Info",AI75="Need Info",AJ75="Need Info",AK75="Need Info",AL75="Need Info",AM75="Need Info",AN75="Need Info",AO75="Need Info",AP75="Need Info",AQ75="Need Info"),"Need Info",IF(OR(AE75="",AF75="",AG75="",AH75="",AI75="",AJ75="",AK75="",AL75="",AM75="",AN75="",AO75="",AP75="",AQ75=""),"",IF(AND(AE75="N/A",AF75="N/A",AG75="N/A",AH75="N/A",AI75="N/A",AJ75="N/A",AK75="N/A",AL75="N/A",AM75="N/A",AN75="N/A",AO75="N/A",AP75="N/A",AQ75="N/A"),"N/A",IF(MAX(AE75:AQ75)=0,"",MAX(AE75:AQ75))))) -> 43165 | P75: N/A | Q75: N/A | R75: N/A | S75: N/A | T75: N/A | U75: 43116 | V75: 43165 | W75: 43420 | X75: N/A | Y75: N/A | Z75: N/A | AA75: N/A | AB75: N/A | AC75: 43116 | AD75: 43116 | AE75: N/A | AF75: 43165 | AG75: 43165 | AH75: N/A | AI75: 43165 | AJ75: 43165 | AK75: N/A | AL75: 43165 | AM75: 43165 | AN75: N/A | AO75: 43165 | AP75: N/A | AQ75: 43165 | AR75: 43165 | AS75: 43165 | AT75: 43165 | AU75: 43165 | AV75: 43165 | AW75: N/A | AX75: 43165 | AY75: Inactive | AZ75: Inactive | BA75: Inactive | BB75: Inactive | BC75: Inactive | BD75: Inactive | BE75: N/A | BF75: 43165 | BG75: N/A | BH75: 43165 | BI75: 43165 | BJ75: 43165 | BK75: 43165 | BL75: 43165 | BN75: =Table1[[#This Row],[Seed: Seed_BKK1]] -> 43165 | BO75: =Table1[[#This Row],[Seed: Seed_THQ1]] -> 43165 | BP75: =Table1[[#This Row],[Seed: Seed_SIN1]] -> 43165
A76: =LEFT(Table1[[#This Row],[Level]],2)&"-"&Table1[[#This Row],[Seq]] -> L2-66 | B76: L2-Code | C76: =IFERROR(IF(AND(Table1[[#This Row],[Level]]=B75,Table1[[#This Row],[Form Name]]=E75),C75,IF(Table1[[#This Row],[Level]]=B75,C75+1,1)),1) -> 66 | D76: FS | E76: Service Operation Codes | F76: Seed | G76: SROs | H76: Yes | I76: Global | J76: Manual | K76: =IFERROR(VLOOKUP(E76,'Data Owners'!G:H,2,0),VLOOKUP(D76,'Data Owners'!A:D,3,0)) -> Julie Ramirez | L76: =IF(OR(P76="",Q76="",R76="",S76="",T76="",U76="",V76="",W76="",X76="",Y76="",Z76="",AA76="",AB76="",AC76="",AD76=""),"",IF(AND(P76="N/A",Q76="N/A",R76="N/A",S76="N/A",T76="N/A",U76="N/A",V76="N/A",W76="N/A",X76="N/A",Y76="N/A",Z76="N/A",AA76="N/A",AB76="N/A",AC76="N/A",AD76="N/A"),"N/A",IF(MAX(P76:AD76)=0,"",MAX(P76:AD76)))) -> 43420 | M76: =IF(OR(AE76="Need Info",AF76="Need Info",AG76="Need Info",AH76="Need Info",AI76="Need Info",AJ76="Need Info",AK76="Need Info",AL76="Need Info",AM76="Need Info",AN76="Need Info",AO76="Need Info",AP76="Need Info",AQ76="Need Info"),"Need Info",IF(OR(AE76="",AF76="",AG76="",AH76="",AI76="",AJ76="",AK76="",AL76="",AM76="",AN76="",AO76="",AP76="",AQ76=""),"",IF(AND(AE76="N/A",AF76="N/A",AG76="N/A",AH76="N/A",AI76="N/A",AJ76="N/A",AK76="N/A",AL76="N/A",AM76="N/A",AN76="N/A",AO76="N/A",AP76="N/A",AQ76="N/A"),"N/A",IF(MAX(AE76:AQ76)=0,"",MAX(AE76:AQ76))))) -> 43165 | P76: N/A | Q76: N/A | R76: N/A | S76: N/A | T76: N/A | U76: 43116 | V76: 43165 | W76: 43420 | X76: N/A | Y76: N/A | Z76: N/A | AA76: N/A | AB76: N/A | AC76: 43153 | AD76: 43116 | AE76: N/A | AF76: 43165 | AG76: 43165 | AH76: N/A | AI76: 43165 | AJ76: 43165 | AK76: N/A | AL76: 43165 | AM76: 43165 | AN76: N/A | AO76: 43165 | AP76: N/A | AQ76: 43165 | AR76: 43165 | AS76: 43165 | AT76: 43165 | AU76: 43165 | AV76: 43165 | AW76: N/A | AX76: 43165 | AY76: Inactive | AZ76: Inactive | BA76: Inactive | BB76: Inactive | BC76: Inactive | BD76: Inactive | BE76: N/A | BF76: 43165 | BG76: N/A | BH76: 43165 | BI76: 43165 | BJ76: 43165 | BK76: 43165 | BL76: 43165 | BN76: =Table1[[#This Row],[Seed: Seed_BKK1]] -> 43165 | BO76: =Table1[[#This Row],[Seed: Seed_THQ1]] -> 43165 | BP76: =Table1[[#This Row],[Seed: Seed_SIN1]] -> 43165
A77: =LEFT(Table1[[#This Row],[Level]],2)&"-"&Table1[[#This Row],[Seq]] -> L2-67 | B77: L2-Code | C77: =IFERROR(IF(AND(Table1[[#This Row],[Level]]=B76,Table1[[#This Row],[Form Name]]=E76),C76,IF(Table1[[#This Row],[Level]]=B76,C76+1,1)),1) -> 67 | D77: FS | E77: Service Order Types | F77: Seed | G77: SROs | H77: Yes | I77: Global | J77: Manual | K77: =IFERROR(VLOOKUP(E77,'Data Owners'!G:H,2,0),VLOOKUP(D77,'Data Owners'!A:D,3,0)) -> Julie Ramirez | L77: =IF(OR(P77="",Q77="",R77="",S77="",T77="",U77="",V77="",W77="",X77="",Y77="",Z77="",AA77="",AB77="",AC77="",AD77=""),"",IF(AND(P77="N/A",Q77="N/A",R77="N/A",S77="N/A",T77="N/A",U77="N/A",V77="N/A",W77="N/A",X77="N/A",Y77="N/A",Z77="N/A",AA77="N/A",AB77="N/A",AC77="N/A",AD77="N/A"),"N/A",IF(MAX(P77:AD77)=0,"",MAX(P77:AD77)))) -> 43420 | M77: =IF(OR(AE77="Need Info",AF77="Need Info",AG77="Need Info",AH77="Need Info",AI77="Need Info",AJ77="Need Info",AK77="Need Info",AL77="Need Info",AM77="Need Info",AN77="Need Info",AO77="Need Info",AP77="Need Info",AQ77="Need Info"),"Need Info",IF(OR(AE77="",AF77="",AG77="",AH77="",AI77="",AJ77="",AK77="",AL77="",AM77="",AN77="",AO77="",AP77="",AQ77=""),"",IF(AND(AE77="N/A",AF77="N/A",AG77="N/A",AH77="N/A",AI77="N/A",AJ77="N/A",AK77="N/A",AL77="N/A",AM77="N/A",AN77="N/A",AO77="N/A",AP77="N/A",AQ77="N/A"),"N/A",IF(MAX(AE77:AQ77)=0,"",MAX(AE77:AQ77))))) -> 43165 | P77: N/A | Q77: N/A | R77: N/A | S77: N/A | T77: N/A | U77: 43116 | V77: 43165 | W77: 43420 | X77: N/A | Y77: N/A | Z77: N/A | AA77: N/A | AB77: N/A | AC77: 43118 | AD77: 43116 | AE77: N/A | AF77: 43165 | AG77: 43165 | AH77: N/A | AI77: 43165 | AJ77: 43165 | AK77: N/A | AL77: 43165 | AM77: 43165 | AN77: N/A | AO77: 43165 | AP77: N/A | AQ77: 43165 | AR77: 43165 | AS77: 43165 | AT77: 43165 | AU77: 43165 | AV77: 43165 | AW77: N/A | AX77: 43165 | AY77: Inactive | AZ77: Inactive | BA77: Inactive | BB77: Inactive | BC77: Inactive | BD77: Inactive | BE77: N/A | BF77: 43165 | BG77: N/A | BH77: 43165 | BI77: 43165 | BJ77: 43165 | BK77: 43165 | BL77: 43165 | BN77: =Table1[[#This Row],[Seed: Seed_BKK1]] -> 43165 | BO77: =Table1[[#This Row],[Seed: Seed_THQ1]] -> 43165 | BP77: =Table1[[#This Row],[Seed: Seed_SIN1]] -> 43165
A78: =LEFT(Table1[[#This Row],[Level]],2)&"-"&Table1[[#This Row],[Seq]] -> L2-68 | B78: L2-Code | C78: =IFERROR(IF(AND(Table1[[#This Row],[Level]]=B77,Table1[[#This Row],[Form Name]]=E77),C77,IF(Table1[[#This Row],[Level]]=B77,C77+1,1)),1) -> 68 | D78: FS | E78: Service Appointment Status Codes | F78: Seed | G78: SROs | H78: Yes | I78: Global | J78: Manual | K78: =IFERROR(VLOOKUP(E78,'Data Owners'!G:H,2,0),VLOOKUP(D78,'Data Owners'!A:D,3,0)) -> Julie Ramirez | L78: =IF(OR(P78="",Q78="",R78="",S78="",T78="",U78="",V78="",W78="",X78="",Y78="",Z78="",AA78="",AB78="",AC78="",AD78=""),"",IF(AND(P78="N/A",Q78="N/A",R78="N/A",S78="N/A",T78="N/A",U78="N/A",V78="N/A",W78="N/A",X78="N/A",Y78="N/A",Z78="N/A",AA78="N/A",AB78="N/A",AC78="N/A",AD78="N/A"),"N/A",IF(MAX(P78:AD78)=0,"",MAX(P78:AD78)))) -> 43165 | M78: =IF(OR(AE78="Need Info",AF78="Need Info",AG78="Need Info",AH78="Need Info",AI78="Need Info",AJ78="Need Info",AK78="Need Info",AL78="Need Info",AM78="Need Info",AN78="Need Info",AO78="Need Info",AP78="Need Info",AQ78="Need Info"),"Need Info",IF(OR(AE78="",AF78="",AG78="",AH78="",AI78="",AJ78="",AK78="",AL78="",AM78="",AN78="",AO78="",AP78="",AQ78=""),"",IF(AND(AE78="N/A",AF78="N/A",AG78="N/A",AH78="N/A",AI78="N/A",AJ78="N/A",AK78="N/A",AL78="N/A",AM78="N/A",AN78="N/A",AO78="N/A",AP78="N/A",AQ78="N/A"),"N/A",IF(MAX(AE78:AQ78)=0,"",MAX(AE78:AQ78))))) -> 43165 | P78: N/A | Q78: N/A | R78: N/A | S78: N/A | T78: N/A | U78: 43116 | V78: 43165 | W78: N/A | X78: N/A | Y78: N/A | Z78: N/A | AA78: N/A | AB78: N/A | AC78: 43116 | AD78: 43116 | AE78: N/A | AF78: 43165 | AG78: 43165 | AH78: N/A | AI78: 43165 | AJ78: 43165 | AK78: N/A | AL78: 43165 | AM78: 43165 | AN78: N/A | AO78: 43165 | AP78: N/A | AQ78: 43165 | AR78: 43165 | AS78: 43165 | AT78: 43165 | AU78: 43165 | AV78: 43165 | AW78: N/A | AX78: 43165 | AY78: Inactive | AZ78: Inactive | BA78: Inactive | BB78: Inactive | BC78: Inactive | BD78: Inactive | BE78: N/A | BF78: 43165 | BG78: N/A | BH78: 43165 | BI78: 43165 | BJ78: 43165 | BK78: 43165 | BL78: 43165 | BN78: =Table1[[#This Row],[Seed: Seed_BKK1]] -> 43165 | BO78: =Table1[[#This Row],[Seed: Seed_THQ1]] -> 43165 | BP78: =Table1[[#This Row],[Seed: Seed_SIN1]] -> 43165
A79: =LEFT(Table1[[#This Row],[Level]],2)&"-"&Table1[[#This Row],[Seq]] -> L2-69 | B79: L2-Code | C79: =IFERROR(IF(AND(Table1[[#This Row],[Level]]=B78,Table1[[#This Row],[Form Name]]=E78),C78,IF(Table1[[#This Row],[Level]]=B78,C78+1,1)),1) -> 69 | D79: FS | E79: Service Appointment Types | F79: Seed | G79: SROs | H79: Yes | I79: Global | J79: Manual | K79: =IFERROR(VLOOKUP(E79,'Data Owners'!G:H,2,0),VLOOKUP(D79,'Data Owners'!A:D,3,0)) -> Julie Ramirez | L79: =IF(OR(P79="",Q79="",R79="",S79="",T79="",U79="",V79="",W79="",X79="",Y79="",Z79="",AA79="",AB79="",AC79="",AD79=""),"",IF(AND(P79="N/A",Q79="N/A",R79="N/A",S79="N/A",T79="N/A",U79="N/A",V79="N/A",W79="N/A",X79="N/A",Y79="N/A",Z79="N/A",AA79="N/A",AB79="N/A",AC79="N/A",AD79="N/A"),"N/A",IF(MAX(P79:AD79)=0,"",MAX(P79:AD79)))) -> 43165 | M79: =IF(OR(AE79="Need Info",AF79="Need Info",AG79="Need Info",AH79="Need Info",AI79="Need Info",AJ79="Need Info",AK79="Need Info",AL79="Need Info",AM79="Need Info",AN79="Need Info",AO79="Need Info",AP79="Need Info",AQ79="Need Info"),"Need Info",IF(OR(AE79="",AF79="",AG79="",AH79="",AI79="",AJ79="",AK79="",AL79="",AM79="",AN79="",AO79="",AP79="",AQ79=""),"",IF(AND(AE79="N/A",AF79="N/A",AG79="N/A",AH79="N/A",AI79="N/A",AJ79="N/A",AK79="N/A",AL79="N/A",AM79="N/A",AN79="N/A",AO79="N/A",AP79="N/A",AQ79="N/A"),"N/A",IF(MAX(AE79:AQ79)=0,"",MAX(AE79:AQ79))))) -> 43165 | P79: N/A | Q79: N/A | R79: N/A | S79: N/A | T79: N/A | U79: 43116 | V79: 43165 | W79: N/A | X79: N/A | Y79: N/A | Z79: N/A | AA79: N/A | AB79: N/A | AC79: 43116 | AD79: 43116 | AE79: N/A | AF79: 43165 | AG79: 43165 | AH79: N/A | AI79: 43165 | AJ79: 43165 | AK79: N/A | AL79: 43165 | AM79: 43165 | AN79: N/A | AO79: 43165 | AP79: N/A | AQ79: 43165 | AR79: 43165 | AS79: 43165 | AT79: 43165 | AU79: 43165 | AV79: 43165 | AW79: N/A | AX79: 43165 | AY79: Inactive | AZ79: Inactive | BA79: Inactive | BB79: Inactive | BC79: Inactive | BD79: Inactive | BE79: N/A | BF79: 43165 | BG79: N/A | BH79: 43165 | BI79: 43165 | BJ79: 43165 | BK79: 43165 | BL79: 43165 | BN79: =Table1[[#This Row],[Seed: Seed_BKK1]] -> 43165 | BO79: =Table1[[#This Row],[Seed: Seed_THQ1]] -> 43165 | BP79: =Table1[[#This Row],[Seed: Seed_SIN1]] -> 43165
A80: =LEFT(Table1[[#This Row],[Level]],2)&"-"&Table1[[#This Row],[Seq]] -> L2-70 | B80: L2-Code | C80: =IFERROR(IF(AND(Table1[[#This Row],[Level]]=B79,Table1[[#This Row],[Form Name]]=E79),C79,IF(Table1[[#This Row],[Level]]=B79,C79+1,1)),1) -> 70 | D80: FS | E80: Work Codes | F80: Seed | G80: SROs | K80: =IFERROR(VLOOKUP(E80,'Data Owners'!G:H,2,0),VLOOKUP(D80,'Data Owners'!A:D,3,0)) -> Julie Ramirez | L80: =IF(OR(P80="",Q80="",R80="",S80="",T80="",U80="",V80="",W80="",X80="",Y80="",Z80="",AA80="",AB80="",AC80="",AD80=""),"",IF(AND(P80="N/A",Q80="N/A",R80="N/A",S80="N/A",T80="N/A",U80="N/A",V80="N/A",W80="N/A",X80="N/A",Y80="N/A",Z80="N/A",AA80="N/A",AB80="N/A",AC80="N/A",AD80="N/A"),"N/A",IF(MAX(P80:AD80)=0,"",MAX(P80:AD80)))) -> 43420 | M80: =IF(OR(AE80="Need Info",AF80="Need Info",AG80="Need Info",AH80="Need Info",AI80="Need Info",AJ80="Need Info",AK80="Need Info",AL80="Need Info",AM80="Need Info",AN80="Need Info",AO80="Need Info",AP80="Need Info",AQ80="Need Info"),"Need Info",IF(OR(AE80="",AF80="",AG80="",AH80="",AI80="",AJ80="",AK80="",AL80="",AM80="",AN80="",AO80="",AP80="",AQ80=""),"",IF(AND(AE80="N/A",AF80="N/A",AG80="N/A",AH80="N/A",AI80="N/A",AJ80="N/A",AK80="N/A",AL80="N/A",AM80="N/A",AN80="N/A",AO80="N/A",AP80="N/A",AQ80="N/A"),"N/A",IF(MAX(AE80:AQ80)=0,"",MAX(AE80:AQ80))))) -> N/A | P80: N/A | Q80: N/A | R80: N/A | S80: N/A | T80: N/A | U80: N/A | V80: 43396 | W80: 43420 | X80: N/A | Y80: N/A | Z80: N/A | AA80: N/A | AB80: N/A | AC80: 43105 | AD80: 43105 | AE80: N/A | AF80: N/A | AG80: N/A | AH80: N/A | AI80: N/A | AJ80: N/A | AK80: N/A | AL80: N/A | AM80: N/A | AN80: N/A | AO80: N/A | AP80: N/A | AQ80: N/A | AR80: Inactive | AS80: Inactive | AT80: Inactive | AU80: Inactive | AV80: Inactive | AW80: N/A | AX80: Inactive | AY80: Inactive | AZ80: Inactive | BA80: Inactive | BB80: Inactive | BC80: Inactive | BD80: Inactive | BE80: N/A | BG80: N/A | BH80: 43419 | BI80: 43419 | BJ80: 43419 | BK80: 43419 | BL80: 43419 | BM80: N/A | BN80: N/A | BO80: N/A | BP80: N/A
A81: =LEFT(Table1[[#This Row],[Level]],2)&"-"&Table1[[#This Row],[Seq]] -> L2-71 | B81: L2-Code | C81: =IFERROR(IF(AND(Table1[[#This Row],[Level]]=B80,Table1[[#This Row],[Form Name]]=E80),C80,IF(Table1[[#This Row],[Level]]=B80,C80+1,1)),1) -> 71 | D81: FS | E81: Service Contract Status Codes | F81: Seed | G81: SCOs | H81: Yes | I81: Global | J81: Manual | K81: =IFERROR(VLOOKUP(E81,'Data Owners'!G:H,2,0),VLOOKUP(D81,'Data Owners'!A:D,3,0)) -> Julie Ramirez | L81: =IF(OR(P81="",Q81="",R81="",S81="",T81="",U81="",V81="",W81="",X81="",Y81="",Z81="",AA81="",AB81="",AC81="",AD81=""),"",IF(AND(P81="N/A",Q81="N/A",R81="N/A",S81="N/A",T81="N/A",U81="N/A",V81="N/A",W81="N/A",X81="N/A",Y81="N/A",Z81="N/A",AA81="N/A",AB81="N/A",AC81="N/A",AD81="N/A"),"N/A",IF(MAX(P81:AD81)=0,"",MAX(P81:AD81)))) -> 43165 | M81: =IF(OR(AE81="Need Info",AF81="Need Info",AG81="Need Info",AH81="Need Info",AI81="Need Info",AJ81="Need Info",AK81="Need Info",AL81="Need Info",AM81="Need Info",AN81="Need Info",AO81="Need Info",AP81="Need Info",AQ81="Need Info"),"Need Info",IF(OR(AE81="",AF81="",AG81="",AH81="",AI81="",AJ81="",AK81="",AL81="",AM81="",AN81="",AO81="",AP81="",AQ81=""),"",IF(AND(AE81="N/A",AF81="N/A",AG81="N/A",AH81="N/A",AI81="N/A",AJ81="N/A",AK81="N/A",AL81="N/A",AM81="N/A",AN81="N/A",AO81="N/A",AP81="N/A",AQ81="N/A"),"N/A",IF(MAX(AE81:AQ81)=0,"",MAX(AE81:AQ81))))) -> 43165 | P81: N/A | Q81: N/A | R81: N/A | S81: N/A | T81: N/A | U81: 43116 | V81: 43165 | W81: N/A | X81: N/A | Y81: N/A | Z81: N/A | AA81: N/A | AB81: N/A | AC81: 43116 | AD81: 43116 | AE81: N/A | AF81: 43165 | AG81: 43165 | AH81: N/A | AI81: 43165 | AJ81: 43165 | AK81: N/A | AL81: 43165 | AM81: 43165 | AN81: N/A | AO81: 43165 | AP81: N/A | AQ81: 43165 | AR81: 43165 | AS81: 43165 | AT81: 43165 | AU81: 43165 | AV81: 43165 | AW81: N/A | AX81: 43165 | AY81: Inactive | AZ81: Inactive | BA81: Inactive | BB81: Inactive | BC81: Inactive | BD81: Inactive | BE81: N/A | BF81: 43165 | BG81: N/A | BH81: 43165 | BI81: 43165 | BJ81: 43165 | BK81: 43165 | BL81: 43165 | BN81: =Table1[[#This Row],[Seed: Seed_BKK1]] -> 43165 | BO81: =Table1[[#This Row],[Seed: Seed_THQ1]] -> 43165 | BP81: =Table1[[#This Row],[Seed: Seed_SIN1]] -> 43165
A82: =LEFT(Table1[[#This Row],[Level]],2)&"-"&Table1[[#This Row],[Seq]] -> L2-72 | B82: L2-Code | C82: =IFERROR(IF(AND(Table1[[#This Row],[Level]]=B81,Table1[[#This Row],[Form Name]]=E81),C81,IF(Table1[[#This Row],[Level]]=B81,C81+1,1)),1) -> 72 | D82: FS | E82: Service Types | F82: Seed | G82: SCOs | H82: Yes | I82: Global | J82: Manual | K82: =IFERROR(VLOOKUP(E82,'Data Owners'!G:H,2,0),VLOOKUP(D82,'Data Owners'!A:D,3,0)) -> Julie Ramirez | L82: =IF(OR(P82="",Q82="",R82="",S82="",T82="",U82="",V82="",W82="",X82="",Y82="",Z82="",AA82="",AB82="",AC82="",AD82=""),"",IF(AND(P82="N/A",Q82="N/A",R82="N/A",S82="N/A",T82="N/A",U82="N/A",V82="N/A",W82="N/A",X82="N/A",Y82="N/A",Z82="N/A",AA82="N/A",AB82="N/A",AC82="N/A",AD82="N/A"),"N/A",IF(MAX(P82:AD82)=0,"",MAX(P82:AD82)))) -> 43208 | M82: =IF(OR(AE82="Need Info",AF82="Need Info",AG82="Need Info",AH82="Need Info",AI82="Need Info",AJ82="Need Info",AK82="Need Info",AL82="Need Info",AM82="Need Info",AN82="Need Info",AO82="Need Info",AP82="Need Info",AQ82="Need Info"),"Need Info",IF(OR(AE82="",AF82="",AG82="",AH82="",AI82="",AJ82="",AK82="",AL82="",AM82="",AN82="",AO82="",AP82="",AQ82=""),"",IF(AND(AE82="N/A",AF82="N/A",AG82="N/A",AH82="N/A",AI82="N/A",AJ82="N/A",AK82="N/A",AL82="N/A",AM82="N/A",AN82="N/A",AO82="N/A",AP82="N/A",AQ82="N/A"),"N/A",IF(MAX(AE82:AQ82)=0,"",MAX(AE82:AQ82))))) -> 43165 | P82: N/A | Q82: N/A | R82: N/A | S82: N/A | T82: N/A | U82: 43116 | V82: 43208 | W82: N/A | X82: N/A | Y82: N/A | Z82: N/A | AA82: N/A | AB82: N/A | AC82: 43118 | AD82: 43116 | AE82: N/A | AF82: 43165 | AG82: 43165 | AH82: N/A | AI82: 43165 | AJ82: 43165 | AK82: N/A | AL82: 43165 | AM82: 43165 | AN82: N/A | AO82: 43165 | AP82: N/A | AQ82: 43165 | AR82: 43165 | AS82: 43165 | AT82: 43165 | AU82: 43165 | AV82: 43165 | AW82: N/A | AX82: 43165 | AY82: Inactive | AZ82: Inactive | BA82: Inactive | BB82: Inactive | BC82: Inactive | BD82: Inactive | BE82: N/A | BF82: 43165 | BG82: N/A | BH82: 43165 | BI82: 43165 | BJ82: 43165 | BK82: 43165 | BL82: 43165 | BN82: =Table1[[#This Row],[Seed: Seed_BKK1]] -> 43165 | BO82: =Table1[[#This Row],[Seed: Seed_THQ1]] -> 43165 | BP82: =Table1[[#This Row],[Seed: Seed_SIN1]] -> 43165
A83: =LEFT(Table1[[#This Row],[Level]],2)&"-"&Table1[[#This Row],[Seq]] -> L2-73 | B83: L2-Code | C83: =IFERROR(IF(AND(Table1[[#This Row],[Level]]=B82,Table1[[#This Row],[Form Name]]=E82),C82,IF(Table1[[#This Row],[Level]]=B82,C82+1,1)),1) -> 73 | D83: FS | E83: Unit Configuration Removal Reasons | F83: Seed | G83: Units | H83: Yes | I83: Global | J83: Manual | K83: =IFERROR(VLOOKUP(E83,'Data Owners'!G:H,2,0),VLOOKUP(D83,'Data Owners'!A:D,3,0)) -> Julie Ramirez | L83: =IF(OR(P83="",Q83="",R83="",S83="",T83="",U83="",V83="",W83="",X83="",Y83="",Z83="",AA83="",AB83="",AC83="",AD83=""),"",IF(AND(P83="N/A",Q83="N/A",R83="N/A",S83="N/A",T83="N/A",U83="N/A",V83="N/A",W83="N/A",X83="N/A",Y83="N/A",Z83="N/A",AA83="N/A",AB83="N/A",AC83="N/A",AD83="N/A"),"N/A",IF(MAX(P83:AD83)=0,"",MAX(P83:AD83)))) -> 43165 | M83: =IF(OR(AE83="Need Info",AF83="Need Info",AG83="Need Info",AH83="Need Info",AI83="Need Info",AJ83="Need Info",AK83="Need Info",AL83="Need Info",AM83="Need Info",AN83="Need Info",AO83="Need Info",AP83="Need Info",AQ83="Need Info"),"Need Info",IF(OR(AE83="",AF83="",AG83="",AH83="",AI83="",AJ83="",AK83="",AL83="",AM83="",AN83="",AO83="",AP83="",AQ83=""),"",IF(AND(AE83="N/A",AF83="N/A",AG83="N/A",AH83="N/A",AI83="N/A",AJ83="N/A",AK83="N/A",AL83="N/A",AM83="N/A",AN83="N/A",AO83="N/A",AP83="N/A",AQ83="N/A"),"N/A",IF(MAX(AE83:AQ83)=0,"",MAX(AE83:AQ83))))) -> 43165 | P83: N/A | Q83: N/A | R83: N/A | S83: N/A | T83: N/A | U83: 43105 | V83: 43165 | W83: N/A | X83: N/A | Y83: N/A | Z83: N/A | AA83: N/A | AB83: N/A | AC83: 43105 | AD83: 43105 | AE83: N/A | AF83: 43165 | AG83: 43165 | AH83: N/A | AI83: 43165 | AJ83: 43165 | AK83: N/A | AL83: 43165 | AM83: 43165 | AN83: N/A | AO83: 43165 | AP83: N/A | AQ83: 43165 | AR83: 43165 | AS83: 43165 | AT83: 43165 | AU83: 43165 | AV83: 43165 | AW83: N/A | AX83: 43165 | AY83: Inactive | AZ83: Inactive | BA83: Inactive | BB83: Inactive | BC83: Inactive | BD83: Inactive | BE83: N/A | BF83: 43165 | BG83: N/A | BH83: 43165 | BI83: 43165 | BJ83: 43165 | BK83: 43165 | BL83: 43165 | BN83: =Table1[[#This Row],[Seed: Seed_BKK1]] -> 43165 | BO83: =Table1[[#This Row],[Seed: Seed_THQ1]] -> 43165 | BP83: =Table1[[#This Row],[Seed: Seed_SIN1]] -> 43165
A84: =LEFT(Table1[[#This Row],[Level]],2)&"-"&Table1[[#This Row],[Seq]] -> L2-74 | B84: L2-Code | C84: =IFERROR(IF(AND(Table1[[#This Row],[Level]]=B83,Table1[[#This Row],[Form Name]]=E83),C83,IF(Table1[[#This Row],[Level]]=B83,C83+1,1)),1) -> 74 | D84: FS | E84: Unit Status Codes | F84: Seed | G84: Units | H84: Yes | I84: Global | J84: Manual | K84: =IFERROR(VLOOKUP(E84,'Data Owners'!G:H,2,0),VLOOKUP(D84,'Data Owners'!A:D,3,0)) -> Julie Ramirez | L84: =IF(OR(P84="",Q84="",R84="",S84="",T84="",U84="",V84="",W84="",X84="",Y84="",Z84="",AA84="",AB84="",AC84="",AD84=""),"",IF(AND(P84="N/A",Q84="N/A",R84="N/A",S84="N/A",T84="N/A",U84="N/A",V84="N/A",W84="N/A",X84="N/A",Y84="N/A",Z84="N/A",AA84="N/A",AB84="N/A",AC84="N/A",AD84="N/A"),"N/A",IF(MAX(P84:AD84)=0,"",MAX(P84:AD84)))) -> 43165 | M84: =IF(OR(AE84="Need Info",AF84="Need Info",AG84="Need Info",AH84="Need Info",AI84="Need Info",AJ84="Need Info",AK84="Need Info",AL84="Need Info",AM84="Need Info",AN84="Need Info",AO84="Need Info",AP84="Need Info",AQ84="Need Info"),"Need Info",IF(OR(AE84="",AF84="",AG84="",AH84="",AI84="",AJ84="",AK84="",AL84="",AM84="",AN84="",AO84="",AP84="",AQ84=""),"",IF(AND(AE84="N/A",AF84="N/A",AG84="N/A",AH84="N/A",AI84="N/A",AJ84="N/A",AK84="N/A",AL84="N/A",AM84="N/A",AN84="N/A",AO84="N/A",AP84="N/A",AQ84="N/A"),"N/A",IF(MAX(AE84:AQ84)=0,"",MAX(AE84:AQ84))))) -> 43165 | P84: N/A | Q84: N/A | R84: N/A | S84: N/A | T84: N/A | U84: 43116 | V84: 43165 | W84: N/A | X84: N/A | Y84: N/A | Z84: N/A | AA84: N/A | AB84: N/A | AC84: 43116 | AD84: 43116 | AE84: N/A | AF84: 43165 | AG84: 43165 | AH84: N/A | AI84: 43165 | AJ84: 43165 | AK84: N/A | AL84: 43165 | AM84: 43165 | AN84: N/A | AO84: 43165 | AP84: N/A | AQ84: 43165 | AR84: 43165 | AS84: 43165 | AT84: 43165 | AU84: 43165 | AV84: 43165 | AW84: N/A | AX84: 43165 | AY84: Inactive | AZ84: Inactive | BA84: Inactive | BB84: Inactive | BC84: Inactive | BD84: Inactive | BE84: N/A | BF84: 43165 | BG84: N/A | BH84: 43165 | BI84: 43165 | BJ84: 43165 | BK84: 43165 | BL84: 43165 | BN84: =Table1[[#This Row],[Seed: Seed_BKK1]] -> 43165 | BO84: =Table1[[#This Row],[Seed: Seed_THQ1]] -> 43165 | BP84: =Table1[[#This Row],[Seed: Seed_SIN1]] -> 43165
A85: =LEFT(Table1[[#This Row],[Level]],2)&"-"&Table1[[#This Row],[Seq]] -> L2-75 | B85: L2-Code | C85: =IFERROR(IF(AND(Table1[[#This Row],[Level]]=B84,Table1[[#This Row],[Form Name]]=E84),C84,IF(Table1[[#This Row],[Level]]=B84,C84+1,1)),1) -> 75 | D85: FS | E85: Warranty Codes | F85: Seed | G85: Units | H85: Yes | I85: Global | J85: Manual | K85: =IFERROR(VLOOKUP(E85,'Data Owners'!G:H,2,0),VLOOKUP(D85,'Data Owners'!A:D,3,0)) -> Julie Ramirez | L85: =IF(OR(P85="",Q85="",R85="",S85="",T85="",U85="",V85="",W85="",X85="",Y85="",Z85="",AA85="",AB85="",AC85="",AD85=""),"",IF(AND(P85="N/A",Q85="N/A",R85="N/A",S85="N/A",T85="N/A",U85="N/A",V85="N/A",W85="N/A",X85="N/A",Y85="N/A",Z85="N/A",AA85="N/A",AB85="N/A",AC85="N/A",AD85="N/A"),"N/A",IF(MAX(P85:AD85)=0,"",MAX(P85:AD85)))) -> 43310 | M85: =IF(OR(AE85="Need Info",AF85="Need Info",AG85="Need Info",AH85="Need Info",AI85="Need Info",AJ85="Need Info",AK85="Need Info",AL85="Need Info",AM85="Need Info",AN85="Need Info",AO85="Need Info",AP85="Need Info",AQ85="Need Info"),"Need Info",IF(OR(AE85="",AF85="",AG85="",AH85="",AI85="",AJ85="",AK85="",AL85="",AM85="",AN85="",AO85="",AP85="",AQ85=""),"",IF(AND(AE85="N/A",AF85="N/A",AG85="N/A",AH85="N/A",AI85="N/A",AJ85="N/A",AK85="N/A",AL85="N/A",AM85="N/A",AN85="N/A",AO85="N/A",AP85="N/A",AQ85="N/A"),"N/A",IF(MAX(AE85:AQ85)=0,"",MAX(AE85:AQ85))))) -> 43165 | P85: N/A | Q85: N/A | R85: N/A | S85: N/A | T85: N/A | U85: 43116 | V85: 43310 | W85: N/A | X85: N/A | Y85: N/A | Z85: N/A | AA85: N/A | AB85: N/A | AC85: 43116 | AD85: 43116 | AE85: N/A | AF85: 43165 | AG85: 43165 | AH85: N/A | AI85: 43165 | AJ85: 43165 | AK85: N/A | AL85: 43165 | AM85: 43165 | AN85: N/A | AO85: 43165 | AP85: N/A | AQ85: 43165 | AR85: 43165 | AS85: 43165 | AT85: 43165 | AU85: 43165 | AV85: 43165 | AW85: N/A | AX85: 43165 | AY85: Inactive | AZ85: Inactive | BA85: Inactive | BB85: Inactive | BC85: Inactive | BD85: Inactive | BE85: N/A | BF85: 43165 | BG85: N/A | BH85: 43165 | BI85: 43165 | BJ85: 43165 | BK85: 43165 | BL85: 43165 | BN85: =Table1[[#This Row],[Seed: Seed_BKK1]] -> 43165 | BO85: =Table1[[#This Row],[Seed: Seed_THQ1]] -> 43165 | BP85: =Table1[[#This Row],[Seed: Seed_SIN1]] -> 43165
A86: =LEFT(Table1[[#This Row],[Level]],2)&"-"&Table1[[#This Row],[Seq]] -> L2-76 | B86: L2-Code | C86: =IFERROR(IF(AND(Table1[[#This Row],[Level]]=B85,Table1[[#This Row],[Form Name]]=E85),C85,IF(Table1[[#This Row],[Level]]=B85,C85+1,1)),1) -> 76 | D86: FS | E86: Inspection Tasks | F86: Seed | G86: Units | K86: =IFERROR(VLOOKUP(E86,'Data Owners'!G:H,2,0),VLOOKUP(D86,'Data Owners'!A:D,3,0)) -> Julie Ramirez | L86: =IF(OR(P86="",Q86="",R86="",S86="",T86="",U86="",V86="",W86="",X86="",Y86="",Z86="",AA86="",AB86="",AC86="",AD86=""),"",IF(AND(P86="N/A",Q86="N/A",R86="N/A",S86="N/A",T86="N/A",U86="N/A",V86="N/A",W86="N/A",X86="N/A",Y86="N/A",Z86="N/A",AA86="N/A",AB86="N/A",AC86="N/A",AD86="N/A"),"N/A",IF(MAX(P86:AD86)=0,"",MAX(P86:AD86)))) -> N/A | M86: =IF(OR(AE86="Need Info",AF86="Need Info",AG86="Need Info",AH86="Need Info",AI86="Need Info",AJ86="Need Info",AK86="Need Info",AL86="Need Info",AM86="Need Info",AN86="Need Info",AO86="Need Info",AP86="Need Info",AQ86="Need Info"),"Need Info",IF(OR(AE86="",AF86="",AG86="",AH86="",AI86="",AJ86="",AK86="",AL86="",AM86="",AN86="",AO86="",AP86="",AQ86=""),"",IF(AND(AE86="N/A",AF86="N/A",AG86="N/A",AH86="N/A",AI86="N/A",AJ86="N/A",AK86="N/A",AL86="N/A",AM86="N/A",AN86="N/A",AO86="N/A",AP86="N/A",AQ86="N/A"),"N/A",IF(MAX(AE86:AQ86)=0,"",MAX(AE86:AQ86))))) -> N/A | P86: N/A | Q86: N/A | R86: N/A | S86: N/A | T86: N/A | U86: N/A | V86: N/A | W86: N/A | X86: N/A | Y86: N/A | Z86: N/A | AA86: N/A | AB86: N/A | AC86: N/A | AD86: N/A | AE86: N/A | AF86: N/A | AG86: N/A | AH86: N/A | AI86: N/A | AJ86: N/A | AK86: N/A | AL86: N/A | AM86: N/A | AN86: N/A | AO86: N/A | AP86: N/A | AQ86: N/A | AR86: N/A | AS86: N/A | AT86: N/A | AU86: N/A | AV86: N/A | AW86: N/A | AX86: N/A | AY86: N/A | AZ86: N/A | BA86: N/A | BB86: N/A | BC86: N/A | BD86: N/A | BE86: N/A | BF86: N/A | BG86: N/A | BH86: N/A | BI86: N/A | BJ86: N/A | BK86: N/A | BL86: N/A | BM86: N/A | BN86: N/A | BO86: N/A | BP86: N/A
A87: =LEFT(Table1[[#This Row],[Level]],2)&"-"&Table1[[#This Row],[Seq]] -> L2-77 | B87: L2-Code | C87: =IFERROR(IF(AND(Table1[[#This Row],[Level]]=B86,Table1[[#This Row],[Form Name]]=E86),C86,IF(Table1[[#This Row],[Level]]=B86,C86+1,1)),1) -> 77 | D87: FS | E87: SRO Misc Charge Markup | F87: After Seed | G87: SROs | K87: =IFERROR(VLOOKUP(E87,'Data Owners'!G:H,2,0),VLOOKUP(D87,'Data Owners'!A:D,3,0)) -> Julie Ramirez | L87: =IF(OR(P87="",Q87="",R87="",S87="",T87="",U87="",V87="",W87="",X87="",Y87="",Z87="",AA87="",AB87="",AC87="",AD87=""),"",IF(AND(P87="N/A",Q87="N/A",R87="N/A",S87="N/A",T87="N/A",U87="N/A",V87="N/A",W87="N/A",X87="N/A",Y87="N/A",Z87="N/A",AA87="N/A",AB87="N/A",AC87="N/A",AD87="N/A"),"N/A",IF(MAX(P87:AD87)=0,"",MAX(P87:AD87)))) -> 43301 | M87: =IF(OR(AE87="Need Info",AF87="Need Info",AG87="Need Info",AH87="Need Info",AI87="Need Info",AJ87="Need Info",AK87="Need Info",AL87="Need Info",AM87="Need Info",AN87="Need Info",AO87="Need Info",AP87="Need Info",AQ87="Need Info"),"Need Info",IF(OR(AE87="",AF87="",AG87="",AH87="",AI87="",AJ87="",AK87="",AL87="",AM87="",AN87="",AO87="",AP87="",AQ87=""),"",IF(AND(AE87="N/A",AF87="N/A",AG87="N/A",AH87="N/A",AI87="N/A",AJ87="N/A",AK87="N/A",AL87="N/A",AM87="N/A",AN87="N/A",AO87="N/A",AP87="N/A",AQ87="N/A"),"N/A",IF(MAX(AE87:AQ87)=0,"",MAX(AE87:AQ87))))) -> N/A | O87: 12% for SAN/KIN, 10% for CHA | P87: N/A | Q87: N/A | R87: N/A | S87: N/A | T87: N/A | U87: N/A | V87: 43301 | W87: N/A | X87: N/A | Y87: N/A | Z87: N/A | AA87: N/A | AB87: N/A | AC87: 43118 | AD87: 43118 | AE87: N/A | AF87: N/A | AG87: N/A | AH87: N/A | AI87: N/A | AJ87: N/A | AK87: N/A | AL87: N/A | AM87: N/A | AN87: N/A | AO87: N/A | AP87: N/A | AQ87: N/A | AR87: N/A | AS87: N/A | AT87: N/A | AU87: N/A | AV87: N/A | AW87: N/A | AX87: N/A | AY87: N/A | AZ87: N/A | BA87: N/A | BB87: N/A | BC87: N/A | BD87: N/A | BE87: N/A | BF87: N/A | BG87: N/A | BH87: 43419 | BI87: 43419 | BJ87: 43419 | BK87: 43419 | BL87: 43419 | BM87: N/A | BN87: N/A | BO87: N/A | BP87: N/A
A88: =LEFT(Table1[[#This Row],[Level]],2)&"-"&Table1[[#This Row],[Seq]] -> L2-78 | B88: L2-Code | C88: =IFERROR(IF(AND(Table1[[#This Row],[Level]]=B87,Table1[[#This Row],[Form Name]]=E87),C87,IF(Table1[[#This Row],[Level]]=B87,C87+1,1)),1) -> 78 | D88: HR | E88: Ceridian Codes | F88: After Seed | G88: HR | K88: =IFERROR(VLOOKUP(E88,'Data Owners'!G:H,2,0),VLOOKUP(D88,'Data Owners'!A:D,3,0)) -> Melinda Beuf | L88: =IF(OR(P88="",Q88="",R88="",S88="",T88="",U88="",V88="",W88="",X88="",Y88="",Z88="",AA88="",AB88="",AC88="",AD88=""),"",IF(AND(P88="N/A",Q88="N/A",R88="N/A",S88="N/A",T88="N/A",U88="N/A",V88="N/A",W88="N/A",X88="N/A",Y88="N/A",Z88="N/A",AA88="N/A",AB88="N/A",AC88="N/A",AD88="N/A"),"N/A",IF(MAX(P88:AD88)=0,"",MAX(P88:AD88)))) -> 43301 | M88: =IF(OR(AE88="Need Info",AF88="Need Info",AG88="Need Info",AH88="Need Info",AI88="Need Info",AJ88="Need Info",AK88="Need Info",AL88="Need Info",AM88="Need Info",AN88="Need Info",AO88="Need Info",AP88="Need Info",AQ88="Need Info"),"Need Info",IF(OR(AE88="",AF88="",AG88="",AH88="",AI88="",AJ88="",AK88="",AL88="",AM88="",AN88="",AO88="",AP88="",AQ88=""),"",IF(AND(AE88="N/A",AF88="N/A",AG88="N/A",AH88="N/A",AI88="N/A",AJ88="N/A",AK88="N/A",AL88="N/A",AM88="N/A",AN88="N/A",AO88="N/A",AP88="N/A",AQ88="N/A"),"N/A",IF(MAX(AE88:AQ88)=0,"",MAX(AE88:AQ88))))) -> N/A | P88: N/A | Q88: N/A | R88: N/A | S88: N/A | T88: N/A | U88: N/A | V88: 43301 | W88: 43253 | X88: N/A | Y88: N/A | Z88: N/A | AA88: N/A | AB88: N/A | AC88: 43128 | AD88: 43116 | AE88: N/A | AF88: N/A | AG88: N/A | AH88: N/A | AI88: N/A | AJ88: N/A | AK88: N/A | AL88: N/A | AM88: N/A | AN88: N/A | AO88: N/A | AP88: N/A | AQ88: N/A | AR88: Inactive | AS88: Inactive | AT88: Inactive | AU88: Inactive | AV88: Inactive | AW88: N/A | AX88: Inactive | AY88: Inactive | AZ88: Inactive | BA88: Inactive | BB88: Inactive | BC88: Inactive | BD88: Inactive | BE88: N/A | BF88: N/A | BG88: N/A | BH88: Skip | BI88: Skip | BJ88: Skip | BK88: Skip | BL88: Skip | BM88: N/A | BN88: N/A | BO88: N/A | BP88: N/A
A89: =LEFT(Table1[[#This Row],[Level]],2)&"-"&Table1[[#This Row],[Seq]] -> L2-79 | B89: L2-Code | C89: =IFERROR(IF(AND(Table1[[#This Row],[Level]]=B88,Table1[[#This Row],[Form Name]]=E88),C88,IF(Table1[[#This Row],[Level]]=B88,C88+1,1)),1) -> 79 | D89: HR | E89: Holidays | F89: Seed | G89: HR | K89: =IFERROR(VLOOKUP(E89,'Data Owners'!G:H,2,0),VLOOKUP(D89,'Data Owners'!A:D,3,0)) -> Melinda Beuf | L89: =IF(OR(P89="",Q89="",R89="",S89="",T89="",U89="",V89="",W89="",X89="",Y89="",Z89="",AA89="",AB89="",AC89="",AD89=""),"",IF(AND(P89="N/A",Q89="N/A",R89="N/A",S89="N/A",T89="N/A",U89="N/A",V89="N/A",W89="N/A",X89="N/A",Y89="N/A",Z89="N/A",AA89="N/A",AB89="N/A",AC89="N/A",AD89="N/A"),"N/A",IF(MAX(P89:AD89)=0,"",MAX(P89:AD89)))) -> 43253 | M89: =IF(OR(AE89="Need Info",AF89="Need Info",AG89="Need Info",AH89="Need Info",AI89="Need Info",AJ89="Need Info",AK89="Need Info",AL89="Need Info",AM89="Need Info",AN89="Need Info",AO89="Need Info",AP89="Need Info",AQ89="Need Info"),"Need Info",IF(OR(AE89="",AF89="",AG89="",AH89="",AI89="",AJ89="",AK89="",AL89="",AM89="",AN89="",AO89="",AP89="",AQ89=""),"",IF(AND(AE89="N/A",AF89="N/A",AG89="N/A",AH89="N/A",AI89="N/A",AJ89="N/A",AK89="N/A",AL89="N/A",AM89="N/A",AN89="N/A",AO89="N/A",AP89="N/A",AQ89="N/A"),"N/A",IF(MAX(AE89:AQ89)=0,"",MAX(AE89:AQ89))))) -> 43529 | P89: N/A | Q89: N/A | R89: N/A | S89: N/A | T89: N/A | U89: N/A | V89: 43174 | W89: 43253 | X89: N/A | Y89: N/A | Z89: N/A | AA89: N/A | AB89: N/A | AC89: 43128 | AD89: 43116 | AE89: N/A | AF89: N/A | AG89: N/A | AH89: N/A | AI89: N/A | AJ89: N/A | AK89: N/A | AL89: 43529 | AM89: N/A | AN89: N/A | AO89: N/A | AP89: N/A | AQ89: N/A | AR89: Inactive | AS89: Inactive | AT89: Inactive | AU89: Inactive | AV89: Inactive | AW89: N/A | AX89: Inactive | AY89: Inactive | AZ89: Inactive | BA89: Inactive | BB89: Inactive | BC89: Inactive | BD89: Inactive | BE89: N/A | BG89: N/A | BH89: Skip | BI89: Skip | BJ89: Skip | BK89: Skip | BL89: Skip | BM89: N/A | BN89: 43493 | BO89: N/A | BP89: N/A
A90: =LEFT(Table1[[#This Row],[Level]],2)&"-"&Table1[[#This Row],[Seq]] -> L2-80 | B90: L2-Code | C90: =IFERROR(IF(AND(Table1[[#This Row],[Level]]=B89,Table1[[#This Row],[Form Name]]=E89),C89,IF(Table1[[#This Row],[Level]]=B89,C89+1,1)),1) -> 80 | D90: HR | E90: JBT Shift Holidays | F90: After Seed | G90: HR | K90: =IFERROR(VLOOKUP(E90,'Data Owners'!G:H,2,0),VLOOKUP(D90,'Data Owners'!A:D,3,0)) -> Melinda Beuf | L90: =IF(OR(P90="",Q90="",R90="",S90="",T90="",U90="",V90="",W90="",X90="",Y90="",Z90="",AA90="",AB90="",AC90="",AD90=""),"",IF(AND(P90="N/A",Q90="N/A",R90="N/A",S90="N/A",T90="N/A",U90="N/A",V90="N/A",W90="N/A",X90="N/A",Y90="N/A",Z90="N/A",AA90="N/A",AB90="N/A",AC90="N/A",AD90="N/A"),"N/A",IF(MAX(P90:AD90)=0,"",MAX(P90:AD90)))) -> 43301 | M90: =IF(OR(AE90="Need Info",AF90="Need Info",AG90="Need Info",AH90="Need Info",AI90="Need Info",AJ90="Need Info",AK90="Need Info",AL90="Need Info",AM90="Need Info",AN90="Need Info",AO90="Need Info",AP90="Need Info",AQ90="Need Info"),"Need Info",IF(OR(AE90="",AF90="",AG90="",AH90="",AI90="",AJ90="",AK90="",AL90="",AM90="",AN90="",AO90="",AP90="",AQ90=""),"",IF(AND(AE90="N/A",AF90="N/A",AG90="N/A",AH90="N/A",AI90="N/A",AJ90="N/A",AK90="N/A",AL90="N/A",AM90="N/A",AN90="N/A",AO90="N/A",AP90="N/A",AQ90="N/A"),"N/A",IF(MAX(AE90:AQ90)=0,"",MAX(AE90:AQ90))))) -> N/A | P90: N/A | Q90: N/A | R90: N/A | S90: N/A | T90: N/A | U90: 43116 | V90: 43301 | W90: 43253 | X90: N/A | Y90: N/A | Z90: N/A | AA90: N/A | AB90: N/A | AC90: 43128 | AD90: 43116 | AE90: N/A | AF90: N/A | AG90: N/A | AH90: N/A | AI90: N/A | AJ90: N/A | AK90: N/A | AL90: N/A | AM90: N/A | AN90: N/A | AO90: N/A | AP90: N/A | AQ90: N/A | AR90: Inactive | AS90: Inactive | AT90: Inactive | AU90: Inactive | AV90: Inactive | AW90: N/A | AX90: Inactive | AY90: Inactive | AZ90: Inactive | BA90: Inactive | BB90: Inactive | BC90: Inactive | BD90: Inactive | BE90: N/A | BF90: N/A | BG90: N/A | BH90: Skip | BI90: Skip | BJ90: Skip | BK90: Skip | BL90: Skip | BM90: N/A | BN90: N/A | BO90: N/A | BP90: N/A
A91: =LEFT(Table1[[#This Row],[Level]],2)&"-"&Table1[[#This Row],[Seq]] -> L2-81 | B91: L2-Code | C91: =IFERROR(IF(AND(Table1[[#This Row],[Level]]=B90,Table1[[#This Row],[Form Name]]=E90),C90,IF(Table1[[#This Row],[Level]]=B90,C90+1,1)),1) -> 81 | D91: HR | E91: Employee Categories | F91: Seed | G91: HR | K91: =IFERROR(VLOOKUP(E91,'Data Owners'!G:H,2,0),VLOOKUP(D91,'Data Owners'!A:D,3,0)) -> Melinda Beuf | L91: =IF(OR(P91="",Q91="",R91="",S91="",T91="",U91="",V91="",W91="",X91="",Y91="",Z91="",AA91="",AB91="",AC91="",AD91=""),"",IF(AND(P91="N/A",Q91="N/A",R91="N/A",S91="N/A",T91="N/A",U91="N/A",V91="N/A",W91="N/A",X91="N/A",Y91="N/A",Z91="N/A",AA91="N/A",AB91="N/A",AC91="N/A",AD91="N/A"),"N/A",IF(MAX(P91:AD91)=0,"",MAX(P91:AD91)))) -> N/A | M91: =IF(OR(AE91="Need Info",AF91="Need Info",AG91="Need Info",AH91="Need Info",AI91="Need Info",AJ91="Need Info",AK91="Need Info",AL91="Need Info",AM91="Need Info",AN91="Need Info",AO91="Need Info",AP91="Need Info",AQ91="Need Info"),"Need Info",IF(OR(AE91="",AF91="",AG91="",AH91="",AI91="",AJ91="",AK91="",AL91="",AM91="",AN91="",AO91="",AP91="",AQ91=""),"",IF(AND(AE91="N/A",AF91="N/A",AG91="N/A",AH91="N/A",AI91="N/A",AJ91="N/A",AK91="N/A",AL91="N/A",AM91="N/A",AN91="N/A",AO91="N/A",AP91="N/A",AQ91="N/A"),"N/A",IF(MAX(AE91:AQ91)=0,"",MAX(AE91:AQ91))))) -> N/A | P91: N/A | Q91: N/A | R91: N/A | S91: N/A | T91: N/A | U91: N/A | V91: N/A | W91: N/A | X91: N/A | Y91: N/A | Z91: N/A | AA91: N/A | AB91: N/A | AC91: N/A | AD91: N/A | AE91: N/A | AF91: N/A | AG91: N/A | AH91: N/A | AI91: N/A | AJ91: N/A | AK91: N/A | AL91: N/A | AM91: N/A | AN91: N/A | AO91: N/A | AP91: N/A | AQ91: N/A | AR91: N/A | AS91: N/A | AT91: N/A | AU91: N/A | AV91: N/A | AW91: N/A | AX91: N/A | AY91: Inactive | AZ91: Inactive | BA91: Inactive | BB91: Inactive | BC91: Inactive | BD91: Inactive | BE91: N/A | BF91: N/A | BG91: N/A | BH91: N/A | BI91: N/A | BJ91: N/A | BK91: N/A | BL91: N/A | BM91: N/A | BN91: N/A | BO91: N/A | BP91: N/A
A92: =LEFT(Table1[[#This Row],[Level]],2)&"-"&Table1[[#This Row],[Seq]] -> L2-82 | B92: L2-Code | C92: =IFERROR(IF(AND(Table1[[#This Row],[Level]]=B91,Table1[[#This Row],[Form Name]]=E91),C91,IF(Table1[[#This Row],[Level]]=B91,C91+1,1)),1) -> 82 | D92: HR | E92: Shift Codes | F92: Seed | G92: HR | K92: =IFERROR(VLOOKUP(E92,'Data Owners'!G:H,2,0),VLOOKUP(D92,'Data Owners'!A:D,3,0)) -> Melinda Beuf | L92: =IF(OR(P92="",Q92="",R92="",S92="",T92="",U92="",V92="",W92="",X92="",Y92="",Z92="",AA92="",AB92="",AC92="",AD92=""),"",IF(AND(P92="N/A",Q92="N/A",R92="N/A",S92="N/A",T92="N/A",U92="N/A",V92="N/A",W92="N/A",X92="N/A",Y92="N/A",Z92="N/A",AA92="N/A",AB92="N/A",AC92="N/A",AD92="N/A"),"N/A",IF(MAX(P92:AD92)=0,"",MAX(P92:AD92)))) -> 43356 | M92: =IF(OR(AE92="Need Info",AF92="Need Info",AG92="Need Info",AH92="Need Info",AI92="Need Info",AJ92="Need Info",AK92="Need Info",AL92="Need Info",AM92="Need Info",AN92="Need Info",AO92="Need Info",AP92="Need Info",AQ92="Need Info"),"Need Info",IF(OR(AE92="",AF92="",AG92="",AH92="",AI92="",AJ92="",AK92="",AL92="",AM92="",AN92="",AO92="",AP92="",AQ92=""),"",IF(AND(AE92="N/A",AF92="N/A",AG92="N/A",AH92="N/A",AI92="N/A",AJ92="N/A",AK92="N/A",AL92="N/A",AM92="N/A",AN92="N/A",AO92="N/A",AP92="N/A",AQ92="N/A"),"N/A",IF(MAX(AE92:AQ92)=0,"",MAX(AE92:AQ92))))) | P92: N/A | Q92: N/A | R92: N/A | S92: N/A | T92: N/A | U92: 43116 | V92: 43208 | W92: 43253 | X92: 43300 | Y92: N/A | Z92: N/A | AA92: N/A | AB92: N/A | AC92: 43290 | AD92: 43356 | AE92: N/A | AF92: N/A | AG92: N/A | AH92: N/A | AK92: N/A | AN92: N/A | AP92: N/A | AR92: Inactive | AS92: Inactive | AT92: Inactive | AU92: Inactive | AV92: Inactive | AW92: N/A | AX92: Inactive | AY92: Inactive | AZ92: Inactive | BA92: Inactive | BB92: Inactive | BC92: Inactive | BD92: Inactive | BE92: N/A | BG92: N/A | BH92: Skip | BI92: Skip | BJ92: Skip | BK92: Skip | BL92: Skip | BM92: N/A | BN92: 43493 | BO92: 43493 | BP92: 43493
A93: =LEFT(Table1[[#This Row],[Level]],2)&"-"&Table1[[#This Row],[Seq]] -> L2-83 | B93: L2-Code | C93: =IFERROR(IF(AND(Table1[[#This Row],[Level]]=B92,Table1[[#This Row],[Form Name]]=E92),C92,IF(Table1[[#This Row],[Level]]=B92,C92+1,1)),1) -> 83 | D93: INV | E93: CO Returns Reason Codes | F93: Seed | G93: COs | H93: Yes | I93: Global | J93: Manual | K93: =IFERROR(VLOOKUP(E93,'Data Owners'!G:H,2,0),VLOOKUP(D93,'Data Owners'!A:D,3,0)) -> Brian Hutchins | L93: =IF(OR(P93="",Q93="",R93="",S93="",T93="",U93="",V93="",W93="",X93="",Y93="",Z93="",AA93="",AB93="",AC93="",AD93=""),"",IF(AND(P93="N/A",Q93="N/A",R93="N/A",S93="N/A",T93="N/A",U93="N/A",V93="N/A",W93="N/A",X93="N/A",Y93="N/A",Z93="N/A",AA93="N/A",AB93="N/A",AC93="N/A",AD93="N/A"),"N/A",IF(MAX(P93:AD93)=0,"",MAX(P93:AD93)))) -> 43434 | M93: =IF(OR(AE93="Need Info",AF93="Need Info",AG93="Need Info",AH93="Need Info",AI93="Need Info",AJ93="Need Info",AK93="Need Info",AL93="Need Info",AM93="Need Info",AN93="Need Info",AO93="Need Info",AP93="Need Info",AQ93="Need Info"),"Need Info",IF(OR(AE93="",AF93="",AG93="",AH93="",AI93="",AJ93="",AK93="",AL93="",AM93="",AN93="",AO93="",AP93="",AQ93=""),"",IF(AND(AE93="N/A",AF93="N/A",AG93="N/A",AH93="N/A",AI93="N/A",AJ93="N/A",AK93="N/A",AL93="N/A",AM93="N/A",AN93="N/A",AO93="N/A",AP93="N/A",AQ93="N/A"),"N/A",IF(MAX(AE93:AQ93)=0,"",MAX(AE93:AQ93))))) -> 43165 | P93: N/A | Q93: N/A | R93: N/A | S93: N/A | T93: N/A | U93: 43105 | V93: 43165 | W93: 43434 | X93: N/A | Y93: N/A | Z93: N/A | AA93: N/A | AB93: N/A | AC93: 43105 | AD93: 43105 | AE93: N/A | AF93: 43165 | AG93: 43165 | AH93: N/A | AI93: 43165 | AJ93: 43165 | AK93: N/A | AL93: 43165 | AM93: 43165 | AN93: N/A | AO93: 43165 | AP93: N/A | AQ93: 43165 | AR93: 43165 | AS93: 43165 | AT93: 43165 | AU93: 43165 | AV93: 43165 | AW93: N/A | AX93: 43165 | AY93: Inactive | AZ93: Inactive | BA93: Inactive | BB93: Inactive | BC93: Inactive | BD93: Inactive | BE93: N/A | BF93: 43165 | BG93: N/A | BH93: 43165 | BI93: 43165 | BJ93: 43165 | BK93: 43165 | BL93: 43165 | BN93: =Table1[[#This Row],[Seed: Seed_BKK1]] -> 43165 | BO93: =Table1[[#This Row],[Seed: Seed_THQ1]] -> 43165 | BP93: =Table1[[#This Row],[Seed: Seed_SIN1]] -> 43165
A94: =LEFT(Table1[[#This Row],[Level]],2)&"-"&Table1[[#This Row],[Seq]] -> L2-84 | B94: L2-Code | C94: =IFERROR(IF(AND(Table1[[#This Row],[Level]]=B93,Table1[[#This Row],[Form Name]]=E93),C93,IF(Table1[[#This Row],[Level]]=B93,C93+1,1)),1) -> 84 | D94: INV | E94: RMA Return Reason Codes | F94: Seed | G94: RMAs | H94: Yes | I94: Global | J94: Manual | K94: =IFERROR(VLOOKUP(E94,'Data Owners'!G:H,2,0),VLOOKUP(D94,'Data Owners'!A:D,3,0)) -> Brian Hutchins | L94: =IF(OR(P94="",Q94="",R94="",S94="",T94="",U94="",V94="",W94="",X94="",Y94="",Z94="",AA94="",AB94="",AC94="",AD94=""),"",IF(AND(P94="N/A",Q94="N/A",R94="N/A",S94="N/A",T94="N/A",U94="N/A",V94="N/A",W94="N/A",X94="N/A",Y94="N/A",Z94="N/A",AA94="N/A",AB94="N/A",AC94="N/A",AD94="N/A"),"N/A",IF(MAX(P94:AD94)=0,"",MAX(P94:AD94)))) -> 43165 | M94: =IF(OR(AE94="Need Info",AF94="Need Info",AG94="Need Info",AH94="Need Info",AI94="Need Info",AJ94="Need Info",AK94="Need Info",AL94="Need Info",AM94="Need Info",AN94="Need Info",AO94="Need Info",AP94="Need Info",AQ94="Need Info"),"Need Info",IF(OR(AE94="",AF94="",AG94="",AH94="",AI94="",AJ94="",AK94="",AL94="",AM94="",AN94="",AO94="",AP94="",AQ94=""),"",IF(AND(AE94="N/A",AF94="N/A",AG94="N/A",AH94="N/A",AI94="N/A",AJ94="N/A",AK94="N/A",AL94="N/A",AM94="N/A",AN94="N/A",AO94="N/A",AP94="N/A",AQ94="N/A"),"N/A",IF(MAX(AE94:AQ94)=0,"",MAX(AE94:AQ94))))) -> 43165 | P94: N/A | Q94: N/A | R94: N/A | S94: N/A | T94: N/A | U94: 43105 | V94: 43165 | W94: N/A | X94: N/A | Y94: N/A | Z94: N/A | AA94: N/A | AB94: N/A | AC94: 43105 | AD94: 43105 | AE94: N/A | AF94: 43165 | AG94: 43165 | AH94: N/A | AI94: 43165 | AJ94: 43165 | AK94: N/A | AL94: 43165 | AM94: 43165 | AN94: N/A | AO94: 43165 | AP94: N/A | AQ94: 43165 | AR94: 43165 | AS94: 43165 | AT94: 43165 | AU94: 43165 | AV94: 43165 | AW94: N/A | AX94: 43165 | AY94: Inactive | AZ94: Inactive | BA94: Inactive | BB94: Inactive | BC94: Inactive | BD94: Inactive | BE94: N/A | BF94: 43165 | BG94: N/A | BH94: 43165 | BI94: 43165 | BJ94: 43165 | BK94: 43165 | BL94: 43165 | BN94: =Table1[[#This Row],[Seed: Seed_BKK1]] -> 43165 | BO94: =Table1[[#This Row],[Seed: Seed_THQ1]] -> 43165 | BP94: =Table1[[#This Row],[Seed: Seed_SIN1]] -> 43165
